 Dungeon Crawl Stone Soup version 0.30-a0-170-g85af917532 (webtiles) character file.

Game seed: 281678985628834985

1215851 qw the Demon Slayer (level 27, -13/199 HPs)
             Began as a Gargoyle Fighter on Sept 30, 2022.
             Was a High Priest of the Shining One.
             Killed from afar by a hellion (35 damage)
             ... with damnation
             ... on level 3 of Gehenna.
             The game lasted 00:56:59 (91600 turns).

qw the Demon Slayer (Gargoyle Fighter)             Turns: 91600, Time: 00:57:00

Health: -13/199    AC: 75    Str: 56    XL:     27
Magic:  36/36      EV: 18    Int: 12    God:    the Shining One [*****.]
Gold:   11585      SH: 29    Dex: 13    Spells: 26/26 levels left

rFire   + . .      SeeInvis .    v - +9 broad axe (holy)
rCold   . . .      Faith    .    e - +0 tower shield {rF+}
rNeg    + + +      Spirit   .    C - +4 crystal plate armour of Insurance {Str+7}
rPois   inf        Reflect  +    i - +2 hood of the Assassin {Detection Stab+ Stlth++}
rElec   +          Harm     .    D - +1 cloak of the Depths {Str+9}
rCorr   .          Rampage  .    J - +2 pair of gloves {Dex+3}
Will    ++...                    F - +2 pair of boots "Efoipp" {Str+4 Int+4 Dex-3}
Stlth   ..........               m - amulet of reflection
HPRegen 0.43/turn                E - ring "Izof" {rN+ Str+5 Slay+3}
MPRegen 0.25/turn                k - +4 ring of protection

@: flying, glowing, unable to read
A: sickness immunity, AC +20, big wings, negative energy resistance 1,
electricity resistance, torment resistance 1, petrification resistance, antennae
1, iridescent scales 1, agile 1, dopey 1, low MP 1, subdued magic 3
}: 13/15 runes: decaying, serpentine, slimy, silver, golden, iron, icy, bone,
demonic, glowing, magical, fiery, dark
a: Renounce Religion, Divine Shield, Cleansing Flame, Summon Divine Warrior


You were on level 3 of Gehenna.
You worshipped the Shining One.
The Shining One was extremely pleased with you.
You visited 17 branches of the dungeon, and saw 80 of its levels.
You visited Pandemonium 1 time, and saw 18 of its levels.
You visited the Abyss 3 times.
You also visited: Ossuary, Gauntlet and Wizlab.

You collected 13730 gold pieces.
You spent 2145 gold pieces at shops.


Innate Abilities, Weirdness & Mutations

You are immune to sickness and miasma.
Your stone body is resilient. (AC +20)
You are immune to poison.
Your large and strong wings let you fly.
You resist negative energy. (rN+)
You are resistant to electric shocks. (rElec)
You are resistant to unholy torment.
You are immune to petrification.
You have a pair of small antennae on your head.
You are partially covered in iridescent scales. (AC +2)
You are agile. (Dex +4, Str/Int -1)
You are dopey. (Int -2)
Your magical capacity is low. (-10% MP)
Your spells are much easier to cast, but much less powerful.


   Skills:
 O Level 27 Fighting
 - Level 9.4 Short Blades
 O Level 27 Axes
 - Level 19.5 Throwing
 O Level 27 Armour
 - Level 21.0 Dodging
 + Level 26.0 Shields
 O Level 27 Invocations


You had 26 spell levels left.
You didn't know any spells.
Your spell library was empty.

Inventory:

Hand Weapons
 v - a +9 broad axe of holy wrath (weapon)
 R - the +5 broad axe "Himusab" {freeze, *Noise rElec Will+}
   (You acquired it in Pandemonium)

   It freezes those it strikes, dealing additional cold damage.
   It can also slow down cold-blooded creatures.
   rElec:     It insulates you from electricity.
   *Noise:    It may make noises in combat.
   Will:      It increases your willpower.
Armour
 e - a +0 tower shield of fire resistance (worn)
 i - the +2 hood of the Assassin (worn) {Detection Stab+ Stlth++}
   (You found it on level 7 of Cocytus)

   It allows the wearer to sense nearby creatures.
   It allows the wearer to make particularly effective stabbing attacks against
   helpless or unaware enemies with any weapon.
   Stlth:     It makes you much more stealthy.
 C - the +4 crystal plate armour of Insurance (worn) {Str+7}
   (Okawaru gifted it to you on level 3 of the Swamp)

   Str:       It affects your strength (+7).
 D - the +1 cloak of the Depths (worn) {Str+9}
   (You found it on level 5 of the Pits of Slime)

   Str:       It affects your strength (+9).
 F - the +2 pair of boots "Efoipp" (worn) {Str+4 Int+4 Dex-3}
   (You found it in Pandemonium)

   Str:       It affects your strength (+4).
   Int:       It affects your intelligence (+4).
   Dex:       It affects your dexterity (-3).
 G - a scarf of resistance
 H - a +0 tower shield of protection
 J - a +2 pair of gloves of dexterity (worn)
Jewellery
 k - a +4 ring of protection (right hand)
 m - an amulet of reflection (around neck)
 t - the ring of the Shining Light {Fly rElec rC- Str+4 Dex+6}
   (You found it in Pandemonium)

   [ring of flight]

   Str:       It affects your strength (+4).
   Dex:       It affects your dexterity (+6).
   rC:        It makes you vulnerable to cold.
   rElec:     It insulates you from electricity.
   Fly:       It grants you flight.
 y - the amulet "Daxkizen" {Acrobat rF- Str+4 Dex+5}
   (You found it on level 3 of the Tomb of the Ancients)

   [amulet of the acrobat]

   It increases your evasion while moving and waiting.
   Str:       It affects your strength (+4).
   Dex:       It affects your dexterity (+5).
   rF:        It makes you vulnerable to fire.
 z - a ring of protection from fire
 E - the ring "Izof" (left hand) {rN+ Str+5 Slay+3}
   (You found it on level 3 of the Tomb of the Ancients)

   [ring of positive energy]

   Str:       It affects your strength (+5).
   Slay:      It affects your accuracy & damage with ranged weapons and melee
   (+3).
   rN:        It protects you from negative energy.
 K - a ring of protection from fire
Scrolls
 b - 15 scrolls of identify
 c - 3 scrolls of enchant weapon
 f - 3 scrolls of brand weapon
 B - 16 scrolls of enchant armour
Potions
 a - 5 potions of cancellation
 d - 4 potions of might
 g - 2 potions of mutation
 j - 11 potions of attraction
 n - 37 potions of curing
 q - 7 potions of haste
 u - 8 potions of lignification

Dungeon Overview and Level Annotations

Branches:
Dungeon (15/15)            Temple (1/1) D:4            Lair (5/5) D:10
  Swamp (4/4) Lair:3        Snake (4/4) Lair:2        Slime (5/5) Lair:4
    Orc (2/2) D:10            Elf (0/3) Orc:2        Vaults (5/5) D:13
  Crypt (3/3) Vaults:3       Tomb (3/3) Crypt:3      Depths (4/4) D:15
   Hell (visited)             Dis (7/7) Hell            Geh (3/7) Hell
    Coc (7/7) Hell            Tar (7/7) Hell            Zot (4/5) Depths:4
Ossuary (visited)          WizLab (visited)         Gauntlet (visited)

Altars:
Ashenzari
Cheibriados
Dithmenos
Elyvilon
Fedhas
Gozag
Hepliaklqana
Kikubaaqudgha
Makhleb
Nemelex Xobeh
Okawaru
Qazlal
Ru
Sif Muna
Trog
Uskayaw
Vehumet
Wu Jian
Xom
Yredelemnul
Zin
The Shining One
Jiyva

Shops:
D:1 :   D:6 ?   Orc:1 :   Orc:2 ((*([=   Vaults:1 (:   Vaults:4 *   Depths:1 (:

Portals:
Hell: Depths:1 Depths:2 Depths:3 Depths:4
Abyss: Depths:2 Depths:3 Depths:4
Pandemonium: Depths:2
Ziggurat: Depths:1
Trove: D:10 (give 2 scrolls of acquirement)

Annotations:
Orc:1 6 transporters
Vaults:4 1 transporter


Message History

The fire vortex is smitten.
The hellion gestures at you.
The sphere of damnation explodes!
The damnation engulfs you!!
Your daeva hits the fire vortex with a +5 eudemon blade of holy wrath!! x2
The fire vortex dissipates!
You start resting.
A hellephant is nearby!
You swap places.
Your daeva calls down the wrath of the Shining One upon the hellephant.
The hellephant is smitten.
The hellephant breathes flames at you.
The blast of flame hits you but does no damage.
The hellephant tramples you but does no damage.
You block the hellephant's attack. x2
You slice the hellephant!!
You kill the hellephant!
The Shining One accepts your kill.
You start resting.
You start resting.
Your daeva calls down the wrath of the Shining One upon the fire vortex.
The fire vortex is smitten.
You slice the fire vortex!!
The fire vortex dissipates!
You start resting.
Magic restored.
You start resting.
A fire vortex comes into view.
Your daeva calls down the wrath of the Shining One upon the fire vortex.
The fire vortex is smitten.
The hellion gestures at you.
The sphere of damnation explodes!
The damnation engulfs you!!! The damnation engulfs your daeva!
The hellion gestures at you.
The sphere of damnation explodes!
The damnation engulfs you!!
The damnation engulfs the fire vortex!
The damnation engulfs your daeva!!
You slice the fire vortex!!
The fire vortex dissipates!
The hellion gestures at you.
The sphere of damnation explodes!
The damnation engulfs you!!
You die...

####.##.........¤~~.....#....
#.'...##.)\%~~.¤¤~..##......#
##.##.##..~.~¤~~.¤~)>.....#..##
#...###...~.~%~~.....~.........#
#..~~~..........¤¤..~~~¤........
#..~¤¤~~........¤~~¤¤~~~........
##...¤~.........¤¤¤~..~~~.......
#..¤.~...........¤...~~.......
###.~~.........@.A~~..........
..¤¤.....¤¤¤....¤¤~....#....
..~~~~....¤.¤¤..¤~~....##....
.....~.....¤2¤¤~¤~¤¤¤¤#.#....¤
#.............¤¤¤~~~¤~.......¤¤¤
##.............¤~~~¤¤¤¤.....¤¤¤.
.....¤~~~~~...~..¤¤¤¤¤
...~¤¤~¤¤...~~~..¤...
...¤¤~~¤~..~~~~......


You could see a hellion (ally target) and a friendly daeva (summoned).

Vanquished Creatures
  Cerebov (Pan)
  the Royal Jelly (Slime:5)
  Antaeus (Coc:7)
  Ignacio (Pan)
  Ereshkigal (Tar:7)
  Gloorx Vloq (Pan)
  the Serpent of Hell (Dis:7)
  Lom Lobon (Pan)
  Tiamat (Zot:1)
  Mnoleg (Pan)
  Dispater (Dis:7)
  3 dread liches
  5 ancient liches
  5 juggernauts
  36 royal mummies
  11 shard shrikes
  Bai Suzhen (Vaults:4)
  A Killer Klown (Zot:2)
  Vv (Zot:4)
  Saint Roka (Orc:2)
  2 curse toes (Zot:2)
  Xtahua (Vaults:2)
  6 caustic shrikes
  3 golden dragons
  4 Brimstone Fiends (Pan)
  17 Tzitzimimeh
  12 doom hounds
  2 profane servitors
  29 bone dragons
  15 iron giants
  2 electric golems (Zot:1)
  Zenata (Vaults:4)
  5 hellephants
  20 tentacled monstrosities
  A walking crystal tome (Depths:3)
  23 Hell Sentinels
  15 Ice Fiends
  19 tainted leviathans
  A searing wretch (Geh:3)
  A walking earthen tome (Depths:3)
  Grunn (Depths:2)
  5 liches
  A walking frostbound tome (Depths:3)
  6 pandemonium lords (Pan)
  11 quicksilver dragons
  6 deep elf master archers
  Frances (Swamp:1)
  13 acid blobs
  38 titans
  25 Executioners (Pan)
  6 deep elf blademasters
  8 tentacled starspawn
  42 ancient champions
  3 eldritch tentacles
  12 death cobs
  Gastronok (Lair:1)
  A thorn hunter (Swamp:4)
  8 shadow dragons
  12 sphinxes
  15 storm dragons
  Donald (Vaults:4)
  11 tengu reavers
  5 draconian monks
  14 nagarajas
  4 azure jellies (Slime:5)
  17 narguns
  10 demonspawn warmongers (Pan)
  5 rockslimes
  8 revenants
  A daeva (Pan)
  3 draconian knights
  23 fire giants
  17 quicksilver elementals
  3 deep elf sorcerers
  29 balrugs
  12 vault wardens
  7 draconian shifters
  32 frost giants
  12 iron dragons
  10 shard shrike simulacra
  A spectral juggernaut (Tar:4)
  4 draconian scorchers
  Louise (Swamp:4)
  24 cacodemons (Pan)
  3 orc warlords
  3 draconian stormcallers
  16 demonspawn corrupters
  A spectral caustic shrike (Tar:2)
  A deep elf elementalist (Abyss:2)
  24 reapers
  25 ironbound preservers
  2 ghost moths
  2 curse skulls (Pan)
  27 stone giants
  7 quicksilver oozes
  2 caustic shrike skeletons
  15 demonspawn blood saints (Pan)
  50 very ugly things
  6 draconian annihilators
  A juggernaut skeleton (Pan)
  37 war gargoyles
  8 vampire knights
  5 ironbound thunderhulks
  20 elemental wellsprings
  19 black draconians
  14 green draconians
  14 demonspawn black suns (Pan)
  2 bennus (Tomb:3)
  3 eleionomae
  16 lorocyprocas
  2 bunyips
  9 putrid mouths
  15 spark wasps (Depths:3)
  4 deep elf annihilators
  3 deep elf demonologists
  11 dire elephants
  11 red draconians
  12 wendigos
  A minotaur (Gauntlet)
  10 yellow draconians
  14 white draconians
  4 deep elf death magi
  18 purple draconians
  26 blizzard demons
  13 eidola
  25 iron golems
  A merfolk javelineer (Depths:1)
  A crystal guardian (Vaults:2)
  23 green deaths (Pan)
  2 jiangshi
  16 mummy priests
  3 shambling mangroves (Swamp:4)
  9 fire dragons
  10 yaktaur captains
  14 ettins
  An entropy weaver (shapeshifter) (Vaults:4)
  Josephine (D:13)
  2 quicksilver dragon zombies
  6 deep elf high priests
  A spriggan zombie (Crypt:2)
  2 ice dragons
  6 rakshasas
  2 entropy weavers
  5 salamander tyrants
  2 quicksilver dragon skeletons
  28 hydras
  14 anacondas
  33 vault guards
  An elf skeleton (Crypt:1)
  8 great orbs of eyes
  8 hell beasts (Pan)
  3 death knights
  A peacekeeper (Vaults:2)
  11 ironbound frosthearts
  A catoblepas (Lair:1)
  5 spriggan air magi
  5 caustic shrike simulacra
  4 ghost crabs
  A stoker (Geh:1)
  A merfolk aquamancer (WizLab)
  10 juggernaut simulacra
  2 ogre magi
  11 two-headed ogres
  16 centaur warriors
  16 naga warriors
  19 dancing weapons
  A titan zombie (Abyss:2)
  8 boulder beetles
  23 hell hogs
  34 death scarabs
  10 alligators
  10 deep troll earth magi
  2 Orb Guardian skeletons
  7 tengu warriors
  4 deep troll shamans
  2 fenstrider witch skeletons
  5 vampire magi
  2 orc high priests (Orc:2)
  7 death yaks
  Urug (D:12)
  3 spriggan berserkers (Depths:4)
  35 soul eaters
  2 thrashing horrors (Abyss:2)
  6 naga sharpshooters
  9 hell knights
  6 crystal echidnas
  3 wretched stars
  A storm dragon zombie (Crypt:3)
  7 shock serpents
  Sonja (D:13)
  5 deep elf knights
  80 sun demons
  19 sixfirhies
  22 shadow wraiths
  28 skeletal warriors
  A golden dragon zombie (Crypt:3)
  A bunyip zombie (Hell)
  53 large abominations
  4 salamander mystics
  3 spectral anacondas
  An iron giant zombie (Crypt:1)
  5 goliath frogs
  A storm dragon skeleton (Crypt:2)
  8 flayed ghosts
  13 sea snakes (Snake:4)
  3 titan skeletons
  A steelbarb worm (shapeshifter) (Vaults:5)
  A spectral hydra (Tar:4)
  11 swamp dragons
  4 bog bodies
  15 iron trolls
  A cherub (Pan)
  6 quicksilver dragon simulacra
  7 deep elf archers
  A sphinx zombie (Crypt:3)
  3 spriggan druids
  7 starcursed masses (Abyss:2)
  77 deep trolls
  3 glowing orange brains
  9 shadow demons (Pan)
  9 phantasmal warriors
  6 lindwurms
  4 spriggan simulacra
  2 swamp dragons (shapeshifter)
  3 shadow dragon zombies
  10 deep elf zephyrmancers
  17 wizards
  15 necromancers
  An anaconda skeleton (Pan)
  22 ironbound convokers
  A spectral iron dragon (Tar:4)
  10 naga ritualists
  10 deep elf pyromancers
  A shadow dragon skeleton (Pan)
  A shining eye (shapeshifter) (Vaults:5)
  66 ugly things
  11 orc knights
  7 mana vipers
  3 orc sorcerers (Orc:2)
  A frost giant zombie (Vaults:4)
  A tengu skeleton (Hell)
  4 shining eyes
  27 salamanders
  A manticore (D:12)
  2 sphinx skeletons (Depths:3)
  5 worldbinders
  6 will-o-the-wisps
  3 cyclopes
  4 harpies (Vaults:4)
  A fire giant zombie (Vaults:4)
  A moth of wrath (shapeshifter) (Vaults:5)
  25 moths of wrath
  3 dire elephant zombies
  2 iron dragon skeletons
  43 black mambas
  2 water nymphs (WizLab)
  A water nymph (shapeshifter) (Vaults:5)
  3 eyes of devastation
  3 naga zombies
  3 centaur zombies (Crypt:1)
  4 elephants (Lair:4)
  A stone giant skeleton (Pan)
  9 guardian serpents
  2 molten gargoyles (Hell)
  10 rust devils
  45 smoke demons
  4 titan simulacra
  5 gargoyles
  16 vault sentinels
  15 naga magi
  14 cane toads
  2 centaur skeletons
  26 orange demons
  2 dire elephant skeletons
  A kobold demonologist (D:11)
  An alligator snapping turtle skeleton (Pan)
  A black draconian zombie (Crypt:2)
  10 swamp worm zombies (Crypt:3)
  21 hellions
  4 rime drakes
  A yellow draconian zombie (Crypt:2)
  10 freezing wraiths
  34 hellwings (Pan)
  18 yaktaurs
  2 bunyip simulacra
  4 anaconda simulacra
  32 demonic crawlers
  38 tormentors
  9 efreet
  2 naga skeletons (Crypt:1)
  A spectral naga (Tar:2)
  8 komodo dragons
  3 ancient zymes
  52 guardian mummies
  An iron giant simulacrum (Hell)
  2 tengu conjurers
  4 red devils
  3 spectral harpies
  A harpy zombie (Hell)
  A golden dragon simulacrum (Coc:7)
  A silent spectre (Tar:6)
  5 ice devils
  An unseen horror skeleton (Crypt:2)
  A sea snake skeleton (Crypt:2)
  10 trolls
  Grinder (D:6)
  2 polar bears
  A bloated husk (Swamp:1)
  A shadow dragon simulacrum (Vaults:4)
  A fire dragon zombie (Crypt:2)
  A polar bear (shapeshifter) (D:14)
  19 blink frogs
  11 hornets
  16 raiju
  An iron dragon simulacrum (Hell)
  A hydra skeleton (Crypt:2)
  An ettin zombie (Crypt:1)
  A radroach zombie (Crypt:1)
  An ice dragon zombie (Crypt:3)
  A stone giant simulacrum (Coc:3)
  16 tyrant leeches
  A harpy skeleton (Pan)
  23 flying skulls
  3 centaur simulacra
  An ice dragon skeleton (Pan)
  85 slime creatures
  An ettin skeleton (Pan)
  24 ynoxinuls
  2 shadows
  A culicivora (Vaults:3)
  A spriggan (shapeshifter) (Vaults:4)
  10 wraiths
  22 ushabtiu
  4 basilisks
  A wyvern (Lair:5)
  54 yaks
  7 dire elephant simulacra
  4 spriggans
  A human (D:13)
  4 fire bats (Gauntlet)
  17 golden eyes
  A yaktaur simulacrum (Vaults:4)
  7 vampire mosquitoes
  35 chaos spawn
  5 redbacks
  A tyrant leech zombie (Crypt:2)
  A steam dragon (D:9)
  26 neqoxecs (Pan)
  3 alligator snapping turtle simulacra
  14 swamp worms
  7 harpy simulacra
  A merfolk zombie (Crypt:1)
  5 wargs
  41 nagas
  A swamp worm (shapeshifter) (Depths:1)
  A hydra simulacrum (Hell)
  12 water moccasins
  2 floating eyes
  A glowing shapeshifter skeleton (Vaults:4)
  3 hell hounds
  An entropy weaver zombie (Vaults:4)
  12 swamp drakes
  2 ice beasts (D:7)
  4 black bears
  3 ettin simulacra
  30 orc warriors
  A swamp dragon zombie (Crypt:1)
  A fire dragon simulacrum (Coc:1)
  6 ogres
  2 sky beasts (D:7)
  A deep troll simulacrum (Vaults:4)
  4 boggarts (D:15)
  15 centaurs
  A hog zombie (Crypt:2)
  2 phantoms
  11 bullfrogs
  2 kobold brigands
  4 scorpions
  A naga simulacrum (Coc:4)
  A wyvern zombie (Crypt:3)
  9 wights
  A raiju zombie (Crypt:3)
  3 small abominations
  11 killer bees (D:9)
  A howler monkey (D:13)
  2 electric eels (Lair:5)
  3 crimson imps (Pan)
  A quasit (Abyss:2)
  A wolf skeleton (Crypt:2)
  3 jellies (Lair:4)
  21 orc priests
  2 gnoll boudas (D:9)
  3 hounds (D:5)
  7 iron imps
  3 iguanas
  27 orc wizards
  11 hell rats
  59 mummies
  16 gnolls
  6 adders
  A swamp drake skeleton (Crypt:3)
  4 shadow imps (Gauntlet)
  3 white imps
  2 ufetubi
  A worm (D:5)
  3 dart slugs
  73 orcs
  2 bats (D:2)
  A bat skeleton (Crypt:2)
  A bat zombie (Crypt:3)
  11 endoplasms
  3 giant cockroaches
  5 goblins
  6 hobgoblins
  26 kobolds
  9 quokkas
  3 training dummies (Orc:2)
  8 ball pythons
  5 frilled lizards
  A frilled lizard zombie (Crypt:1)
  A goblin zombie (D:7)
  6 kobold zombies (Ossuary)
  2 orc zombies (Ossuary)
  A quokka zombie (D:7)
  6 rats
  5 ball lightnings (Pan)
  2 creeping infernos (Geh:3)
  14 fire vortices
  11 starspawn tentacles
3906 creatures vanquished.

Vanquished Creatures (collateral kills)
  Khufu (Tomb:2)
  A dread lich (Crypt:3)
  An ancient lich (Crypt:3)
  Mennas (Pan)
  4 royal mummies
  5 shard shrikes
  A curse toe (Crypt:3)
  Geryon (Hell)
  3 pandemonium lords (Pan)
  7 doom hounds (Tar:7)
  An iron giant (Dis:7)
  7 bone dragons (Tar:7)
  2 Brimstone Fiends (Pan)
  6 Tzitzimimeh
  6 Ice Fiends
  2 Hell Sentinels
  2 liches (Crypt:3)
  A tainted leviathan (Tar:7)
  3 titans
  An acid blob (Slime:5)
  An Executioner (Pan)
  7 ancient champions
  An azure jelly (Slime:5)
  A rockslime (Slime:5)
  3 quicksilver elementals (Dis:7)
  2 narguns
  4 demonspawn warmongers (Pan)
  3 balrugs (Pan)
  2 cacodemons (Pan)
  2 shard shrike simulacra
  A curse skull (Crypt:3)
  A reaper (Hell)
  3 very ugly things (Pan)
  A demonspawn corrupter (Pan)
  2 quicksilver oozes (Slime:5)
  A stone giant (Crypt:3)
  A vampire knight (Crypt:3)
  3 demonspawn blood saints (Pan)
  3 elemental wellsprings
  2 lorocyprocas (Pan)
  A demonspawn black sun (Pan)
  A black draconian (Tomb:2)
  4 wendigos (Coc:7)
  A blizzard demon (Pan)
  2 eidola (Tar:7)
  An iron golem (Dis:7)
  2 green deaths (Pan)
  3 mummy priests
  A deep elf death mage (Crypt:3)
  An ice dragon (Hell)
  A rakshasa (Pan)
  12 death scarabs
  2 dancing weapons (Dis:7)
  15 sun demons
  A storm dragon zombie (Crypt:3)
  2 soul eaters (Pan)
  4 sixfirhies (Pan)
  3 skeletal warriors
  5 shadow wraiths (Tar:7)
  A shadow demon (Pan)
  2 phantasmal warriors (Crypt:3)
  An ugly thing (Pan)
  3 slime creatures (Slime:1)
  2 ice statues (Coc:7)
  A stone giant skeleton (Tomb:3)
  A centaur skeleton (Crypt:3)
  3 orange demons (Pan)
  A smoke demon (Pan)
  A yellow draconian zombie (Crypt:3)
  A naga skeleton (Crypt:3)
  4 demonic crawlers (Pan)
  A hellwing (Pan)
  A tormentor (Pan)
  2 freezing wraiths
  4 hellions
  An iron giant simulacrum (Coc:7)
  10 guardian mummies
  An ice devil (Hell)
  6 large abominations (Pan)
  2 ushabtiu (Tomb:2)
  2 ynoxinuls (Pan)
  5 flying skulls
  2 golden eyes (Pan)
  A naga simulacrum (Coc:7)
  8 chaos spawn (Pan)
  5 neqoxecs (Pan)
  A naga zombie (Tomb:2)
  An ettin simulacrum (Coc:5)
  2 crimson imps (Pan)
  9 mummies
  A fire vortex (Geh:3)
  A starspawn tentacle (Pan)
249 creatures vanquished.

Vanquished Creatures (others)
  A shard shrike (Coc:6)
  A draconian knight (Zot:2)
  A demonspawn blood saint (Pan)
  A wendigo (Coc:1)
  2 juggernaut simulacra
  A stoker (Geh:1)
  A large abomination (Pan)
  A goliath frog (Swamp:4)
  A quicksilver dragon simulacrum (Coc:2)
  2 wizards (D:13)
  2 spriggan simulacra
  A smoke demon (Hell)
  3 titan simulacra
  An orange demon (Pan)
  A storm dragon simulacrum (Coc:1)
  A kobold demonologist (D:9)
  A bunyip simulacrum (Coc:1)
  A hellwing (Pan)
  A hornet (Swamp:4)
  A bloated husk (Swamp:3)
  2 dire elephant simulacra
  An alligator snapping turtle simulacrum (Coc:1)
  A harpy simulacrum (Coc:3)
  An ettin simulacrum (Coc:7)
  A black mamba simulacrum (Coc:1)
  An orc wizard (Orc:2)
  A mummy (Tomb:2)
  An ufetubus (Abyss:3)
  12 ball lightnings (Pan)
  A demonic plant (Pan)
  20 foxfires
  39 fungi
  2 lurking horrors
  98 plants
  14 starspawn tentacles
220 creatures vanquished.

Grand Total: 4375 creatures vanquished

Notes
Turn   | Place    | Note
-------+----------+-------------------------------------------
     0 | D:1      | qw the Gargoyle Fighter began the quest for the Orb.
     0 | D:1      | Reached XP level 1. HP: 14/14 MP: 1/1
     0 | D:1      | 0 ||| qw: Version: 0.2-a-12-gaebbb33
     0 | D:1      | 0 ||| qw: Game counter: 1621
     0 | D:1      | 0 ||| qw: Always use a shield: true
     0 | D:1      | 0 ||| qw: God list: Okawaru
     0 | D:1      | 0 ||| qw: Allow faded altars: false
     0 | D:1      | 0 ||| qw: Do Orc after D:15 true
     0 | D:1      | 0 ||| qw: Do second Lair branch before Depths: true
     0 | D:1      | 0 ||| qw: Lair rune preference: random
     0 | D:1      | 0 ||| qw: Plans: Normal, Zot:1-4, God:TSO, Crypt, Tomb,
                  | Pan, Slime:5, Hells, Abyss, Orb
     0 | D:1      | 0 ||| PLANNING D:1-11
    30 | D:1      | 30 ||| Stepping ~*~*~tactically~*~*~ (stealth).
    32 | D:1      | 32 ||| Stepping ~*~*~tactically~*~*~ (hiding).
    35 | D:1      | HP: 3/14 [kobold/+2 short sword of speed (6)]
    49 | D:1      | HP: 1/14 [kobold/+0 dagger (2)]
    51 | D:1      | Reached XP level 2. HP: 1/19 MP: 2/2
   583 | D:1      | Reached skill level 3 in Axes
   711 | D:1      | 711 ||| Stepping ~*~*~tactically~*~*~ (stealth).
   712 | D:1      | 712 ||| Stepping ~*~*~tactically~*~*~ (stealth).
   828 | D:1      | Reached XP level 3. HP: 23/23 MP: 3/3
  1126 | D:1      | Found Mobbiy's Book Shoppe.
  1321 | D:1      | 1321 ||| UPGRADING to +0 chain mail.
  1331 | D:1      | 1331 ||| DROPPING +0 scale mail.
  1332 | D:1      | 1332 ||| READING scroll labelled BEESTRE CIOJUNIM.
  1333 | D:1      | 1333 ||| READING scroll labelled ORIEKY JIROYKHARU.
  1334 | D:1      | 1334 ||| READING scroll labelled PILUIR TECRIOG.
  1335 | D:1      | 1335 ||| DRINKING 2 bubbling golden potions.
  1335 | D:1      | Gained mutation: You have sharp toenails. [potion of
                  | mutation]
  1399 | D:2      | Found a faded altar of an unknown god.
  1538 | D:2      | 1538 ||| DROPPING +0 club.
  1746 | D:2      | Reached XP level 4. HP: 28/28 MP: 4/4
  1936 | D:2      | 1936 ||| DROPPING +1 mace of protection.
  2209 | D:2      | 2209 ||| READING scroll labelled JIVVETO XEDEOT.
  2210 | D:2      | 2210 ||| READING scroll labelled FYLEATHAEFI.
  2211 | D:2      | 2211 ||| READING 2 scrolls labelled VUENAU MUKURE.
  2212 | D:2      | 2212 ||| READING scroll labelled FYSOLA GY BUY.
  2213 | D:2      | 2213 ||| READING 2 scrolls of identify.
  2213 | D:2      | 2213 ||| IDENTIFYING fuming white potion
  2342 | D:3      | Found a blossoming altar of Fedhas.
  2498 | D:3      | 2498 ||| Stepping ~*~*~tactically~*~*~ (stealth).
  2511 | D:3      | 2511 ||| Stepping ~*~*~tactically~*~*~ (stealth).
  2931 | D:3      | Found a burning altar of Makhleb.
  2947 | D:3      | Reached XP level 5. HP: 27/32 MP: 5/5
  3237 | D:3      | 3237 ||| UPGRADING to +0 kite shield.
  3247 | D:3      | 3247 ||| DROPPING +0 buckler.
  3248 | D:3      | 3248 ||| UPGRADING to +0 pair of boots.
  3253 | D:3      | 3253 ||| READING scroll of enchant armour.
  3253 | D:3      | 3253 ||| ENCHANTING +0 pair of boots.
  3254 | D:3      | 3254 ||| READING scroll labelled UFAPAF LAAPADD.
  3255 | D:3      | 3255 ||| READING 3 scrolls of identify.
  3255 | D:3      | 3255 ||| IDENTIFYING black potion
  3256 | D:3      | 3256 ||| READING 2 scrolls of identify.
  3256 | D:3      | 3256 ||| IDENTIFYING green potion
  3257 | D:3      | 3257 ||| DROPPING potion of berserk rage.
  3288 | D:4      | Noticed an ogre
  3291 | D:4      | 3291 ||| STAIRDANCE
  3299 | D:3      | Killed an ogre
  3300 | D:3      | Reached XP level 6. HP: 30/37 MP: 6/6
  3505 | D:4      | Found a staircase to the Ecumenical Temple.
  3506 | D:4      | 3506 ||| PLANNING TEMPLE
  3514 | Temple   | Entered the Ecumenical Temple
  3687 | Temple   | 3687 ||| PLANNING D:1-11
  3782 | D:4      | 3782 ||| Stepping ~*~*~tactically~*~*~ (stealth).
  3794 | D:4      | 3794 ||| Stepping ~*~*~tactically~*~*~ (hiding).
  4109 | D:4      | Found an ornate altar of the Wu Jian Council.
  4146 | D:4      | 4146 ||| READING 2 scrolls labelled PEDAGH HOS EJU.
  4146 | D:4      | Identified 2 scrolls of acquirement
  4146 | D:4      | 4146 ||| ACQUIRING +3 broad axe of freezing
  4146 | D:4      | Acquired a +3 broad axe of freezing
  4148 | D:4      | 4148 ||| SWAPPING to +3 broad axe of freezing.
  4149 | D:4      | 4149 ||| DROPPING +0 war axe of protection.
  4150 | D:4      | 4150 ||| READING scroll of acquirement.
  4150 | D:4      | 4150 ||| ACQUIRING +2 hat "Roidwaoh" {+Blink rN++ Regen+
                  | MP-9}
  4150 | D:4      | Acquired the +2 hat "Roidwaoh" {+Blink rN++ Regen+ MP-9}
  4152 | D:4      | 4152 ||| UPGRADING to +2 hat "Roidwaoh" {+Blink rN++ Regen+
                  | MP-9}.
  4169 | D:5      | Entered Level 5 of the Dungeon
  4190 | D:5      | Reached XP level 7. HP: 33/43 MP: 0/7
  4461 | D:5      | Found a sacrificial altar of Ru.
  4504 | D:5      | Reached skill level 6 in Axes
  4523 | D:5      | Found an iron altar of Okawaru.
  4524 | D:5      | 4524 ||| PLANNING OKAWARU WORSHIP
  4524 | D:5      | 4524 ||| READING scroll labelled XAMULE WUUQ.
  4525 | D:5      | 4525 ||| DRINKING 2 puce potions.
  4527 | D:5      | 4527 ||| FLEEEEING.
  4535 | D:5      | 4535 ||| FLEEEEING.
  4536 | D:5      | 4536 ||| FLEEEEING.
  4537 | D:5      | 4537 ||| FLEEEEING.
  4538 | D:5      | 4538 ||| FLEEEEING.
  4539 | D:5      | 4539 ||| FLEEEEING.
  4540 | D:5      | 4540 ||| FLEEEEING.
  4545 | D:5      | 4545 ||| FLEEEEING.
  4548 | D:5      | 4548 ||| STAIRDANCE
  4553 | D:5      | 4553 ||| STAIRDANCE
  4563 | D:5      | 4563 ||| STAIRDANCE
  4589 | D:5      | 4589 ||| Stepping ~*~*~tactically~*~*~ (stealth).
  4598 | D:5      | Reached skill level 6 in Shields
  4603 | D:5      | Became a worshipper of Warmaster Okawaru
  4604 | D:5      | 4604 ||| PLANNING D:1-11
  4616 | D:5      | 4616 ||| DROPPING +0 mace of venom.
  4642 | D:5      | Reached skill level 1 in Dodging
  4654 | D:5      | Reached XP level 8. HP: 48/48 MP: 0/8
  4867 | D:6      | Found Ygecli's Magic Scroll Boutique.
  4882 | D:6      | 4882 ||| BUYING 2 scrolls of identify (52 gold).
  4882 | D:6      | Bought 2 scrolls of identify for 52 gold pieces
  4882 | D:6      | 4882 ||| BUYING scroll of brand weapon (123 gold).
  4882 | D:6      | Bought a scroll of brand weapon for 123 gold pieces
  4882 | D:6      | 4882 ||| BUYING scroll of identify (26 gold).
  4882 | D:6      | Bought a scroll of identify for 26 gold pieces
  4882 | D:6      | 4882 ||| BUYING scroll of identify (26 gold).
  4882 | D:6      | Bought a scroll of identify for 26 gold pieces
  4882 | D:6      | 4882 ||| BUYING scroll of identify (26 gold).
  4882 | D:6      | Bought a scroll of identify for 26 gold pieces
  4882 | D:6      | 4882 ||| READING scroll of brand weapon.
  4882 | D:6      | 4882 ||| BRANDING +3 broad axe of freezing.
  4903 | D:6      | 4903 ||| Stepping ~*~*~tactically~*~*~ (stealth).
  4922 | D:6      | Noticed Grinder
  4923 | D:6      | 4923 ||| Stepping ~*~*~tactically~*~*~ (hiding).
  4937 | D:6      | Killed Grinder
  4937 | D:6      | Reached * piety under Okawaru
  4994 | D:6      | 4994 ||| Stepping ~*~*~tactically~*~*~ (hiding).
  4998 | D:6      | Reached skill level 1 in Invocations
  5016 | D:6      | 5016 ||| READING scroll of enchant armour.
  5016 | D:6      | 5016 ||| ENCHANTING +1 pair of boots.
  5305 | D:6      | Reached skill level 3 in Invocations
  5384 | D:6      | 5384 ||| UPGRADING to +1 cloak.
  5389 | D:6      | 5389 ||| UPGRADING to +0 pair of gloves.
  5394 | D:6      | 5394 ||| READING 3 scrolls labelled WONODY COTATEA.
  5395 | D:6      | 5395 ||| READING 2 scrolls labelled ATASHRA HAANIZ.
  5396 | D:6      | 5396 ||| READING scroll labelled DOUWIY HOBUUNE.
  5400 | D:6      | 5400 ||| DRINKING 3 murky yellow potions.
  5401 | D:6      | 5401 ||| READING 6 scrolls of identify.
  5401 | D:6      | 5401 ||| IDENTIFYING sedimented sapphire potion
  5402 | D:6      | 5402 ||| READING 5 scrolls of identify.
  5402 | D:6      | 5402 ||| IDENTIFYING fizzy dark potion
  5403 | D:6      | 5403 ||| READING 4 scrolls of identify.
  5403 | D:6      | 5403 ||| IDENTIFYING red potion
  5404 | D:6      | 5404 ||| READING 3 scrolls of identify.
  5404 | D:6      | 5404 ||| IDENTIFYING smoky ruby potion
  5405 | D:6      | 5405 ||| READING 2 scrolls of identify.
  5405 | D:6      | 5405 ||| IDENTIFYING bubbling purple potion
  5406 | D:6      | 5406 ||| DROPPING potion of ambrosia.
  5407 | D:6      | 5407 ||| DROPPING potion of brilliance.
  5408 | D:6      | 5408 ||| DROPPING potion of degeneration.
  5409 | D:6      | 5409 ||| DROPPING potion of invisibility.
  5410 | D:6      | 5410 ||| DROPPING 2 scrolls of summoning.
  5411 | D:6      | 5411 ||| DROPPING scroll of poison.
  5428 | D:7      | 5428 ||| PLANNING OSSUARY
  5439 | D:7      | 5439 ||| Stepping ~*~*~tactically~*~*~ (stealth).
  5440 | D:7      | 5440 ||| Stepping ~*~*~tactically~*~*~ (stealth).
  5447 | D:7      | Reached XP level 9. HP: 55/55 MP: 2/11
  5480 | D:7      | Reached ** piety under Okawaru
  5481 | D:7      | Reached skill level 1 in Throwing
  5491 | D:7      | 5491 ||| DROPPING +0 flail.
  5623 | D:7      | 5623 ||| Stepping ~*~*~tactically~*~*~ (stealth).
  5625 | D:7      | 5625 ||| Stepping ~*~*~tactically~*~*~ (hiding).
  5633 | D:7      | 5633 ||| INVOKING Heroism.
  5685 | D:7      | 5685 ||| UPGRADING to amulet of the acrobat.
  5690 | D:7      | 5690 ||| UPGRADING to ring of protection from fire.
  5691 | D:7      | 5691 ||| Stepping randomly (stuck).
  5692 | D:7      | 5692 ||| Stepping randomly (stuck).
  5693 | D:7      | 5693 ||| Stepping randomly (stuck).
  5698 | D:7      | 5698 ||| INVOKING Heroism.
  5744 | D:7      | Reached skill level 6 in Fighting
  5841 | D:7      | Noticed a troll
  5842 | D:7      | 5842 ||| INVOKING Heroism.
  5846 | D:7      | Killed a troll
  5871 | D:7      | Found a sand-covered staircase.
  5887 | Ossuary  | Entered an ossuary
  5890 | Ossuary  | 5890 ||| INVOKING Heroism.
  5919 | Ossuary  | 5919 ||| INVOKING Heroism.
  5975 | Ossuary  | 5975 ||| READING scroll of acquirement.
  5975 | Ossuary  | 5975 ||| ACQUIRING +8 chain mail of Virtue {-Cast +Inv
                  | Will++ Dex+4}
  5975 | Ossuary  | Acquired the +8 chain mail of Virtue {-Cast +Inv Will++
                  | Dex+4}
  5977 | Ossuary  | 5977 ||| UPGRADING to +8 chain mail of Virtue {-Cast +Inv
                  | Will++ Dex+4}.
  5987 | Ossuary  | 5987 ||| DROPPING +0 chain mail.
  6096 | Ossuary  | 6096 ||| READING scroll of acquirement.
  6096 | Ossuary  | 6096 ||| ACQUIRING +1 tower shield of reflection
  6096 | Ossuary  | Acquired a +1 tower shield of reflection
  6098 | Ossuary  | 6098 ||| UPGRADING to +1 tower shield of reflection.
  6108 | Ossuary  | 6108 ||| DROPPING +0 kite shield.
  6109 | Ossuary  | 6109 ||| READING scroll labelled WIROIKHLI UNUSK.
  6118 | Ossuary  | 6118 ||| READING 3 scrolls of identify.
  6118 | Ossuary  | 6118 ||| IDENTIFYING inky potion
  6140 | D:7      | 6140 ||| PLANNING D:1-11
  6523 | D:7      | 6523 ||| UPGRADING to amulet of reflection.
  6533 | D:7      | 6533 ||| DROPPING amulet of the acrobat.
  6675 | D:8      | Noticed a hornet
  6682 | D:8      | Killed a hornet
  6724 | D:8      | 6724 ||| INVOKING Heroism.
  6728 | D:8      | Reached skill level 9 in Shields
  6731 | D:8      | Reached XP level 10. HP: 60/60 MP: 1/13
  6774 | D:8      | 6774 ||| INVOKING Heroism.
  7032 | D:8      | Reached *** piety under Okawaru
  7096 | D:8      | Noticed a two-headed ogre
  7097 | D:8      | 7097 ||| INVOKING Heroism.
  7106 | D:8      | Killed a two-headed ogre
  7264 | D:8      | 7264 ||| DROPPING amulet of regeneration.
  7280 | D:9      | 7280 ||| INVOKING Heroism.
  7288 | D:9      | 7288 ||| Stepping ~*~*~tactically~*~*~ (stealth).
  7295 | D:9      | 7295 ||| INVOKING Heroism.
  7337 | D:9      | 7337 ||| INVOKING Heroism.
  7440 | D:9      | Noticed a kobold demonologist
  7448 | D:9      | Noticed a smoke demon
  7448 | D:9      | 7448 ||| INVOKING Heroism.
  7453 | D:9      | Killed a kobold demonologist
  7454 | D:9      | Reached skill level 9 in Axes
  7700 | D:9      | 7700 ||| INVOKING Heroism.
  7854 | D:9      | 7854 ||| Stepping ~*~*~tactically~*~*~ (hiding).
  7857 | D:9      | 7857 ||| INVOKING Heroism.
  7883 | D:9      | 7883 ||| INVOKING Heroism.
  7888 | D:9      | Reached skill level 3 in Throwing
  7926 | D:9      | 7926 ||| Stepping ~*~*~tactically~*~*~ (stealth).
  7928 | D:9      | 7928 ||| Stepping ~*~*~tactically~*~*~ (hiding).
  7938 | D:9      | Reached **** piety under Okawaru
  7941 | D:9      | 7941 ||| DROPPING +3 morningstar.
  8083 | D:9      | 8083 ||| UPGRADING to +4 ring of protection.
  8098 | D:10     | Entered Level 10 of the Dungeon
  8109 | D:10     | Found a staircase to the Lair.
  8116 | D:10     | 8116 ||| INVOKING Heroism.
  8124 | D:10     | Reached XP level 11. HP: 64/64 MP: 2/14
  8161 | D:10     | 8161 ||| INVOKING Heroism.
  8210 | D:10     | 8210 ||| Stepping ~*~*~tactically~*~*~ (hiding).
  8219 | D:10     | 8219 ||| Stepping ~*~*~tactically~*~*~ (stealth).
  8223 | D:10     | Identified the +0 animal skin "Jeacoucarch" {rElec rPois
                  | rCorr Dex-5}
  8224 | D:10     | 8224 ||| Stepping ~*~*~tactically~*~*~ (hiding).
  8225 | D:10     | 8225 ||| INVOKING Heroism.
  8226 | D:10     | 8226 ||| Stepping ~*~*~tactically~*~*~ (hiding).
  8229 | D:10     | 8229 ||| Stepping ~*~*~tactically~*~*~ (hiding).
  8253 | D:10     | 8253 ||| Stepping ~*~*~tactically~*~*~ (hiding).
  8253 | D:10     | Found a staircase to the Orcish Mines.
  8254 | D:10     | 8254 ||| Stepping ~*~*~tactically~*~*~ (hiding).
  8379 | D:10     | 8379 ||| INVOKING Heroism.
  8477 | D:10     | Reached skill level 12 in Shields
  8491 | D:10     | 8491 ||| READING scroll of enchant armour.
  8491 | D:10     | 8491 ||| ENCHANTING +0 pair of gloves.
  8497 | D:10     | Noticed a two-headed ogre
  8498 | D:10     | 8498 ||| INVOKING Heroism.
  8504 | D:10     | Killed a two-headed ogre
  8552 | D:10     | 8552 ||| Stepping ~*~*~tactically~*~*~ (hiding).
  8560 | D:10     | Reached skill level 6 in Invocations
  8685 | D:10     | Found a broken altar of Ashenzari.
  8953 | D:10     | Found a portal to a secret trove of treasure.
  9142 | D:10     | 9142 ||| PLANNING LAIR
  9142 | D:10     | 9142 ||| DROPPING scarf of invisibility.
  9143 | D:10     | 9143 ||| READING scroll labelled OLETAA HA AFONK.
  9154 | Lair:1   | Entered Level 1 of the Lair of Beasts
  9224 | Lair:1   | 9224 ||| INVOKING Heroism.
  9339 | Lair:1   | Noticed Gastronok
  9340 | Lair:1   | 9340 ||| INVOKING Heroism.
  9357 | Lair:1   | Killed Gastronok
  9357 | Lair:1   | Reached ***** piety under Okawaru
  9357 | Lair:1   | Received a gift from Okawaru
  9390 | Lair:1   | Noticed a catoblepas
  9391 | Lair:1   | 9391 ||| Stepping ~*~*~tactically~*~*~ (hiding).
  9396 | Lair:1   | 9396 ||| INVOKING Heroism.
  9397 | Lair:1   | 9397 ||| INVOKING Finesse.
  9402 | Lair:1   | Killed a catoblepas
  9480 | Lair:1   | Found a broken altar of Ashenzari.
  9517 | Lair:1   | 9517 ||| INVOKING Heroism.
  9644 | Lair:1   | 9644 ||| INVOKING Heroism.
  9999 | Lair:1   | 9999 ||| DROPPING amulet of faith.
 10000 | Lair:1   | 10000 ||| READING 5 scrolls of identify.
 10000 | Lair:1   | 10000 ||| IDENTIFYING coppery potion
 10048 | Lair:2   | 10048 ||| INVOKING Heroism.
 10114 | Lair:2   | 10114 ||| INVOKING Heroism.
 10121 | Lair:2   | Identified the +6 hand axe of the Reaper {vamp, rPois rC+
                  | Int+6} (Okawaru gifted it to you on level 2 of the Lair of
                  | Beasts)
 10121 | Lair:2   | Received a gift from Okawaru
 10221 | Lair:2   | Found a staircase to the Snake Pit.
 10269 | Lair:2   | 10269 ||| INVOKING Heroism.
 10271 | Lair:2   | Noticed a death yak
 10272 | Lair:2   | 10272 ||| INVOKING Finesse.
 10273 | Lair:2   | Noticed a death yak
 10274 | Lair:2   | 10274 ||| Stepping ~*~*~tactically~*~*~ (stealth).
 10286 | Lair:2   | Killed a death yak
 10287 | Lair:2   | Reached skill level 9 in Invocations
 10287 | Lair:2   | Reached XP level 12. HP: 72/72 MP: 2/18
 10306 | Lair:2   | Noticed a death yak
 10307 | Lair:2   | 10307 ||| INVOKING Heroism.
 10314 | Lair:2   | Killed a death yak
 10317 | Lair:2   | Killed a death yak
 10796 | Lair:2   | 10796 ||| Stepping ~*~*~tactically~*~*~ (hiding).
 11127 | Lair:3   | 11127 ||| STAIRDANCE
 11132 | Lair:3   | 11132 ||| Stepping ~*~*~tactically~*~*~ (hiding).
 11354 | Lair:3   | 11354 ||| Stepping ~*~*~tactically~*~*~ (stealth).
 11358 | Lair:3   | 11358 ||| Stepping ~*~*~tactically~*~*~ (stealth).
 11363 | Lair:3   | 11363 ||| Stepping ~*~*~tactically~*~*~ (stealth).
 11369 | Lair:3   | 11369 ||| Stepping ~*~*~tactically~*~*~ (stealth).
 11370 | Lair:3   | 11370 ||| Stepping ~*~*~tactically~*~*~ (stealth).
 11383 | Lair:3   | 11383 ||| Stepping ~*~*~tactically~*~*~ (stealth).
 11384 | Lair:3   | 11384 ||| Stepping ~*~*~tactically~*~*~ (stealth).
 11391 | Lair:3   | Received a gift from Okawaru
 11395 | Lair:3   | Reached skill level 6 in Armour
 11397 | Lair:3   | 11397 ||| INVOKING Heroism.
 11507 | Lair:3   | Noticed a boulder beetle
 11508 | Lair:3   | 11508 ||| Stepping ~*~*~tactically~*~*~ (stealth).
 11525 | Lair:3   | 11525 ||| INVOKING Heroism.
 11526 | Lair:3   | 11526 ||| INVOKING Finesse.
 11535 | Lair:3   | Killed a boulder beetle
 11596 | Lair:3   | 11596 ||| INVOKING Heroism.
 11599 | Lair:3   | Received a gift from Okawaru
 11615 | Lair:3   | 11615 ||| DROPPING +1 war axe of electrocution.
 11626 | Lair:3   | 11626 ||| Stepping ~*~*~tactically~*~*~ (hiding).
 11627 | Lair:3   | 11627 ||| Stepping ~*~*~tactically~*~*~ (hiding).
 11739 | Lair:3   | Found a staircase to the Swamp.
 11740 | Lair:3   | 11740 ||| Stepping ~*~*~tactically~*~*~ (hiding).
 11744 | Lair:3   | 11744 ||| INVOKING Heroism.
 11826 | Lair:3   | 11826 ||| Stepping ~*~*~tactically~*~*~ (stealth).
 11845 | Lair:3   | 11845 ||| Stepping ~*~*~tactically~*~*~ (stealth).
 11981 | Lair:3   | 11981 ||| INVOKING Heroism.
 12187 | Lair:3   | 12187 ||| READING scroll labelled QIGOLAOLUDGHE.
 12208 | Lair:4   | 12208 ||| PLANNING GAUNTLET
 12291 | Lair:4   | 12291 ||| INVOKING Heroism.
 12315 | Lair:4   | Reached XP level 13. HP: 78/78 MP: 11/20
 12391 | Lair:4   | 12391 ||| INVOKING Heroism.
 12392 | Lair:4   | 12392 ||| INVOKING Finesse.
 12414 | Lair:4   | Identified the +3 ring mail of the Good {rF+ Int-3 Stlth+}
                  | (Okawaru gifted it to you on level 4 of the Lair of Beasts)
 12414 | Lair:4   | Received a gift from Okawaru
 12489 | Lair:4   | Found a gate leading to a gauntlet.
 12490 | Lair:4   | 12490 ||| READING 8 scrolls of identify.
 12490 | Lair:4   | 12490 ||| IDENTIFYING clear potion
 12491 | Lair:4   | 12491 ||| DROPPING potion of flight.
 12500 | Gauntlet | Entered a Gauntlet
 12500 | Gauntlet | Found a transporter.
 12500 | Gauntlet | Found a transporter.
 12508 | Gauntlet | Found a transporter.
 12512 | Gauntlet | Found a transporter.
 12521 | Gauntlet | Found a transporter.
 12524 | Gauntlet | Found a transporter.
 12528 | Gauntlet | Noticed a balrug
 12532 | Gauntlet | Found a transporter.
 12548 | Gauntlet | Found a transporter.
 12562 | Gauntlet | Found a transporter.
 12566 | Gauntlet | Found a transporter.
 12574 | Gauntlet | Found a transporter.
 12578 | Gauntlet | Found a transporter.
 12623 | Gauntlet | 12623 ||| INVOKING Heroism.
 12642 | Gauntlet | Reached skill level 9 in Fighting
 12655 | Gauntlet | 12655 ||| READING 7 scrolls of identify.
 12655 | Gauntlet | 12655 ||| IDENTIFYING sedimented black potion
 12656 | Gauntlet | 12656 ||| DRINKING potion of experience.
 12656 | Gauntlet | Reached skill level 15 in Shields
 12656 | Gauntlet | Gained mutation: Your large and strong wings let you fly.
                  | [Gargoyle growth]
 12656 | Gauntlet | Reached XP level 14. HP: 86/86 MP: 12/21
 12679 | Gauntlet | 12679 ||| INVOKING Heroism.
 12703 | Gauntlet | 12703 ||| READING scroll of brand weapon.
 12703 | Gauntlet | 12703 ||| BRANDING +4 broad axe of draining.
 12704 | Gauntlet | 12704 ||| DROPPING +6 hand axe of the Reaper {vamp, rPois
                  | rC+ Int+6}.
 12711 | Gauntlet | 12711 ||| Stepping randomly (stuck).
 12716 | Gauntlet | 12716 ||| INVOKING Heroism.
 12736 | Gauntlet | Identified the ring of Xom's Whimsicality {Contam rPois
                  | rN+++ rCorr Str-4}
 12742 | Gauntlet | 12742 ||| READING scroll of enchant armour.
 12742 | Gauntlet | 12742 ||| ENCHANTING +1 pair of gloves.
 12756 | Gauntlet | Identified the +10 sling of Yeast {vorpal, +Blink rElec
                  | Will+ Dex+4}
 12757 | Gauntlet | 12757 ||| Stepping ~*~*~tactically~*~*~ (hiding).
 12761 | Gauntlet | 12761 ||| INVOKING Heroism.
 12762 | Gauntlet | 12762 ||| INVOKING Finesse.
 12846 | Gauntlet | 12846 ||| DROPPING +1 helmet of intelligence.
 12861 | Lair:4   | 12861 ||| PLANNING LAIR
 12884 | Lair:4   | Found a viscous altar of Jiyva.
 12885 | Lair:4   | Found a staircase to the Slime Pits.
 12894 | Lair:4   | 12894 ||| INVOKING Heroism.
 13063 | Lair:4   | 13063 ||| INVOKING Heroism.
 13064 | Lair:4   | 13064 ||| INVOKING Finesse.
 13068 | Lair:4   | 13068 ||| SWAPPING to +3 morningstar of freezing.
 13073 | Lair:4   | 13073 ||| SWAPPING to +4 vampiric broad axe.
 13223 | Lair:4   | 13223 ||| INVOKING Heroism.
 13224 | Lair:4   | 13224 ||| INVOKING Finesse.
 13298 | Lair:4   | 13298 ||| Stepping ~*~*~tactically~*~*~ (stealth).
 13300 | Lair:4   | 13300 ||| INVOKING Heroism.
 13314 | Lair:4   | Reached skill level 12 in Axes
 13463 | Lair:5   | Entered Level 5 of the Lair of Beasts
 13465 | Lair:5   | 13465 ||| INVOKING Heroism.
 13466 | Lair:5   | 13466 ||| STAIRDANCE
 13472 | Lair:4   | Reached skill level 3 in Dodging
 13504 | Lair:5   | 13504 ||| INVOKING Heroism.
 13566 | Lair:5   | 13566 ||| Stepping ~*~*~tactically~*~*~ (stealth).
 13567 | Lair:5   | 13567 ||| Stepping ~*~*~tactically~*~*~ (stealth).
 13568 | Lair:5   | 13568 ||| Stepping ~*~*~tactically~*~*~ (stealth).
 13586 | Lair:5   | 13586 ||| INVOKING Heroism.
 13593 | Lair:5   | 13593 ||| SWAPPING to +3 morningstar of freezing.
 13599 | Lair:5   | 13599 ||| SWAPPING to +4 vampiric broad axe.
 13637 | Lair:5   | 13637 ||| INVOKING Heroism.
 13689 | Lair:5   | Received a gift from Okawaru
 13701 | Lair:5   | 13701 ||| INVOKING Heroism.
 13702 | Lair:5   | 13702 ||| INVOKING Finesse.
 13707 | Lair:5   | 13707 ||| SWAPPING to +3 morningstar of freezing.
 13711 | Lair:5   | 13711 ||| Stepping ~*~*~tactically~*~*~ (outnumbered).
 13712 | Lair:5   | 13712 ||| Stepping ~*~*~tactically~*~*~ (outnumbered).
 13713 | Lair:5   | 13713 ||| Stepping ~*~*~tactically~*~*~ (outnumbered).
 13714 | Lair:5   | 13714 ||| Stepping ~*~*~tactically~*~*~ (outnumbered).
 13715 | Lair:5   | 13715 ||| Stepping ~*~*~tactically~*~*~ (outnumbered).
 13719 | Lair:5   | 13719 ||| Stepping ~*~*~tactically~*~*~ (outnumbered).
 13721 | Lair:5   | 13721 ||| Stepping ~*~*~tactically~*~*~ (outnumbered).
 13723 | Lair:5   | 13723 ||| Stepping ~*~*~tactically~*~*~ (outnumbered).
 13727 | Lair:5   | 13727 ||| SWAPPING to +4 vampiric broad axe.
 13760 | Lair:5   | 13760 ||| Stepping ~*~*~tactically~*~*~ (stealth).
 13780 | Lair:5   | 13780 ||| Stepping ~*~*~tactically~*~*~ (stealth).
 13907 | Lair:5   | 13907 ||| INVOKING Heroism.
 13980 | Lair:5   | 13980 ||| Stepping ~*~*~tactically~*~*~ (stealth).
 14008 | Lair:5   | 14008 ||| Stepping ~*~*~tactically~*~*~ (stealth).
 14011 | Lair:5   | 14011 ||| Stepping ~*~*~tactically~*~*~ (stealth).
 14012 | Lair:5   | 14012 ||| Stepping ~*~*~tactically~*~*~ (stealth).
 14015 | Lair:5   | 14015 ||| Stepping ~*~*~tactically~*~*~ (stealth).
 14017 | Lair:5   | 14017 ||| INVOKING Heroism.
 14126 | Lair:5   | 14126 ||| Stepping ~*~*~tactically~*~*~ (stealth).
 14129 | Lair:5   | 14129 ||| Stepping ~*~*~tactically~*~*~ (stealth).
 14133 | Lair:5   | 14133 ||| INVOKING Heroism.
 14154 | Lair:5   | 14154 ||| Stepping ~*~*~tactically~*~*~ (stealth).
 14155 | Lair:5   | 14155 ||| Stepping ~*~*~tactically~*~*~ (stealth).
 14156 | Lair:5   | 14156 ||| Stepping ~*~*~tactically~*~*~ (stealth).
 14183 | Lair:5   | 14183 ||| INVOKING Heroism.
 14184 | Lair:5   | 14184 ||| INVOKING Finesse.
 14186 | Lair:5   | 14186 ||| Stepping ~*~*~tactically~*~*~ (stealth).
 14187 | Lair:5   | 14187 ||| SWAPPING to +3 morningstar of freezing.
 14193 | Lair:5   | 14193 ||| SWAPPING to +4 vampiric broad axe.
 14287 | Lair:5   | 14287 ||| INVOKING Heroism.
 14290 | Lair:5   | 14290 ||| SWAPPING to +3 morningstar of freezing.
 14293 | Lair:5   | 14293 ||| SWAPPING to +4 vampiric broad axe.
 14328 | Lair:5   | Reached XP level 15. HP: 92/92 MP: 13/22
 14932 | Lair:5   | 14932 ||| PLANNING D:1-11
 15202 | D:11     | Found a snail-covered altar of Cheibriados.
 15211 | D:11     | 15211 ||| Stepping ~*~*~tactically~*~*~ (hiding).
 15215 | D:11     | 15215 ||| INVOKING Heroism.
 15319 | D:11     | 15319 ||| Stepping ~*~*~tactically~*~*~ (hiding).
 15320 | D:11     | 15320 ||| Stepping ~*~*~tactically~*~*~ (hiding).
 15431 | D:11     | 15431 ||| Stepping ~*~*~tactically~*~*~ (hiding).
 15433 | D:11     | 15433 ||| INVOKING Heroism.
 15438 | D:11     | Identified the +4 hand axe "Olochusu" {freeze, Dex+2}
                  | (Okawaru gifted it to you on level 11 of the Dungeon)
 15438 | D:11     | Received a gift from Okawaru
 15464 | D:11     | 15464 ||| READING scroll of enchant armour.
 15464 | D:11     | 15464 ||| ENCHANTING +1 cloak.
 15506 | D:11     | 15506 ||| READING scroll of enchant weapon.
 15506 | D:11     | 15506 ||| ENCHANTING +4 vampiric broad axe.
 15572 | D:11     | 15572 ||| READING scroll of enchant weapon.
 15572 | D:11     | 15572 ||| ENCHANTING +5 vampiric broad axe.
 15758 | D:11     | 15758 ||| PLANNING D
 15758 | D:11     | 15758 ||| READING scroll labelled JIUNGO MYOM.
 15948 | D:12     | Noticed Urug
 15949 | D:12     | 15949 ||| INVOKING Heroism.
 15950 | D:12     | 15950 ||| INVOKING Finesse.
 15963 | D:12     | Killed Urug
 16024 | D:12     | Reached skill level 9 in Armour
 16064 | D:12     | 16064 ||| Stepping ~*~*~tactically~*~*~ (stealth).
 16065 | D:12     | 16065 ||| Stepping ~*~*~tactically~*~*~ (stealth).
 16079 | D:12     | 16079 ||| Stepping ~*~*~tactically~*~*~ (stealth).
 16081 | D:12     | 16081 ||| Stepping ~*~*~tactically~*~*~ (stealth).
 16241 | D:12     | 16241 ||| INVOKING Heroism.
 16394 | D:12     | 16394 ||| Stepping ~*~*~tactically~*~*~ (hiding).
 16395 | D:12     | 16395 ||| Stepping ~*~*~tactically~*~*~ (hiding).
 16543 | D:12     | 16543 ||| INVOKING Heroism.
 16775 | D:12     | 16775 ||| READING scroll labelled PEVOSI PUNO.
 16831 | D:13     | 16831 ||| Stepping ~*~*~tactically~*~*~ (stealth).
 16873 | D:13     | 16873 ||| INVOKING Heroism.
 16875 | D:13     | Noticed Sonja
 16887 | D:13     | Killed Sonja
 16927 | D:13     | 16927 ||| INVOKING Finesse.
 16930 | D:13     | 16930 ||| SWAPPING to +3 morningstar of freezing.
 16936 | D:13     | 16936 ||| INVOKING Heroism.
 16938 | D:13     | 16938 ||| SWAPPING to +6 vampiric broad axe.
 17036 | D:13     | 17036 ||| Stepping ~*~*~tactically~*~*~ (stealth).
 17056 | D:13     | 17056 ||| INVOKING Heroism.
 17080 | D:13     | 17080 ||| Stepping ~*~*~tactically~*~*~ (stealth).
 17104 | D:13     | Found a gate to the Vaults.
 17122 | D:13     | 17122 ||| Stepping ~*~*~tactically~*~*~ (stealth).
 17188 | D:13     | Noticed Josephine
 17193 | D:13     | 17193 ||| INVOKING Heroism.
 17200 | D:13     | Killed Josephine
 17280 | D:13     | Received a gift from Okawaru
 17343 | D:13     | 17343 ||| Stepping ~*~*~tactically~*~*~ (hiding).
 17470 | D:13     | 17470 ||| Stepping ~*~*~tactically~*~*~ (hiding).
 17477 | D:13     | Reached skill level 15 in Axes
 17963 | D:14     | 17963 ||| FLEEEEING.
 18002 | D:14     | 18002 ||| INVOKING Heroism.
 18013 | D:14     | 18013 ||| Stepping ~*~*~tactically~*~*~ (stealth).
 18045 | D:14     | Received a gift from Okawaru
 18128 | D:14     | 18128 ||| Stepping ~*~*~tactically~*~*~ (stealth).
 18130 | D:14     | 18130 ||| Stepping ~*~*~tactically~*~*~ (hiding).
 18304 | D:14     | 18304 ||| INVOKING Heroism.
 18307 | D:14     | 18307 ||| SWAPPING to +3 morningstar of freezing.
 18308 | D:14     | 18308 ||| INVOKING Finesse.
 18316 | D:14     | 18316 ||| SWAPPING to +6 vampiric broad axe.
 18377 | D:14     | 18377 ||| INVOKING Heroism.
 18381 | D:14     | 18381 ||| SWAPPING to +3 morningstar of freezing.
 18382 | D:14     | 18382 ||| INVOKING Finesse.
 18387 | D:14     | 18387 ||| SWAPPING to +6 vampiric broad axe.
 18512 | D:14     | 18512 ||| INVOKING Heroism.
 18577 | D:14     | 18577 ||| DROPPING +2 helmet.
 18591 | D:15     | Entered Level 15 of the Dungeon
 18610 | D:15     | 18610 ||| INVOKING Heroism.
 18611 | D:15     | 18611 ||| INVOKING Finesse.
 18613 | D:15     | 18613 ||| SWAPPING to +3 morningstar of freezing.
 18617 | D:15     | 18617 ||| SWAPPING to +6 vampiric broad axe.
 18767 | D:15     | 18767 ||| INVOKING Heroism.
 18771 | D:15     | Reached XP level 16. HP: 101/101 MP: 11/23
 18782 | D:15     | Reached skill level 12 in Fighting
 18836 | D:15     | Found a staircase to the Depths.
 18838 | D:15     | 18838 ||| Stepping ~*~*~tactically~*~*~ (hiding).
 18842 | D:15     | 18842 ||| INVOKING Heroism.
 18843 | D:15     | 18843 ||| INVOKING Finesse.
 18869 | D:15     | Received a gift from Okawaru
 19032 | D:15     | 19032 ||| Stepping ~*~*~tactically~*~*~ (stealth).
 19033 | D:15     | 19033 ||| FLEEEEING.
 19039 | D:15     | 19039 ||| INVOKING Heroism.
 19040 | D:15     | 19040 ||| Stepping ~*~*~tactically~*~*~ (stealth).
 19103 | D:15     | Found a faded altar of an unknown god.
 19103 | D:15     | Found a faded altar of an unknown god.
 19105 | D:15     | Found a hazy altar of Hepliaklqana.
 19263 | D:15     | 19263 ||| INVOKING Heroism.
 19328 | D:15     | 19328 ||| PLANNING ORC
 19468 | Orc:1    | Entered Level 1 of the Orcish Mines
 19509 | Orc:1    | Found Teaclyatym's Book Shop.
 19527 | Orc:1    | 19527 ||| Stepping ~*~*~tactically~*~*~ (stealth).
 19543 | Orc:1    | 19543 ||| INVOKING Heroism.
 19691 | Orc:2    | Entered Level 2 of the Orcish Mines
 19691 | Orc:2    | Found Qivut's Antique Weapon Emporium.
 19692 | Orc:2    | 19692 ||| INVOKING Heroism.
 19729 | Orc:2    | 19729 ||| Stepping ~*~*~tactically~*~*~ (hiding).
 19740 | Orc:2    | 19740 ||| INVOKING Heroism.
 19745 | Orc:2    | 19745 ||| Stepping ~*~*~tactically~*~*~ (stealth).
 19758 | Orc:2    | Found Guebab's Firing Range.
 19816 | Orc:2    | 19816 ||| INVOKING Heroism.
 19820 | Orc:2    | 19820 ||| INVOKING Finesse.
 19841 | Orc:2    | Received a gift from Okawaru
 19864 | Orc:2    | 19864 ||| INVOKING Heroism.
 19891 | Orc:2    | Found Cewko's General Store.
 19893 | Orc:2    | Found Vygicut's Antique Armour Shop.
 19927 | Orc:2    | 19927 ||| Stepping ~*~*~tactically~*~*~ (stealth).
 19928 | Orc:2    | Noticed Saint Roka
 19929 | Orc:2    | 19929 ||| Stepping ~*~*~tactically~*~*~ (hiding).
 19934 | Orc:2    | 19934 ||| INVOKING Heroism.
 19935 | Orc:2    | 19935 ||| INVOKING Finesse.
 19965 | Orc:2    | Killed Saint Roka
 20052 | Orc:2    | 20052 ||| BUYING runed morningstar (168 gold).
 20052 | Orc:2    | Bought a runed morningstar for 168 gold pieces
 20052 | Orc:2    | 20052 ||| DROPPING +3 morningstar of freezing.
 20133 | Orc:2    | 20133 ||| BUYING 3 scrolls of teleportation (117 gold).
 20133 | Orc:2    | Bought 3 scrolls of teleportation for 117 gold pieces
 20133 | Orc:2    | 20133 ||| BUYING scroll of enchant armour (97 gold).
 20133 | Orc:2    | Bought a scroll of enchant armour for 97 gold pieces
 20141 | Orc:2    | Found Teocakompo's Jewellery Shop.
 20161 | Orc:2    | 20161 ||| Stepping ~*~*~tactically~*~*~ (stealth).
 20161 | Orc:2    | Found a staircase to the Elven Halls.
 20163 | Orc:2    | 20163 ||| Stepping ~*~*~tactically~*~*~ (hiding).
 20164 | Orc:2    | 20164 ||| Stepping ~*~*~tactically~*~*~ (hiding).
 20165 | Orc:2    | 20165 ||| Stepping ~*~*~tactically~*~*~ (hiding).
 20166 | Orc:2    | 20166 ||| Stepping ~*~*~tactically~*~*~ (hiding).
 20167 | Orc:2    | 20167 ||| Stepping ~*~*~tactically~*~*~ (hiding).
 20168 | Orc:2    | 20168 ||| Stepping ~*~*~tactically~*~*~ (hiding).
 20169 | Orc:2    | 20169 ||| Stepping ~*~*~tactically~*~*~ (hiding).
 20174 | Orc:2    | 20174 ||| INVOKING Heroism.
 20229 | Orc:2    | 20229 ||| INVOKING Heroism.
 20316 | Orc:2    | 20316 ||| BUYING embroidered cloak (157 gold).
 20316 | Orc:2    | Bought an embroidered cloak for 157 gold pieces
 20316 | Orc:2    | 20316 ||| BUYING runed plate armour (546 gold).
 20316 | Orc:2    | Bought a runed plate armour for 546 gold pieces
 20332 | Orc:2    | 20332 ||| BUYING ring of Satyriasis {Wiz Str+5} (807 gold).
 20332 | Orc:2    | Bought the ring of Satyriasis {Wiz Str+5} for 807 gold
                  | pieces
 20332 | Orc:2    | 20332 ||| SHOPLISTING ring of fire (425 gold, have 32).
 20332 | Orc:2    | 20332 ||| SHOPLISTING ring of see invisible (255 gold, have
                  | 32).
 20341 | Orc:2    | Found Bottio's Antique Weapon Shop.
 20521 | Orc:2    | 20521 ||| DROPPING +0 cloak of willpower.
 20522 | Orc:2    | 20522 ||| UPGRADING to ring of Satyriasis {Wiz Str+5}.
 20529 | Orc:1    | Found a transporter.
 20529 | Orc:1    | Found a transporter.
 20529 | Orc:1    | Found a transporter.
 20530 | Orc:1    | 20530 ||| INVOKING Heroism.
 20624 | Orc:1    | Found a sparkling altar of Nemelex Xobeh.
 20624 | Orc:1    | Noticed a juggernaut
 20625 | Orc:1    | Found a transporter.
 20625 | Orc:1    | Found a transporter.
 20629 | Orc:1    | Found a transporter.
 20693 | Orc:1    | 20693 ||| PLANNING SNAKE:1-3
 20824 | Snake:1  | Entered Level 1 of the Snake Pit
 20873 | Snake:1  | 20873 ||| INVOKING Heroism.
 20875 | Snake:1  | 20875 ||| Stepping ~*~*~tactically~*~*~ (hiding).
 20878 | Snake:1  | 20878 ||| Stepping ~*~*~tactically~*~*~ (hiding).
 21280 | Snake:1  | 21280 ||| Stepping ~*~*~tactically~*~*~ (hiding).
 21284 | Snake:1  | 21284 ||| INVOKING Heroism.
 21291 | Snake:1  | 21291 ||| Stepping ~*~*~tactically~*~*~ (hiding).
 21324 | Snake:1  | 21324 ||| Stepping ~*~*~tactically~*~*~ (hiding).
 21445 | Snake:1  | 21445 ||| INVOKING Heroism.
 21889 | Snake:2  | 21889 ||| PLANNING BAZAAR
 21895 | Snake:2  | 21895 ||| Stepping ~*~*~tactically~*~*~ (hiding).
 22023 | Snake:2  | 22023 ||| Stepping ~*~*~tactically~*~*~ (hiding).
 22068 | Snake:2  | 22068 ||| Stepping ~*~*~tactically~*~*~ (hiding).
 22069 | Snake:2  | 22069 ||| Stepping ~*~*~tactically~*~*~ (hiding).
 22290 | Snake:2  | Noticed a nagaraja
 22291 | Snake:2  | 22291 ||| INVOKING Heroism.
 22296 | Snake:2  | Killed a nagaraja
 22296 | Snake:2  | Received a gift from Okawaru
 22448 | Snake:2  | 22448 ||| Stepping ~*~*~tactically~*~*~ (hiding).
 22473 | Snake:2  | Reached XP level 17. HP: 106/106 MP: 15/24
 22539 | Snake:2  | Received a gift from Okawaru
 22545 | Snake:2  | 22545 ||| Stepping ~*~*~tactically~*~*~ (hiding).
 22547 | Snake:2  | 22547 ||| Stepping ~*~*~tactically~*~*~ (hiding).
 22569 | Snake:2  | Reached ****** piety under Okawaru
 22645 | Snake:2  | 22645 ||| INVOKING Heroism.
 22657 | Snake:2  | Received a gift from Okawaru
 22755 | Snake:2  | 22755 ||| READING scroll of enchant weapon.
 22755 | Snake:2  | 22755 ||| ENCHANTING +6 vampiric broad axe.
 22982 | Snake:2  | 22982 ||| Stepping ~*~*~tactically~*~*~ (hiding).
 22984 | Snake:2  | 22984 ||| Stepping ~*~*~tactically~*~*~ (hiding).
 22991 | Snake:2  | 22991 ||| INVOKING Heroism.
 23065 | Snake:2  | 23065 ||| RIP BAZAAR
 23111 | Snake:2  | 23111 ||| PLANNING SNAKE:1-3
 23164 | Snake:3  | 23164 ||| INVOKING Heroism.
 23199 | Snake:3  | 23199 ||| Stepping ~*~*~tactically~*~*~ (stealth).
 23200 | Snake:3  | 23200 ||| Stepping ~*~*~tactically~*~*~ (stealth).
 23354 | Snake:3  | Reached skill level 6 in Throwing
 23373 | Snake:3  | 23373 ||| Stepping ~*~*~tactically~*~*~ (hiding).
 23407 | Snake:3  | 23407 ||| INVOKING Heroism.
 23436 | Snake:3  | Found a broken altar of Ashenzari.
 23501 | Snake:3  | 23501 ||| Stepping ~*~*~tactically~*~*~ (hiding).
 23634 | Snake:3  | 23634 ||| INVOKING Heroism.
 23653 | Snake:3  | Received a gift from Okawaru
 23657 | Snake:3  | 23657 ||| Stepping ~*~*~tactically~*~*~ (hiding).
 23689 | Snake:3  | 23689 ||| Stepping ~*~*~tactically~*~*~ (hiding).
 23702 | Snake:3  | 23702 ||| INVOKING Heroism.
 23724 | Snake:3  | 23724 ||| Stepping ~*~*~tactically~*~*~ (stealth).
 23736 | Snake:3  | 23736 ||| INVOKING Heroism.
 23737 | Snake:3  | 23737 ||| Stepping ~*~*~tactically~*~*~ (hiding).
 23738 | Snake:3  | 23738 ||| Stepping ~*~*~tactically~*~*~ (hiding).
 23790 | Snake:3  | Received a gift from Okawaru
 23869 | Snake:3  | 23869 ||| Stepping ~*~*~tactically~*~*~ (hiding).
 23900 | Snake:3  | 23900 ||| Stepping ~*~*~tactically~*~*~ (hiding).
 23916 | Snake:3  | 23916 ||| INVOKING Heroism.
 23951 | Snake:3  | 23951 ||| INVOKING Heroism.
 24038 | Snake:3  | 24038 ||| Stepping ~*~*~tactically~*~*~ (stealth).
 24040 | Snake:3  | 24040 ||| Stepping ~*~*~tactically~*~*~ (stealth).
 24042 | Snake:3  | 24042 ||| Stepping ~*~*~tactically~*~*~ (hiding).
 24045 | Snake:3  | 24045 ||| Stepping ~*~*~tactically~*~*~ (hiding).
 24149 | Snake:3  | 24149 ||| Stepping ~*~*~tactically~*~*~ (hiding).
 24150 | Snake:3  | 24150 ||| Stepping ~*~*~tactically~*~*~ (hiding).
 24184 | Snake:3  | 24184 ||| PLANNING SWAMP:1-3
 24310 | Swamp:1  | Entered Level 1 of the Swamp
 24333 | Swamp:1  | 24333 ||| Stepping ~*~*~tactically~*~*~ (stealth).
 24334 | Swamp:1  | 24334 ||| INVOKING Heroism.
 24335 | Swamp:1  | 24335 ||| SWAPPING to +3 morningstar of protection.
 24344 | Swamp:1  | 24344 ||| SWAPPING to +7 vampiric broad axe.
 24359 | Swamp:1  | 24359 ||| Stepping ~*~*~tactically~*~*~ (hiding).
 24368 | Swamp:1  | Reached skill level 18 in Axes
 24370 | Swamp:1  | 24370 ||| Stepping randomly (cloudy).
 24371 | Swamp:1  | 24371 ||| Stepping ~*~*~tactically~*~*~ (cloud).
 24377 | Swamp:1  | Noticed Frances
 24378 | Swamp:1  | 24378 ||| INVOKING Finesse.
 24382 | Swamp:1  | Received a gift from Okawaru
 24397 | Swamp:1  | 24397 ||| INVOKING Heroism.
 24403 | Swamp:1  | Killed Frances
 24515 | Swamp:1  | 24515 ||| Stepping ~*~*~tactically~*~*~ (hiding).
 24587 | Swamp:1  | 24587 ||| Stepping ~*~*~tactically~*~*~ (hiding).
 24614 | Swamp:1  | 24614 ||| Stepping randomly (cloudy).
 24615 | Swamp:1  | 24615 ||| Stepping randomly (cloudy).
 24618 | Swamp:1  | 24618 ||| INVOKING Heroism.
 24684 | Swamp:1  | 24684 ||| INVOKING Heroism.
 24712 | Swamp:1  | 24712 ||| Stepping ~*~*~tactically~*~*~ (cloud).
 24841 | Swamp:1  | 24841 ||| INVOKING Heroism.
 24843 | Swamp:1  | 24843 ||| SWAPPING to +3 morningstar of protection.
 24851 | Swamp:1  | 24851 ||| SWAPPING to +7 vampiric broad axe.
 25078 | Swamp:2  | 25078 ||| INVOKING Heroism.
 25079 | Swamp:2  | 25079 ||| STAIRDANCE
 25111 | Swamp:2  | 25111 ||| INVOKING Heroism.
 25144 | Swamp:2  | 25144 ||| INVOKING Heroism.
 25222 | Swamp:2  | 25222 ||| Stepping ~*~*~tactically~*~*~ (hiding).
 25224 | Swamp:2  | 25224 ||| Stepping ~*~*~tactically~*~*~ (hiding).
 25280 | Swamp:2  | 25280 ||| Stepping ~*~*~tactically~*~*~ (stealth).
 25292 | Swamp:2  | 25292 ||| Stepping ~*~*~tactically~*~*~ (hiding).
 25299 | Swamp:2  | Reached XP level 18. HP: 114/114 MP: 16/25
 25399 | Swamp:2  | 25399 ||| DROPPING +3 morningstar of protection.
 25403 | Swamp:2  | 25403 ||| INVOKING Heroism.
 25757 | Swamp:3  | 25757 ||| INVOKING Heroism.
 25766 | Swamp:3  | Identified the +4 crystal plate armour of Insurance {Str+7}
                  | (Okawaru gifted it to you on level 3 of the Swamp)
 25766 | Swamp:3  | Received a gift from Okawaru
 25768 | Swamp:3  | 25768 ||| Stepping ~*~*~tactically~*~*~ (stealth).
 25796 | Swamp:3  | 25796 ||| Stepping ~*~*~tactically~*~*~ (hiding).
 25797 | Swamp:3  | 25797 ||| Stepping ~*~*~tactically~*~*~ (hiding).
 25808 | Swamp:3  | 25808 ||| Stepping ~*~*~tactically~*~*~ (hiding).
 25846 | Swamp:3  | Identified the +10 falchion "Suc Umek" {venom, rElec
                  | Will+++ Int-5 Dex+3}
 25870 | Swamp:3  | 25870 ||| FLEEEEING.
 25882 | Swamp:3  | 25882 ||| INVOKING Heroism.
 25995 | Swamp:3  | 25995 ||| Stepping ~*~*~tactically~*~*~ (hiding).
 26120 | Swamp:3  | Reached skill level 18 in Shields
 26197 | Swamp:3  | 26197 ||| INVOKING Heroism.
 26241 | Swamp:3  | 26241 ||| Stepping ~*~*~tactically~*~*~ (hiding).
 26429 | Swamp:3  | 26429 ||| Stepping ~*~*~tactically~*~*~ (hiding).
 26616 | Swamp:3  | 26616 ||| PLANNING SNAKE:4
 26616 | Swamp:3  | 26616 ||| DROPPING +0 animal skin "Jeacoucarch" {rElec
                  | rPois rCorr Dex-5}.
 26617 | Swamp:3  | 26617 ||| DROPPING +2 plate armour of cold resistance.
 26618 | Swamp:3  | 26618 ||| UPGRADING to +4 crystal plate armour of Insurance
                  | {Str+7}.
 26628 | Swamp:3  | 26628 ||| DROPPING +8 chain mail of Virtue {-Cast +Inv
                  | Will++ Dex+4}.
 26629 | Swamp:3  | 26629 ||| DROPPING +8 plate armour of ponderousness.
 26818 | Snake:4  | Entered Level 4 of the Snake Pit
 26853 | Snake:4  | 26853 ||| INVOKING Heroism.
 26970 | Snake:4  | 26970 ||| INVOKING Heroism.
 26984 | Snake:4  | Reached skill level 12 in Armour
 27143 | Snake:4  | 27143 ||| INVOKING Heroism.
 27205 | Snake:4  | 27205 ||| INVOKING Heroism.
 27432 | Snake:4  | 27432 ||| Stepping ~*~*~tactically~*~*~ (hiding).
 27445 | Snake:4  | 27445 ||| INVOKING Heroism.
 27452 | Snake:4  | Received a gift from Okawaru
 27679 | Snake:4  | 27679 ||| INVOKING Heroism.
 27715 | Snake:4  | 27715 ||| INVOKING Heroism.
 27746 | Snake:4  | 27746 ||| Stepping ~*~*~tactically~*~*~ (stealth).
 27766 | Snake:4  | 27766 ||| Stepping ~*~*~tactically~*~*~ (hiding).
 27769 | Snake:4  | 27769 ||| Stepping ~*~*~tactically~*~*~ (hiding).
 27771 | Snake:4  | 27771 ||| INVOKING Heroism.
 27791 | Snake:4  | 27791 ||| Stepping ~*~*~tactically~*~*~ (hiding).
 27811 | Snake:4  | 27811 ||| INVOKING Heroism.
 27827 | Snake:4  | Reached skill level 15 in Armour
 27843 | Snake:4  | Got a serpentine rune of Zot
 28065 | Snake:4  | 28065 ||| PLANNING VAULTS:1-4
 28367 | Vaults:1 | Entered Level 1 of the Vaults
 28386 | Vaults:1 | 28386 ||| INVOKING Heroism.
 28394 | Vaults:1 | 28394 ||| INVOKING Finesse.
 28406 | Vaults:1 | Paralysed by something for 5 turns
 28413 | Vaults:1 | Reached XP level 19. HP: 115/121 MP: 11/26
 28464 | Vaults:1 | Received a gift from Okawaru
 28507 | Vaults:1 | Received a gift from Okawaru
 28724 | Vaults:1 | 28724 ||| INVOKING Heroism.
 28810 | Vaults:1 | 28810 ||| DRINKING 17 potions of curing.
 28810 | Vaults:1 | 28810 ||| (to cure confusion)
 28861 | Vaults:1 | 28861 ||| Stepping ~*~*~tactically~*~*~ (stealth).
 28865 | Vaults:1 | Identified the +8 war axe of Hitis {vorpal, rPois rCorr
                  | Int+4} (Okawaru gifted it to you on level 1 of the Vaults)
 28865 | Vaults:1 | Received a gift from Okawaru
 28950 | Vaults:1 | 28950 ||| Stepping ~*~*~tactically~*~*~ (stealth).
 28953 | Vaults:1 | 28953 ||| Stepping ~*~*~tactically~*~*~ (stealth).
 28989 | Vaults:1 | 28989 ||| Stepping ~*~*~tactically~*~*~ (hiding).
 29069 | Vaults:1 | 29069 ||| Stepping ~*~*~tactically~*~*~ (stealth).
 29073 | Vaults:1 | 29073 ||| INVOKING Heroism.
 29074 | Vaults:1 | 29074 ||| INVOKING Finesse.
 29189 | Vaults:1 | 29189 ||| INVOKING Heroism.
 29190 | Vaults:1 | 29190 ||| INVOKING Finesse.
 29285 | Vaults:1 | 29285 ||| Stepping ~*~*~tactically~*~*~ (hiding).
 29287 | Vaults:1 | 29287 ||| Stepping ~*~*~tactically~*~*~ (hiding).
 29294 | Vaults:1 | 29294 ||| INVOKING Heroism.
 29366 | Vaults:1 | Found Xonol's Antique Weapon Boutique.
 29498 | Vaults:1 | 29498 ||| INVOKING Heroism.
 29547 | Vaults:1 | 29547 ||| Stepping ~*~*~tactically~*~*~ (hiding).
 29551 | Vaults:1 | 29551 ||| Stepping ~*~*~tactically~*~*~ (hiding).
 29552 | Vaults:1 | 29552 ||| Stepping ~*~*~tactically~*~*~ (hiding).
 29600 | Vaults:1 | 29600 ||| Stepping ~*~*~tactically~*~*~ (hiding).
 29601 | Vaults:1 | 29601 ||| Stepping ~*~*~tactically~*~*~ (hiding).
 29603 | Vaults:1 | 29603 ||| INVOKING Heroism.
 29604 | Vaults:1 | 29604 ||| INVOKING Finesse.
 29724 | Vaults:1 | Found Zuschumi's Book Emporium.
 29752 | Vaults:1 | 29752 ||| INVOKING Heroism.
 29879 | Vaults:1 | 29879 ||| Stepping ~*~*~tactically~*~*~ (hiding).
 29891 | Vaults:1 | Received a gift from Okawaru
 29901 | Vaults:1 | Reached skill level 15 in Fighting
 30122 | Vaults:1 | 30122 ||| DROPPING +2 pair of boots.
 30194 | Vaults:2 | 30194 ||| INVOKING Heroism.
 30195 | Vaults:2 | 30195 ||| INVOKING Finesse.
 30313 | Vaults:2 | 30313 ||| INVOKING Heroism.
 30314 | Vaults:2 | 30314 ||| INVOKING Finesse.
 30345 | Vaults:2 | Identified the +1 chain mail of the Shore {Int+3} (Okawaru
                  | gifted it to you on level 2 of the Vaults)
 30345 | Vaults:2 | Received a gift from Okawaru
 30477 | Vaults:2 | Noticed Xtahua
 30478 | Vaults:2 | 30478 ||| DRINKING 4 potions of resistance.
 30479 | Vaults:2 | 30479 ||| INVOKING Heroism.
 30480 | Vaults:2 | 30480 ||| INVOKING Finesse.
 30491 | Vaults:2 | Paralysed by Xtahua for 5 turns
 30506 | Vaults:2 | Killed Xtahua
 30619 | Vaults:2 | 30619 ||| Stepping ~*~*~tactically~*~*~ (hiding).
 30620 | Vaults:2 | 30620 ||| Stepping ~*~*~tactically~*~*~ (hiding).
 30621 | Vaults:2 | 30621 ||| Stepping ~*~*~tactically~*~*~ (hiding).
 30626 | Vaults:2 | 30626 ||| INVOKING Heroism.
 30672 | Vaults:2 | 30672 ||| Stepping ~*~*~tactically~*~*~ (hiding).
 30696 | Vaults:2 | 30696 ||| Stepping ~*~*~tactically~*~*~ (stealth).
 30698 | Vaults:2 | 30698 ||| INVOKING Heroism.
 30699 | Vaults:2 | 30699 ||| INVOKING Finesse.
 30705 | Vaults:2 | 30705 ||| Stepping ~*~*~tactically~*~*~ (hiding).
 30805 | Vaults:2 | 30805 ||| Stepping ~*~*~tactically~*~*~ (hiding).
 30806 | Vaults:2 | 30806 ||| INVOKING Heroism.
 30807 | Vaults:2 | 30807 ||| INVOKING Finesse.
 30927 | Vaults:2 | 30927 ||| INVOKING Heroism.
 30928 | Vaults:2 | 30928 ||| INVOKING Finesse.
 30984 | Vaults:2 | 30984 ||| Stepping ~*~*~tactically~*~*~ (stealth).
 30986 | Vaults:2 | 30986 ||| INVOKING Heroism.
 30987 | Vaults:2 | 30987 ||| INVOKING Finesse.
 31028 | Vaults:2 | Reached XP level 20. HP: 129/129 MP: 13/27
 31033 | Vaults:2 | Reached skill level 18 in Armour
 31127 | Vaults:2 | 31127 ||| INVOKING Heroism.
 31314 | Vaults:2 | 31314 ||| Stepping ~*~*~tactically~*~*~ (hiding).
 31322 | Abyss:2  | Cast into level 2 of the Abyss (a wizard)
 31340 | Abyss:2  | 31340 ||| Stepping ~*~*~tactically~*~*~ (stealth).
 31364 | Abyss:2  | 31364 ||| Stepping ~*~*~tactically~*~*~ (hiding).
 31365 | Abyss:2  | 31365 ||| Stepping ~*~*~tactically~*~*~ (hiding).
 31366 | Abyss:2  | 31366 ||| INVOKING Heroism.
 31367 | Abyss:2  | 31367 ||| INVOKING Finesse.
 31385 | Abyss:2  | Reached skill level 9 in Throwing
 31420 | Abyss:2  | 31420 ||| Stepping ~*~*~tactically~*~*~ (stealth).
 31422 | Abyss:2  | 31422 ||| Stepping ~*~*~tactically~*~*~ (stealth).
 31423 | Abyss:2  | 31423 ||| Stepping ~*~*~tactically~*~*~ (stealth).
 31483 | Abyss:2  | 31483 ||| Stepping ~*~*~tactically~*~*~ (stealth).
 31485 | Abyss:2  | 31485 ||| Stepping ~*~*~tactically~*~*~ (hiding).
 31522 | Abyss:2  | 31522 ||| Stepping ~*~*~tactically~*~*~ (stealth).
 31531 | Abyss:2  | 31531 ||| Stepping ~*~*~tactically~*~*~ (stealth).
 31542 | Abyss:2  | 31542 ||| Stepping ~*~*~tactically~*~*~ (stealth).
 31573 | Abyss:2  | Found an ornate altar of the Wu Jian Council.
 31618 | Abyss:2  | 31618 ||| Stepping ~*~*~tactically~*~*~ (stealth).
 31632 | Abyss:2  | 31632 ||| INVOKING Heroism.
 31633 | Abyss:2  | 31633 ||| INVOKING Finesse.
 31649 | Abyss:2  | 31649 ||| Stepping ~*~*~tactically~*~*~ (stealth).
 31651 | Abyss:2  | 31651 ||| Stepping ~*~*~tactically~*~*~ (stealth).
 31652 | Abyss:2  | 31652 ||| Stepping ~*~*~tactically~*~*~ (stealth).
 31688 | Abyss:2  | 31688 ||| Stepping ~*~*~tactically~*~*~ (stealth).
 31689 | Abyss:2  | 31689 ||| Stepping ~*~*~tactically~*~*~ (hiding).
 31691 | Abyss:2  | 31691 ||| Stepping ~*~*~tactically~*~*~ (cloud).
 31692 | Abyss:2  | 31692 ||| Stepping ~*~*~tactically~*~*~ (cloud).
 31728 | Abyss:2  | 31728 ||| Stepping ~*~*~tactically~*~*~ (hiding).
 31730 | Abyss:2  | 31730 ||| Stepping ~*~*~tactically~*~*~ (hiding).
 31742 | Abyss:2  | 31742 ||| Stepping ~*~*~tactically~*~*~ (stealth).
 31744 | Abyss:2  | 31744 ||| Stepping ~*~*~tactically~*~*~ (hiding).
 31768 | Abyss:2  | 31768 ||| Stepping ~*~*~tactically~*~*~ (stealth).
 31769 | Abyss:2  | 31769 ||| Stepping ~*~*~tactically~*~*~ (stealth).
 31781 | Abyss:2  | Found a basalt altar of Yredelemnul.
 31782 | Abyss:2  | Found a corrupted altar of Lugonu.
 31819 | Abyss:2  | 31819 ||| Stepping ~*~*~tactically~*~*~ (hiding).
 31820 | Abyss:2  | 31820 ||| Stepping ~*~*~tactically~*~*~ (hiding).
 31875 | Abyss:2  | 31875 ||| Stepping ~*~*~tactically~*~*~ (hiding).
 31885 | Vaults:2 | Escaped the Abyss
 31891 | Vaults:2 | 31891 ||| INVOKING Heroism.
 31894 | Vaults:2 | Received a gift from Okawaru
 32025 | Vaults:2 | 32025 ||| Stepping ~*~*~tactically~*~*~ (stealth).
 32035 | Vaults:2 | 32035 ||| INVOKING Heroism.
 32037 | Vaults:2 | 32037 ||| Stepping ~*~*~tactically~*~*~ (hiding).
 32112 | Vaults:2 | 32112 ||| INVOKING Heroism.
 32418 | Vaults:3 | 32418 ||| Stepping ~*~*~tactically~*~*~ (hiding).
 32642 | Vaults:3 | 32642 ||| Stepping ~*~*~tactically~*~*~ (stealth).
 32644 | Vaults:3 | 32644 ||| INVOKING Finesse.
 32645 | Vaults:3 | 32645 ||| INVOKING Heroism.
 32646 | Vaults:3 | 32646 ||| Stepping ~*~*~tactically~*~*~ (stealth).
 32673 | Vaults:3 | 32673 ||| FLEEEEING.
 32674 | Vaults:3 | 32674 ||| FLEEEEING.
 32685 | Vaults:3 | 32685 ||| INVOKING Heroism.
 32755 | Vaults:3 | 32755 ||| Stepping ~*~*~tactically~*~*~ (hiding).
 32767 | Vaults:3 | 32767 ||| INVOKING Heroism.
 32778 | Vaults:3 | Received a gift from Okawaru
 32893 | Vaults:3 | 32893 ||| INVOKING Heroism.
 32982 | Vaults:3 | Found a staircase to the Crypt.
 33069 | Vaults:3 | 33069 ||| INVOKING Heroism.
 33125 | Vaults:3 | Received a gift from Okawaru
 33134 | Vaults:3 | 33134 ||| Stepping ~*~*~tactically~*~*~ (stealth).
 33138 | Vaults:3 | 33138 ||| Stepping ~*~*~tactically~*~*~ (stealth).
 33139 | Vaults:3 | 33139 ||| Stepping ~*~*~tactically~*~*~ (stealth).
 33212 | Vaults:3 | 33212 ||| FLEEEEING.
 33213 | Vaults:3 | 33213 ||| FLEEEEING.
 33214 | Vaults:3 | 33214 ||| FLEEEEING.
 33215 | Vaults:3 | 33215 ||| FLEEEEING.
 33216 | Vaults:3 | 33216 ||| FLEEEEING.
 33217 | Vaults:3 | 33217 ||| FLEEEEING.
 33218 | Vaults:3 | 33218 ||| FLEEEEING.
 33219 | Vaults:3 | 33219 ||| FLEEEEING.
 33220 | Vaults:3 | 33220 ||| FLEEEEING.
 33221 | Vaults:3 | 33221 ||| FLEEEEING.
 33222 | Vaults:3 | 33222 ||| FLEEEEING.
 33223 | Vaults:3 | 33223 ||| FLEEEEING.
 33226 | Vaults:3 | 33226 ||| FLEEEEING.
 33227 | Vaults:3 | 33227 ||| FLEEEEING.
 33228 | Vaults:3 | 33228 ||| FLEEEEING.
 33229 | Vaults:3 | 33229 ||| FLEEEEING.
 33230 | Vaults:3 | 33230 ||| FLEEEEING.
 33231 | Vaults:3 | 33231 ||| FLEEEEING.
 33232 | Vaults:3 | 33232 ||| FLEEEEING.
 33233 | Vaults:3 | 33233 ||| STAIRDANCE
 33337 | Vaults:3 | 33337 ||| STAIRDANCE
 33347 | Vaults:3 | 33347 ||| STAIRDANCE
 33363 | Vaults:3 | 33363 ||| STAIRDANCE
 33480 | Vaults:3 | 33480 ||| STAIRDANCE
 33592 | Vaults:3 | 33592 ||| STAIRDANCE
 33602 | Vaults:3 | 33602 ||| STAIRDANCE
 33612 | Vaults:3 | 33612 ||| Stepping ~*~*~tactically~*~*~ (hiding).
 33614 | Vaults:3 | 33614 ||| Stepping ~*~*~tactically~*~*~ (hiding).
 33615 | Vaults:3 | 33615 ||| Stepping ~*~*~tactically~*~*~ (hiding).
 33623 | Vaults:3 | 33623 ||| INVOKING Heroism.
 33630 | Vaults:3 | Received a gift from Okawaru
 33631 | Vaults:3 | 33631 ||| Stepping ~*~*~tactically~*~*~ (hiding).
 33721 | Vaults:3 | You are sucked into a shaft and drop 1 floor!
 33721 | Vaults:4 | Noticed Donald
 33722 | Vaults:4 | 33722 ||| INVOKING Heroism.
 33724 | Vaults:4 | Paralysed by a great orb of eyes for 2 turns
 33731 | Vaults:4 | Received a gift from Okawaru
 33732 | Vaults:4 | Reached XP level 21. HP: 139/139 MP: 17/28
 33748 | Vaults:4 | Killed Donald
 34323 | Vaults:3 | 34323 ||| Stepping ~*~*~tactically~*~*~ (stealth).
 34330 | Vaults:3 | 34330 ||| INVOKING Heroism.
 34367 | Vaults:3 | 34367 ||| DROPPING +6 ring of dexterity.
 34409 | Vaults:4 | 34409 ||| Stepping ~*~*~tactically~*~*~ (stealth).
 34411 | Vaults:4 | 34411 ||| Stepping ~*~*~tactically~*~*~ (hiding).
 34427 | Vaults:4 | Paralysed by a sphinx for 3 turns
 34432 | Vaults:4 | Identified the +5 plate armour of Fun and Games {Will+
                  | Regen+ Str+3 Dex-5} (Okawaru gifted it to you on level 4 of
                  | the Vaults)
 34432 | Vaults:4 | Received a gift from Okawaru
 34437 | Vaults:4 | 34437 ||| FLEEEEING.
 34441 | Vaults:4 | 34441 ||| FLEEEEING.
 34442 | Vaults:4 | 34442 ||| FLEEEEING.
 34467 | Vaults:4 | Found Lafieg's General Store.
 34487 | Vaults:4 | 34487 ||| FLEEEEING.
 34488 | Vaults:4 | 34488 ||| FLEEEEING.
 34489 | Vaults:4 | 34489 ||| FLEEEEING.
 34498 | Vaults:4 | 34498 ||| Stepping ~*~*~tactically~*~*~ (hiding).
 34531 | Vaults:4 | 34531 ||| INVOKING Heroism.
 34535 | Vaults:4 | 34535 ||| Stepping ~*~*~tactically~*~*~ (stealth).
 34606 | Vaults:4 | 34606 ||| Stepping ~*~*~tactically~*~*~ (stealth).
 34643 | Vaults:4 | 34643 ||| INVOKING Heroism.
 34650 | Vaults:4 | 34650 ||| Stepping ~*~*~tactically~*~*~ (hiding).
 34665 | Vaults:4 | 34665 ||| Stepping ~*~*~tactically~*~*~ (hiding).
 34669 | Vaults:4 | 34669 ||| Stepping ~*~*~tactically~*~*~ (hiding).
 34802 | Vaults:4 | Noticed Zenata
 34803 | Vaults:4 | 34803 ||| Stepping ~*~*~tactically~*~*~ (hiding).
 34810 | Vaults:4 | 34810 ||| INVOKING Heroism.
 34811 | Vaults:4 | 34811 ||| INVOKING Finesse.
 34825 | Vaults:4 | Killed Zenata
 34955 | Vaults:4 | 34955 ||| Stepping ~*~*~tactically~*~*~ (stealth).
 34957 | Vaults:4 | 34957 ||| INVOKING Heroism.
 34965 | Vaults:4 | Reached skill level 18 in Fighting
 34981 | Vaults:4 | 34981 ||| READING scroll of enchant weapon.
 34981 | Vaults:4 | 34981 ||| ENCHANTING +7 vampiric broad axe.
 34988 | Vaults:4 | Found a transporter.
 35107 | Vaults:4 | 35107 ||| Stepping ~*~*~tactically~*~*~ (hiding).
 35108 | Vaults:4 | 35108 ||| Stepping ~*~*~tactically~*~*~ (hiding).
 35329 | Vaults:4 | 35329 ||| Stepping ~*~*~tactically~*~*~ (hiding).
 35400 | Vaults:4 | 35400 ||| Stepping ~*~*~tactically~*~*~ (hiding).
 35536 | Vaults:4 | 35536 ||| Stepping ~*~*~tactically~*~*~ (hiding).
 35538 | Vaults:4 | 35538 ||| Stepping ~*~*~tactically~*~*~ (hiding).
 35807 | Vaults:4 | 35807 ||| INVOKING Heroism.
 35876 | Vaults:4 | 35876 ||| Stepping ~*~*~tactically~*~*~ (hiding).
 35961 | Vaults:4 | 35961 ||| PLANNING SWAMP:4
 36290 | Swamp:4  | Entered Level 4 of the Swamp
 36303 | Swamp:4  | 36303 ||| READING 12 scrolls of teleportation.
 36304 | Swamp:4  | 36304 ||| Stepping randomly (cloudy).
 36305 | Swamp:4  | 36305 ||| INVOKING Heroism.
 36369 | Swamp:4  | 36369 ||| Stepping ~*~*~tactically~*~*~ (stealth).
 36373 | Swamp:4  | 36373 ||| Stepping ~*~*~tactically~*~*~ (stealth).
 36404 | Swamp:4  | Noticed Louise
 36405 | Swamp:4  | 36405 ||| INVOKING Heroism.
 36420 | Swamp:4  | 36420 ||| Stepping ~*~*~tactically~*~*~ (hiding).
 36431 | Swamp:4  | 36431 ||| INVOKING Finesse.
 36435 | Swamp:4  | Killed Louise
 36463 | Swamp:4  | 36463 ||| Stepping ~*~*~tactically~*~*~ (stealth).
 36483 | Swamp:4  | 36483 ||| Stepping ~*~*~tactically~*~*~ (stealth).
 36485 | Swamp:4  | 36485 ||| Stepping ~*~*~tactically~*~*~ (hiding).
 36497 | Swamp:4  | 36497 ||| Stepping ~*~*~tactically~*~*~ (stealth).
 36500 | Swamp:4  | 36500 ||| INVOKING Heroism.
 36507 | Swamp:4  | Received a gift from Okawaru
 36537 | Swamp:4  | 36537 ||| Stepping ~*~*~tactically~*~*~ (hiding).
 36556 | Swamp:4  | 36556 ||| INVOKING Heroism.
 36798 | Swamp:4  | 36798 ||| Stepping ~*~*~tactically~*~*~ (hiding).
 36876 | Swamp:4  | Got a decaying rune of Zot
 36959 | Swamp:4  | 36959 ||| PLANNING DEPTHS
 37265 | Depths:1 | Entered Level 1 of the Depths
 37272 | Depths:1 | 37272 ||| INVOKING Heroism.
 37273 | Depths:1 | 37273 ||| INVOKING Finesse.
 37324 | Depths:1 | 37324 ||| READING scroll of enchant weapon.
 37324 | Depths:1 | 37324 ||| ENCHANTING +8 vampiric broad axe.
 37362 | Depths:1 | Received a gift from Okawaru
 37364 | Depths:1 | 37364 ||| Stepping ~*~*~tactically~*~*~ (stealth).
 37402 | Depths:1 | 37402 ||| Stepping ~*~*~tactically~*~*~ (hiding).
 37403 | Depths:1 | 37403 ||| Stepping ~*~*~tactically~*~*~ (hiding).
 37408 | Depths:1 | 37408 ||| INVOKING Heroism.
 37426 | Depths:1 | 37426 ||| INVOKING Heroism.
 37437 | Depths:1 | Identified the +4 chain mail of the Maze {Str+3} (Okawaru
                  | gifted it to you on level 1 of the Depths)
 37437 | Depths:1 | Received a gift from Okawaru
 37456 | Depths:1 | Reached XP level 22. HP: 143/147 MP: 20/29
 37479 | Depths:1 | 37479 ||| Stepping ~*~*~tactically~*~*~ (stealth).
 37481 | Depths:1 | 37481 ||| Stepping ~*~*~tactically~*~*~ (stealth).
 37483 | Depths:1 | 37483 ||| Stepping ~*~*~tactically~*~*~ (hiding).
 37487 | Depths:1 | 37487 ||| INVOKING Heroism.
 37492 | Depths:1 | 37492 ||| Stepping ~*~*~tactically~*~*~ (hiding).
 37508 | Depths:1 | Reached skill level 21 in Armour
 37529 | Depths:1 | Found Pixy's Weapon Boutique.
 37554 | Depths:1 | Found a one-way gateway to a ziggurat.
 37565 | Depths:1 | 37565 ||| Stepping ~*~*~tactically~*~*~ (hiding).
 37568 | Depths:1 | 37568 ||| INVOKING Heroism.
 37586 | Depths:1 | 37586 ||| Stepping ~*~*~tactically~*~*~ (hiding).
 37588 | Depths:1 | 37588 ||| Stepping ~*~*~tactically~*~*~ (hiding).
 37589 | Depths:1 | 37589 ||| Stepping ~*~*~tactically~*~*~ (hiding).
 37590 | Depths:1 | 37590 ||| Stepping ~*~*~tactically~*~*~ (stealth).
 37594 | Depths:1 | 37594 ||| INVOKING Finesse.
 37596 | Depths:1 | 37596 ||| INVOKING Heroism.
 37680 | Depths:1 | Found a gateway to Hell.
 37738 | Depths:1 | 37738 ||| Stepping ~*~*~tactically~*~*~ (stealth).
 37740 | Depths:1 | 37740 ||| Stepping ~*~*~tactically~*~*~ (hiding).
 37747 | Depths:1 | 37747 ||| UPGRADING to ring of see invisible.
 37749 | Depths:1 | 37749 ||| Stepping randomly (cloudy).
 37750 | Depths:1 | 37750 ||| Stepping ~*~*~tactically~*~*~ (cloud).
 37770 | Depths:1 | 37770 ||| Stepping ~*~*~tactically~*~*~ (hiding).
 37903 | Depths:1 | 37903 ||| INVOKING Finesse.
 37904 | Depths:1 | 37904 ||| Stepping ~*~*~tactically~*~*~ (stealth).
 37905 | Depths:1 | 37905 ||| INVOKING Heroism.
 38029 | Depths:1 | Found Rifril's Tremendous Tomes.
 38139 | Depths:1 | Found a glowing golden altar of the Shining One.
 38152 | Depths:1 | Paralysed by a vampire knight for 5 turns
 38167 | Depths:1 | Found a burning altar of Makhleb.
 38292 | Depths:2 | Noticed Grunn
 38293 | Depths:2 | 38293 ||| INVOKING Heroism.
 38294 | Depths:2 | 38294 ||| STAIRDANCE
 38296 | Depths:1 | 38296 ||| INVOKING Finesse.
 38363 | Depths:2 | 38363 ||| STAIRDANCE
 38365 | Depths:1 | 38365 ||| INVOKING Heroism.
 38366 | Depths:1 | 38366 ||| INVOKING Finesse.
 38415 | Depths:1 | 38415 ||| INVOKING Finesse.
 38480 | Depths:2 | 38480 ||| INVOKING Heroism.
 38481 | Depths:2 | 38481 ||| INVOKING Finesse.
 38497 | Depths:2 | Killed Grunn
 38626 | Depths:2 | 38626 ||| INVOKING Heroism.
 38703 | Depths:2 | 38703 ||| INVOKING Finesse.
 38811 | Depths:2 | 38811 ||| INVOKING Heroism.
 38812 | Depths:2 | 38812 ||| INVOKING Finesse.
 38862 | Depths:2 | 38862 ||| Stepping ~*~*~tactically~*~*~ (stealth).
 38863 | Depths:2 | 38863 ||| Stepping ~*~*~tactically~*~*~ (stealth).
 38865 | Depths:2 | 38865 ||| INVOKING Heroism.
 38885 | Depths:2 | Received a gift from Okawaru
 38931 | Depths:2 | Found a one-way gate leading to the halls of Pandemonium.
 38949 | Depths:2 | Found a sparkling altar of Nemelex Xobeh.
 38984 | Depths:2 | 38984 ||| INVOKING Heroism.
 39014 | Depths:2 | 39014 ||| Stepping ~*~*~tactically~*~*~ (hiding).
 39149 | Depths:2 | 39149 ||| INVOKING Heroism.
 39175 | Depths:2 | 39175 ||| Stepping ~*~*~tactically~*~*~ (hiding).
 39178 | Depths:2 | 39178 ||| Stepping ~*~*~tactically~*~*~ (hiding).
 39301 | Depths:2 | 39301 ||| Stepping ~*~*~tactically~*~*~ (stealth).
 39341 | Depths:2 | 39341 ||| INVOKING Heroism.
 39358 | Depths:2 | Received a gift from Okawaru
 39421 | Depths:2 | Found a one-way gate to the infinite horrors of the Abyss.
 39426 | Depths:2 | 39426 ||| INVOKING Heroism.
 39721 | Depths:2 | Paralysed by a floating eye for 3 turns
 39775 | Depths:2 | 39775 ||| Stepping ~*~*~tactically~*~*~ (stealth).
 39785 | Depths:2 | 39785 ||| INVOKING Heroism.
 40071 | Depths:3 | 40071 ||| Stepping ~*~*~tactically~*~*~ (hiding).
 40072 | Depths:3 | 40072 ||| Stepping ~*~*~tactically~*~*~ (hiding).
 40077 | Depths:3 | 40077 ||| INVOKING Heroism.
 40078 | Depths:3 | 40078 ||| INVOKING Finesse.
 40200 | Depths:3 | 40200 ||| Stepping ~*~*~tactically~*~*~ (hiding).
 40203 | Depths:3 | 40203 ||| Stepping ~*~*~tactically~*~*~ (hiding).
 40204 | Depths:3 | Received a gift from Okawaru
 40205 | Depths:3 | 40205 ||| INVOKING Heroism.
 40318 | Depths:3 | 40318 ||| INVOKING Heroism.
 40366 | Depths:3 | 40366 ||| INVOKING Heroism.
 40394 | Depths:3 | Received a gift from Okawaru
 40433 | Depths:3 | 40433 ||| Stepping ~*~*~tactically~*~*~ (hiding).
 40434 | Depths:3 | 40434 ||| INVOKING Heroism.
 40487 | Depths:3 | 40487 ||| INVOKING Heroism.
 40497 | Depths:3 | Reached XP level 23. HP: 156/156 MP: 19/30
 40517 | Depths:3 | 40517 ||| INVOKING Heroism.
 40524 | Depths:3 | Received a gift from Okawaru
 40543 | Depths:3 | 40543 ||| INVOKING Finesse.
 40604 | Depths:3 | Received a gift from Okawaru
 40627 | Depths:3 | 40627 ||| INVOKING Heroism.
 40701 | Depths:3 | 40701 ||| Stepping ~*~*~tactically~*~*~ (stealth).
 40774 | Depths:3 | 40774 ||| INVOKING Heroism.
 40784 | Depths:3 | Received a gift from Okawaru
 40791 | Depths:3 | Reached skill level 21 in Shields
 40811 | Depths:3 | 40811 ||| FLEEEEING.
 40812 | Depths:3 | 40812 ||| FLEEEEING.
 40813 | Depths:3 | 40813 ||| FLEEEEING.
 40814 | Depths:3 | 40814 ||| FLEEEEING.
 40815 | Depths:3 | 40815 ||| FLEEEEING.
 40816 | Depths:3 | 40816 ||| FLEEEEING.
 40817 | Depths:3 | 40817 ||| FLEEEEING.
 40818 | Depths:3 | 40818 ||| INVOKING Heroism.
 40924 | Depths:3 | 40924 ||| INVOKING Heroism.
 40966 | Depths:3 | Received a gift from Okawaru
 40972 | Depths:3 | 40972 ||| INVOKING Heroism.
 40987 | Depths:3 | 40987 ||| Stepping ~*~*~tactically~*~*~ (hiding).
 40988 | Depths:3 | 40988 ||| Stepping ~*~*~tactically~*~*~ (hiding).
 41005 | Depths:3 | 41005 ||| Stepping ~*~*~tactically~*~*~ (hiding).
 41009 | Depths:3 | 41009 ||| INVOKING Finesse.
 41017 | Depths:3 | Received a gift from Okawaru
 41028 | Depths:3 | 41028 ||| Stepping ~*~*~tactically~*~*~ (stealth).
 41071 | Depths:3 | 41071 ||| Stepping ~*~*~tactically~*~*~ (stealth).
 41072 | Depths:3 | 41072 ||| Stepping ~*~*~tactically~*~*~ (stealth).
 41073 | Depths:3 | 41073 ||| INVOKING Heroism.
 41093 | Depths:3 | Reached skill level 21 in Fighting
 41109 | Depths:3 | Received a gift from Okawaru
 41119 | Depths:3 | Identified the +6 arbalest of Yredelemnul's Hope {penet,
                  | rElec rPois rCorr Str+4}
 41199 | Depths:3 | 41199 ||| INVOKING Heroism.
 41356 | Depths:3 | 41356 ||| INVOKING Heroism.
 41364 | Depths:3 | 41364 ||| INVOKING Finesse.
 41368 | Depths:3 | 41368 ||| Stepping ~*~*~tactically~*~*~ (hiding).
 41424 | Depths:3 | 41424 ||| Stepping ~*~*~tactically~*~*~ (hiding).
 41473 | Depths:3 | 41473 ||| INVOKING Heroism.
 41511 | Depths:3 | 41511 ||| INVOKING Finesse.
 41518 | Depths:3 | 41518 ||| INVOKING Heroism.
 41560 | Depths:3 | 41560 ||| DROPPING amulet of magic regeneration.
 41607 | Depths:4 | Entered Level 4 of the Depths
 41608 | Depths:4 | 41608 ||| PLANNING WIZLAB
 41608 | Depths:4 | 41608 ||| INVOKING Heroism.
 41623 | Depths:4 | Reached skill level 12 in Throwing
 41748 | Depths:4 | 41748 ||| INVOKING Heroism.
 41769 | Depths:4 | Received a gift from Okawaru
 41791 | Depths:4 | Reached skill level 6 in Dodging
 41867 | Depths:4 | 41867 ||| Stepping ~*~*~tactically~*~*~ (stealth).
 41869 | Depths:4 | 41869 ||| INVOKING Heroism.
 41920 | Depths:4 | 41920 ||| INVOKING Heroism.
 42006 | Depths:4 | Found Coihuis's Commerce Corner.
 42009 | Depths:4 | 42009 ||| INVOKING Heroism.
 42059 | Depths:4 | 42059 ||| INVOKING Heroism.
 42132 | Depths:4 | 42132 ||| INVOKING Heroism.
 42323 | Depths:4 | 42323 ||| INVOKING Heroism.
 42372 | Depths:4 | Found a magical portal.
 42378 | WizLab   | Entered Alistair's Party Mansion
 42402 | WizLab   | 42402 ||| READING 14 scrolls of teleportation.
 42457 | WizLab   | 42457 ||| INVOKING Heroism.
 42466 | WizLab   | Received a gift from Okawaru
 42484 | WizLab   | 42484 ||| Stepping ~*~*~tactically~*~*~ (hiding).
 42507 | WizLab   | 42507 ||| READING 13 scrolls of teleportation.
 42525 | WizLab   | 42525 ||| Stepping ~*~*~tactically~*~*~ (hiding).
 42527 | WizLab   | 42527 ||| Stepping ~*~*~tactically~*~*~ (hiding).
 42532 | WizLab   | Reached XP level 24. HP: 168/168 MP: 21/30
 42598 | WizLab   | 42598 ||| Stepping ~*~*~tactically~*~*~ (stealth).
 42613 | WizLab   | 42613 ||| Stepping ~*~*~tactically~*~*~ (hiding).
 42633 | WizLab   | 42633 ||| READING scroll of acquirement.
 42633 | WizLab   | 42633 ||| ACQUIRING +2 broad axe of holy wrath
 42633 | WizLab   | Acquired a +2 broad axe of holy wrath
 42652 | WizLab   | 42652 ||| Stepping ~*~*~tactically~*~*~ (hiding).
 42653 | WizLab   | 42653 ||| Stepping ~*~*~tactically~*~*~ (stealth).
 42663 | WizLab   | 42663 ||| INVOKING Heroism.
 42667 | WizLab   | 42667 ||| Stepping ~*~*~tactically~*~*~ (hiding).
 42679 | WizLab   | 42679 ||| DRINKING 4 potions of cancellation.
 42707 | WizLab   | 42707 ||| DRINKING 20 potions of curing.
 42707 | WizLab   | 42707 ||| (to cure confusion)
 42708 | WizLab   | 42708 ||| INVOKING Heroism.
 42712 | WizLab   | 42712 ||| DRINKING 3 potions of cancellation.
 42744 | WizLab   | 42744 ||| Stepping ~*~*~tactically~*~*~ (stealth).
 42747 | WizLab   | 42747 ||| Stepping ~*~*~tactically~*~*~ (stealth).
 42748 | WizLab   | 42748 ||| Stepping ~*~*~tactically~*~*~ (stealth).
 42761 | WizLab   | 42761 ||| Stepping ~*~*~tactically~*~*~ (hiding).
 42782 | WizLab   | Received a gift from Okawaru
 42800 | WizLab   | 42800 ||| Stepping ~*~*~tactically~*~*~ (stealth).
 42810 | WizLab   | 42810 ||| READING scroll of acquirement.
 42810 | WizLab   | 42810 ||| ACQUIRING +1 pair of gloves of dexterity
 42810 | WizLab   | Acquired a +1 pair of gloves of dexterity
 42812 | WizLab   | 42812 ||| UPGRADING to +1 pair of gloves of dexterity.
 42822 | WizLab   | 42822 ||| DROPPING +2 pair of gloves.
 42823 | WizLab   | 42823 ||| READING 5 scrolls of enchant armour.
 42823 | WizLab   | 42823 ||| ENCHANTING +1 pair of gloves of dexterity.
 42828 | WizLab   | 42828 ||| Stepping ~*~*~tactically~*~*~ (stealth).
 42831 | WizLab   | 42831 ||| Stepping ~*~*~tactically~*~*~ (hiding).
 42853 | WizLab   | 42853 ||| READING 13 scrolls of teleportation.
 42861 | WizLab   | 42861 ||| INVOKING Heroism.
 43069 | WizLab   | 43069 ||| Stepping ~*~*~tactically~*~*~ (hiding).
 43310 | Depths:4 | 43310 ||| PLANNING DEPTHS
 43310 | Depths:4 | 43310 ||| READING 12 scrolls of teleportation.
 43431 | Depths:4 | Found a gate to the Realm of Zot.
 43598 | Depths:4 | 43598 ||| PLANNING VAULTS:5
 43838 | Vaults:5 | Entered Level 5 of the Vaults
 43839 | Vaults:5 | 43839 ||| STAIRDANCE
 43846 | Vaults:5 | 43846 ||| STAIRDANCE
 43848 | Vaults:4 | 43848 ||| INVOKING Heroism.
 43869 | Vaults:5 | 43869 ||| STAIRDANCE
 43891 | Vaults:5 | 43891 ||| STAIRDANCE
 43893 | Vaults:4 | 43893 ||| INVOKING Heroism.
 43907 | Vaults:4 | Received a gift from Okawaru
 43918 | Vaults:5 | 43918 ||| STAIRDANCE
 43937 | Vaults:5 | 43937 ||| STAIRDANCE
 43969 | Vaults:5 | 43969 ||| INVOKING Heroism.
 43991 | Vaults:5 | 43991 ||| Stepping ~*~*~tactically~*~*~ (hiding).
 43996 | Vaults:5 | 43996 ||| INVOKING Heroism.
 44002 | Vaults:5 | 44002 ||| Stepping ~*~*~tactically~*~*~ (hiding).
 44062 | Vaults:5 | 44062 ||| Stepping ~*~*~tactically~*~*~ (hiding).
 44087 | Vaults:5 | 44087 ||| INVOKING Heroism.
 44093 | Vaults:5 | 44093 ||| STAIRDANCE
 44205 | Vaults:5 | Noticed a dread lich
 44206 | Vaults:5 | 44206 ||| STAIRDANCE
 44318 | Vaults:5 | 44318 ||| STAIRDANCE
 44332 | Vaults:5 | Noticed Bai Suzhen
 44332 | Vaults:5 | Paralysed by a dread lich for 3 turns
 44335 | Vaults:5 | 44335 ||| STAIRDANCE
 44337 | Vaults:4 | 44337 ||| INVOKING Heroism.
 44338 | Vaults:4 | 44338 ||| INVOKING Finesse.
 44347 | Vaults:4 | Killed a dread lich
 44347 | Vaults:4 | Received a gift from Okawaru
 44354 | Vaults:4 | Killed Bai Suzhen
 44355 | Vaults:4 | 44355 ||| Stepping ~*~*~tactically~*~*~ (cloud).
 44398 | Vaults:5 | 44398 ||| STAIRDANCE
 44413 | Vaults:5 | 44413 ||| STAIRDANCE
 44422 | Vaults:4 | Received a gift from Okawaru
 44429 | Vaults:5 | 44429 ||| STAIRDANCE
 44447 | Vaults:5 | 44447 ||| STAIRDANCE
 44458 | Vaults:5 | 44458 ||| STAIRDANCE
 44460 | Vaults:4 | 44460 ||| INVOKING Heroism.
 44480 | Vaults:5 | 44480 ||| STAIRDANCE
 44492 | Vaults:5 | 44492 ||| STAIRDANCE
 44503 | Vaults:5 | 44503 ||| STAIRDANCE
 44535 | Vaults:5 | 44535 ||| STAIRDANCE
 44537 | Vaults:4 | 44537 ||| INVOKING Heroism.
 44577 | Abyss:2  | Found a stormy altar of Qazlal.
 44577 | Abyss:2  | Cast into level 2 of the Abyss (a deep elf sorcerer)
 44608 | Abyss:2  | 44608 ||| Stepping ~*~*~tactically~*~*~ (hiding).
 44610 | Abyss:2  | 44610 ||| Stepping ~*~*~tactically~*~*~ (hiding).
 44612 | Abyss:2  | 44612 ||| Stepping ~*~*~tactically~*~*~ (hiding).
 44613 | Abyss:2  | 44613 ||| Stepping ~*~*~tactically~*~*~ (hiding).
 44614 | Abyss:2  | 44614 ||| Stepping ~*~*~tactically~*~*~ (hiding).
 44616 | Abyss:2  | 44616 ||| INVOKING Heroism.
 44709 | Abyss:2  | 44709 ||| Stepping ~*~*~tactically~*~*~ (stealth).
 44713 | Abyss:2  | 44713 ||| Stepping ~*~*~tactically~*~*~ (hiding).
 44751 | Abyss:2  | 44751 ||| Stepping ~*~*~tactically~*~*~ (stealth).
 44754 | Abyss:2  | 44754 ||| INVOKING Heroism.
 44783 | Abyss:2  | 44783 ||| INVOKING Heroism.
 44793 | Abyss:2  | 44793 ||| Stepping ~*~*~tactically~*~*~ (stealth).
 44797 | Abyss:2  | 44797 ||| DRINKING 6 potions of resistance.
 44820 | Abyss:2  | 44820 ||| INVOKING Heroism.
 44834 | Abyss:2  | 44834 ||| Stepping ~*~*~tactically~*~*~ (hiding).
 44846 | Abyss:2  | 44846 ||| Stepping ~*~*~tactically~*~*~ (hiding).
 44871 | Abyss:2  | 44871 ||| Stepping ~*~*~tactically~*~*~ (stealth).
 44878 | Vaults:5 | Escaped the Abyss
 44891 | Vaults:5 | Received a gift from Okawaru
 44893 | Vaults:5 | 44893 ||| INVOKING Heroism.
 44898 | Vaults:5 | Reached skill level 9 in Dodging
 44901 | Vaults:5 | Reached XP level 25. HP: 176/176 MP: 20/30
 44904 | Vaults:5 | Gained mutation: You are agile. (Dex +4, Str/Int -1) [a
                  | cacodemon]
 44905 | Vaults:5 | Identified the +9 war axe of the Boar {vorpal, rPois Str-5
                  | Dex+7} (Okawaru gifted it to you on level 5 of the Vaults)
 44905 | Vaults:5 | Received a gift from Okawaru
 44919 | Vaults:5 | Noticed an ancient lich
 44920 | Vaults:5 | 44920 ||| INVOKING Finesse.
 44926 | Abyss:3  | Cast into level 3 of the Abyss (a deep elf demonologist)
 44964 | Abyss:3  | 44964 ||| Stepping ~*~*~tactically~*~*~ (stealth).
 44966 | Abyss:3  | 44966 ||| Stepping ~*~*~tactically~*~*~ (stealth).
 44967 | Abyss:3  | 44967 ||| Stepping ~*~*~tactically~*~*~ (stealth).
 44968 | Abyss:3  | 44968 ||| Stepping ~*~*~tactically~*~*~ (stealth).
 44969 | Abyss:3  | 44969 ||| Stepping ~*~*~tactically~*~*~ (stealth).
 45027 | Abyss:3  | 45027 ||| Stepping ~*~*~tactically~*~*~ (stealth).
 45058 | Abyss:3  | 45058 ||| Stepping ~*~*~tactically~*~*~ (stealth).
 45070 | Abyss:3  | 45070 ||| Stepping ~*~*~tactically~*~*~ (stealth).
 45071 | Abyss:3  | 45071 ||| Stepping ~*~*~tactically~*~*~ (stealth).
 45072 | Abyss:3  | 45072 ||| Stepping ~*~*~tactically~*~*~ (stealth).
 45144 | Abyss:3  | 45144 ||| Stepping ~*~*~tactically~*~*~ (hiding).
 45146 | Abyss:3  | 45146 ||| INVOKING Heroism.
 45168 | Abyss:3  | 45168 ||| INVOKING Finesse.
 45191 | Abyss:3  | 45191 ||| Stepping ~*~*~tactically~*~*~ (stealth).
 45231 | Abyss:3  | 45231 ||| Stepping ~*~*~tactically~*~*~ (stealth).
 45237 | Abyss:3  | 45237 ||| INVOKING Heroism.
 45259 | Abyss:3  | 45259 ||| Stepping ~*~*~tactically~*~*~ (stealth).
 45260 | Abyss:3  | 45260 ||| Stepping ~*~*~tactically~*~*~ (stealth).
 45261 | Abyss:3  | 45261 ||| Stepping ~*~*~tactically~*~*~ (hiding).
 45262 | Abyss:3  | 45262 ||| Stepping ~*~*~tactically~*~*~ (hiding).
 45265 | Abyss:3  | 45265 ||| INVOKING Heroism.
 45280 | Vaults:5 | Escaped the Abyss
 45281 | Vaults:5 | 45281 ||| INVOKING Finesse.
 45298 | Vaults:5 | Identified the +8 flail of the Bruised Dreams {vorpal,
                  | Str+6}
 45301 | Vaults:5 | Killed an ancient lich
 45301 | Vaults:5 | Received a gift from Okawaru
 45366 | Vaults:5 | Reached skill level 24 in Fighting
 45370 | Vaults:5 | 45370 ||| INVOKING Heroism.
 45386 | Vaults:5 | Paralysed by a sphinx for 3 turns
 45390 | Vaults:5 | 45390 ||| DRINKING 19 potions of curing.
 45390 | Vaults:5 | 45390 ||| (to cure confusion)
 45391 | Vaults:5 | Identified the +3 dire flail of Fixation {freeze, rF+ rN+
                  | Str-4 Int+5}
 45583 | Vaults:5 | Identified the +2 falchion "Xokh" {drain, Dex+3}
 45762 | Vaults:5 | Got a silver rune of Zot
 45767 | Vaults:5 | Identified the quicksilver dragon scales of Impressiveness
                  | {Will+ Dex+4 SInv}
 45853 | Vaults:5 | Identified the +8 trident "Beastbane" {flame, rPois Str-4
                  | Int+2}
 46124 | Vaults:5 | Identified the +1 ring mail "Pogyim" {SInv}
 46229 | Vaults:5 | 46229 ||| PLANNING SHOPPING SPREE
 46229 | Vaults:5 | 46229 ||| DROPPING +6 ring of strength.
 46230 | Vaults:5 | 46230 ||| DROPPING ring of wizardry.
 46231 | Vaults:5 | 46231 ||| DROPPING ring of Satyriasis {Wiz Str+5}.
 46457 | Orc:2    | 46457 ||| PLANNING ZOT:1-4
 46762 | Zot:1    | Entered Level 1 of the Realm of Zot
 46865 | Zot:1    | 46865 ||| Stepping ~*~*~tactically~*~*~ (hiding).
 46876 | Zot:1    | 46876 ||| Stepping ~*~*~tactically~*~*~ (stealth).
 46877 | Zot:1    | 46877 ||| Stepping ~*~*~tactically~*~*~ (stealth).
 46930 | Zot:1    | 46930 ||| Stepping ~*~*~tactically~*~*~ (stealth).
 46949 | Zot:1    | 46949 ||| INVOKING Heroism.
 46984 | Zot:1    | 46984 ||| Stepping ~*~*~tactically~*~*~ (hiding).
 46987 | Zot:1    | 46987 ||| Stepping ~*~*~tactically~*~*~ (hiding).
 47156 | Zot:1    | 47156 ||| Stepping ~*~*~tactically~*~*~ (hiding).
 47163 | Zot:1    | 47163 ||| INVOKING Heroism.
 47171 | Zot:1    | 47171 ||| Stepping ~*~*~tactically~*~*~ (cloud).
 47212 | Zot:1    | 47212 ||| INVOKING Heroism.
 47280 | Zot:1    | 47280 ||| INVOKING Heroism.
 47290 | Zot:1    | Found the +4 dragonskin cloak
 47290 | Zot:1    | Noticed Tiamat
 47322 | Zot:1    | 47322 ||| Stepping ~*~*~tactically~*~*~ (cloud).
 47323 | Zot:1    | 47323 ||| INVOKING Finesse.
 47344 | Zot:1    | 47344 ||| INVOKING Heroism.
 47372 | Zot:1    | Killed Tiamat
 47541 | Zot:1    | 47541 ||| Stepping ~*~*~tactically~*~*~ (hiding).
 47548 | Zot:1    | 47548 ||| Stepping ~*~*~tactically~*~*~ (stealth).
 47557 | Zot:1    | 47557 ||| INVOKING Heroism.
 47678 | Zot:1    | 47678 ||| UPGRADING to +4 dragonskin cloak.
 47688 | Zot:1    | 47688 ||| DROPPING +2 cloak.
 47689 | Zot:1    | 47689 ||| UPGRADING to ring of protection from fire.
 47691 | Zot:1    | 47691 ||| DROPPING ring of see invisible.
 47712 | Zot:2    | 47712 ||| INVOKING Heroism.
 47720 | Zot:2    | Received a gift from Okawaru
 47723 | Zot:2    | Reached XP level 26. HP: 188/188 MP: 20/30
 47741 | Zot:2    | Identified the +6 scale mail of Okawaru's Benevolence
                  | {Will+ Int+4 Dex+3} (Okawaru gifted it to you on level 2 of
                  | the Realm of Zot)
 47741 | Zot:2    | Received a gift from Okawaru
 47845 | Zot:2    | Noticed a Killer Klown
 47846 | Zot:2    | 47846 ||| INVOKING Heroism.
 47847 | Zot:2    | 47847 ||| INVOKING Finesse.
 47871 | Zot:2    | Killed a Killer Klown
 47958 | Zot:2    | 47958 ||| INVOKING Heroism.
 48026 | Zot:2    | 48026 ||| Stepping ~*~*~tactically~*~*~ (stealth).
 48075 | Zot:2    | Reached skill level 15 in Throwing
 48165 | Zot:2    | 48165 ||| Stepping ~*~*~tactically~*~*~ (hiding).
 48196 | Zot:2    | 48196 ||| INVOKING Heroism.
 48315 | Zot:2    | 48315 ||| Stepping ~*~*~tactically~*~*~ (stealth).
 48316 | Zot:2    | 48316 ||| Stepping ~*~*~tactically~*~*~ (stealth).
 48384 | Zot:2    | 48384 ||| INVOKING Heroism.
 48518 | Zot:2    | 48518 ||| Stepping ~*~*~tactically~*~*~ (hiding).
 49187 | Zot:2    | 49187 ||| DROPPING 24 boomerangs.
 49188 | Zot:2    | 49188 ||| DROPPING 2 silver boomerangs.
 49189 | Zot:2    | 49189 ||| DROPPING 6 boomerangs of dispersal.
 49283 | Zot:3    | 49283 ||| Stepping ~*~*~tactically~*~*~ (hiding).
 49287 | Zot:3    | 49287 ||| INVOKING Heroism.
 49615 | Zot:3    | 49615 ||| READING 11 scrolls of teleportation.
 49622 | Zot:3    | 49622 ||| FLEEEEING.
 49623 | Zot:3    | 49623 ||| FLEEEEING.
 49624 | Zot:3    | 49624 ||| FLEEEEING.
 49761 | Zot:3    | 49761 ||| Stepping ~*~*~tactically~*~*~ (hiding).
 49768 | Zot:3    | 49768 ||| INVOKING Heroism.
 49784 | Zot:3    | 49784 ||| Stepping ~*~*~tactically~*~*~ (hiding).
 49788 | Zot:3    | 49788 ||| Stepping ~*~*~tactically~*~*~ (hiding).
 49827 | Zot:3    | 49827 ||| INVOKING Heroism.
 50260 | Zot:4    | 50260 ||| INVOKING Heroism.
 50286 | Zot:4    | Identified the +0 helmet of Ixkeid {Int+7} (Okawaru gifted
                  | it to you on level 4 of the Realm of Zot)
 50286 | Zot:4    | Received a gift from Okawaru
 50352 | Zot:4    | 50352 ||| Stepping randomly (disturbance).
 50353 | Zot:4    | 50353 ||| Stepping randomly (disturbance).
 50514 | Zot:4    | 50514 ||| INVOKING Heroism.
 50616 | Zot:4    | 50616 ||| INVOKING Heroism.
 50820 | Zot:4    | 50820 ||| INVOKING Heroism.
 51007 | Zot:4    | Noticed Vv
 51008 | Zot:4    | 51008 ||| Stepping ~*~*~tactically~*~*~ (hiding).
 51011 | Zot:4    | 51011 ||| DRINKING 5 potions of resistance.
 51013 | Zot:4    | 51013 ||| INVOKING Heroism.
 51014 | Zot:4    | 51014 ||| INVOKING Finesse.
 51033 | Zot:4    | Killed Vv
 51080 | Zot:4    | 51080 ||| PLANNING THE SHINING ONE WORSHIP
 51080 | Zot:4    | 51080 ||| DROPPING +0 helmet of Ixkeid {Int+7}.
 51081 | Zot:4    | 51081 ||| UPGRADING to +4 ring of slaying {mikee}.
 51298 | Depths:1 | Fell from the grace of Okawaru
 51298 | Depths:1 | Became a worshipper of the Shining One
 51299 | Depths:1 | 51299 ||| PLANNING CRYPT
 51299 | Depths:1 | 51299 ||| SWAPPING to +2 broad axe of holy wrath.
 51300 | Depths:1 | 51300 ||| READING 2 scrolls of enchant weapon.
 51300 | Depths:1 | 51300 ||| ENCHANTING +2 broad axe of holy wrath.
 51301 | Depths:1 | 51301 ||| READING scroll of enchant weapon.
 51301 | Depths:1 | 51301 ||| ENCHANTING +3 broad axe of holy wrath.
 51336 | Depths:1 | 51336 ||| SWAPPING to +2 broad axe of flaming.
 51337 | Depths:1 | 51337 ||| READING scroll of brand weapon.
 51337 | Depths:1 | 51337 ||| BRANDING +2 broad axe of flaming.
 51479 | Crypt:1  | Entered Level 1 of the Crypt
 51503 | Crypt:1  | 51503 ||| Stepping ~*~*~tactically~*~*~ (hiding).
 51509 | Crypt:1  | 51509 ||| Stepping ~*~*~tactically~*~*~ (hiding).
 51531 | Crypt:1  | Reached * piety under the Shining One
 51563 | Crypt:1  | Reached skill level 12 in Invocations
 51589 | Crypt:1  | Reached XP level 27. HP: 197/197 MP: 23/32
 51611 | Crypt:1  | Reached ** piety under the Shining One
 51974 | Crypt:2  | 51974 ||| Stepping ~*~*~tactically~*~*~ (stealth).
 51978 | Crypt:2  | 51978 ||| Stepping ~*~*~tactically~*~*~ (hiding).
 51982 | Crypt:2  | 51982 ||| Stepping ~*~*~tactically~*~*~ (hiding).
 51983 | Crypt:2  | 51983 ||| Stepping ~*~*~tactically~*~*~ (hiding).
 51995 | Crypt:2  | Reached *** piety under the Shining One
 52147 | Crypt:2  | Reached **** piety under the Shining One
 52200 | Crypt:2  | 52200 ||| FLEEEEING.
 52201 | Crypt:2  | 52201 ||| FLEEEEING.
 52345 | Crypt:2  | 52345 ||| FLEEEEING.
 52346 | Crypt:2  | 52346 ||| FLEEEEING.
 52347 | Crypt:2  | 52347 ||| FLEEEEING.
 52348 | Crypt:2  | 52348 ||| FLEEEEING.
 52349 | Crypt:2  | 52349 ||| FLEEEEING.
 52350 | Crypt:2  | 52350 ||| FLEEEEING.
 52351 | Crypt:2  | 52351 ||| FLEEEEING.
 52352 | Crypt:2  | 52352 ||| FLEEEEING.
 52353 | Crypt:2  | 52353 ||| FLEEEEING.
 52354 | Crypt:2  | 52354 ||| FLEEEEING.
 52355 | Crypt:2  | 52355 ||| FLEEEEING.
 52356 | Crypt:2  | 52356 ||| FLEEEEING.
 52357 | Crypt:2  | 52357 ||| FLEEEEING.
 52358 | Crypt:2  | 52358 ||| FLEEEEING.
 52689 | Crypt:2  | Reached ***** piety under the Shining One
 52690 | Crypt:2  | 52690 ||| Stepping ~*~*~tactically~*~*~ (stealth).
 52693 | Crypt:2  | 52693 ||| Stepping ~*~*~tactically~*~*~ (stealth).
 52697 | Crypt:2  | 52697 ||| Stepping ~*~*~tactically~*~*~ (stealth).
 52863 | Crypt:3  | Entered Level 3 of the Crypt
 52869 | Crypt:3  | 52869 ||| Stepping ~*~*~tactically~*~*~ (hiding).
 52872 | Crypt:3  | 52872 ||| Stepping ~*~*~tactically~*~*~ (hiding).
 52929 | Crypt:3  | 52929 ||| Stepping ~*~*~tactically~*~*~ (hiding).
 52930 | Crypt:3  | 52930 ||| Stepping ~*~*~tactically~*~*~ (hiding).
 52989 | Crypt:3  | 52989 ||| Stepping ~*~*~tactically~*~*~ (hiding).
 52998 | Crypt:3  | 52998 ||| Stepping randomly (cloudy).
 52999 | Crypt:3  | 52999 ||| Stepping randomly (cloudy).
 53000 | Crypt:3  | 53000 ||| Stepping randomly (cloudy).
 53001 | Crypt:3  | 53001 ||| Stepping randomly (cloudy).
 53023 | Crypt:3  | 53023 ||| Stepping ~*~*~tactically~*~*~ (stealth).
 53074 | Crypt:3  | 53074 ||| INVOKING Cleansing Flame.
 53079 | Crypt:3  | Reached skill level 15 in Invocations
 53104 | Crypt:3  | 53104 ||| READING scroll of enchant weapon.
 53104 | Crypt:3  | 53104 ||| ENCHANTING +2 broad axe of electrocution.
 53141 | Crypt:3  | 53141 ||| FLEEEEING.
 53141 | Crypt:3  | Reached ****** piety under the Shining One
 53142 | Crypt:3  | 53142 ||| FLEEEEING.
 53145 | Crypt:3  | 53145 ||| FLEEEEING.
 53146 | Crypt:3  | 53146 ||| FLEEEEING.
 53147 | Crypt:3  | 53147 ||| FLEEEEING.
 53148 | Crypt:3  | 53148 ||| FLEEEEING.
 53149 | Crypt:3  | 53149 ||| FLEEEEING.
 53151 | Crypt:3  | 53151 ||| FLEEEEING.
 53158 | Crypt:3  | 53158 ||| FLEEEEING.
 53159 | Crypt:3  | 53159 ||| FLEEEEING.
 53160 | Crypt:3  | 53160 ||| FLEEEEING.
 53161 | Crypt:3  | 53161 ||| FLEEEEING.
 53162 | Crypt:3  | 53162 ||| FLEEEEING.
 53163 | Crypt:3  | 53163 ||| FLEEEEING.
 53164 | Crypt:3  | 53164 ||| FLEEEEING.
 53232 | Crypt:3  | 53232 ||| INVOKING Brand Weapon With Holy Wrath.
 53232 | Crypt:3  | Identified a +9 broad axe of holy wrath (a +9 vampiric
                  | broad axe blessed by the Shining One)
 53232 | Crypt:3  | Received a gift from the Shining One
 53233 | Crypt:3  | 53233 ||| SWAPPING to +9 broad axe of holy wrath.
 53234 | Crypt:3  | 53234 ||| DROPPING +3 broad axe of electrocution.
 53235 | Crypt:3  | 53235 ||| DROPPING +4 broad axe of holy wrath.
 53287 | Crypt:3  | 53287 ||| Stepping ~*~*~tactically~*~*~ (stealth).
 53298 | Crypt:3  | 53298 ||| Stepping ~*~*~tactically~*~*~ (hiding).
 53300 | Crypt:3  | 53300 ||| INVOKING Cleansing Flame.
 53317 | Crypt:3  | Found a staircase to the Tomb.
 53359 | Crypt:3  | 53359 ||| Stepping ~*~*~tactically~*~*~ (stealth).
 53361 | Crypt:3  | 53361 ||| INVOKING Summon Divine Warrior.
 53418 | Crypt:3  | Found the macabre finger necklace {rN+}
 53471 | Crypt:3  | 53471 ||| INVOKING Cleansing Flame.
 53473 | Crypt:3  | 53473 ||| INVOKING Cleansing Flame.
 53538 | Crypt:3  | Noticed an ancient lich
 53538 | Crypt:3  | Noticed a dread lich
 53539 | Crypt:3  | Found the +4 dagger "Morg" {pain, Will+ Int+5}
 53540 | Crypt:3  | 53540 ||| INVOKING Summon Divine Warrior.
 53552 | Crypt:3  | 53552 ||| INVOKING Cleansing Flame.
 53561 | Crypt:3  | 53561 ||| FLEEEEING.
 53562 | Crypt:3  | 53562 ||| FLEEEEING.
 53695 | Crypt:3  | 53695 ||| INVOKING Cleansing Flame.
 53703 | Crypt:3  | 53703 ||| INVOKING Summon Divine Warrior.
 53716 | Crypt:3  | Gained mutation: Armour fits poorly on your strangely
                  | shaped body. [a cacodemon]
 53721 | Crypt:3  | Gained mutation: Your magical capacity is low. (-10% MP) [a
                  | cacodemon]
 53724 | Crypt:3  | 53724 ||| DRINKING 9 potions of mutation.
 53724 | Crypt:3  | Lost mutation: Armour fits poorly on your strangely shaped
                  | body. [potion of mutation]
 53724 | Crypt:3  | Lost mutation: Your magical capacity is low. (-10% MP)
                  | [potion of mutation]
 53724 | Crypt:3  | Gained mutation: Your body sometimes deteriorates upon
                  | taking damage. [potion of mutation]
 53727 | Crypt:3  | 53727 ||| Stepping randomly (cloudy).
 53728 | Crypt:3  | 53728 ||| Stepping ~*~*~tactically~*~*~ (cloud).
 53730 | Crypt:3  | Gained mutation: You are frail. (-10% HP) [a cacodemon]
 53740 | Crypt:3  | 53740 ||| DRINKING 8 potions of mutation.
 53740 | Crypt:3  | Lost mutation: You are agile. (Dex +4, Str/Int -1) [potion
                  | of mutation]
 53740 | Crypt:3  | Lost mutation: You have sharp toenails. [potion of
                  | mutation]
 53740 | Crypt:3  | Lost mutation: You are frail. (-10% HP) [potion of
                  | mutation]
 53740 | Crypt:3  | Gained mutation: You are clumsy. (Dex -2) [potion of
                  | mutation]
 53740 | Crypt:3  | Gained mutation: You are dopey. (Int -2) [potion of
                  | mutation]
 53747 | Crypt:3  | 53747 ||| INVOKING Summon Divine Warrior.
 53749 | Crypt:3  | 53749 ||| INVOKING Cleansing Flame.
 53749 | Crypt:3  | HP: 49/197 [balrug/fireball[a dread lich] (36)]
 53750 | Crypt:3  | 53750 ||| READING 11 scrolls of teleportation.
 53751 | Crypt:3  | 53751 ||| INVOKING Cleansing Flame.
 53752 | Crypt:3  | 53752 ||| INVOKING Cleansing Flame.
 54185 | Crypt:3  | 54185 ||| INVOKING Summon Divine Warrior.
 54193 | Crypt:3  | 54193 ||| INVOKING Cleansing Flame.
 54196 | Crypt:3  | 54196 ||| INVOKING Cleansing Flame.
 54213 | Crypt:3  | 54213 ||| INVOKING Cleansing Flame.
 54229 | Crypt:3  | 54229 ||| DRINKING 5 potions of resistance.
 54237 | Crypt:3  | Killed an ancient lich
 54239 | Crypt:3  | 54239 ||| INVOKING Cleansing Flame.
 54240 | Crypt:3  | 54240 ||| INVOKING Cleansing Flame.
 54271 | Crypt:3  | 54271 ||| INVOKING Cleansing Flame.
 54286 | Crypt:3  | Killed a dread lich
 54396 | Crypt:3  | Noticed a dread lich
 54397 | Crypt:3  | 54397 ||| INVOKING Summon Divine Warrior.
 54402 | Crypt:3  | Killed a dread lich
 54424 | Crypt:3  | Identified the +2 ring mail of the Marlin {Str+3 Dex+4
                  | SInv}
 54658 | Crypt:2  | Found a basalt altar of Yredelemnul.
 54661 | Crypt:2  | 54661 ||| PLANNING TOMB
 54728 | Tomb:1   | Entered Level 1 of the Tomb of the Ancients
 54902 | Tomb:1   | 54902 ||| DRINKING 20 potions of curing.
 54902 | Tomb:1   | 54902 ||| (to cure confusion)
 55029 | Tomb:1   | 55029 ||| INVOKING Summon Divine Warrior.
 55031 | Tomb:1   | Noticed a royal mummy
 55032 | Tomb:1   | 55032 ||| INVOKING Cleansing Flame.
 55035 | Tomb:1   | 55035 ||| INVOKING Cleansing Flame.
 55036 | Tomb:1   | 55036 ||| INVOKING Cleansing Flame.
 55040 | Tomb:1   | 55040 ||| INVOKING Cleansing Flame.
 55041 | Tomb:1   | 55041 ||| INVOKING Cleansing Flame.
 55041 | Tomb:1   | Killed a royal mummy
 55046 | Tomb:1   | 55046 ||| DRINKING 4 potions of magic.
 55046 | Tomb:1   | Noticed a royal mummy
 55047 | Tomb:1   | 55047 ||| INVOKING Cleansing Flame.
 55048 | Tomb:1   | 55048 ||| INVOKING Cleansing Flame.
 55051 | Tomb:1   | 55051 ||| INVOKING Cleansing Flame.
 55053 | Tomb:1   | 55053 ||| INVOKING Cleansing Flame.
 55056 | Tomb:1   | Killed a royal mummy
 55060 | Tomb:1   | 55060 ||| INVOKING Cleansing Flame.
 55061 | Tomb:1   | 55061 ||| INVOKING Summon Divine Warrior.
 55184 | Tomb:1   | 55184 ||| INVOKING Cleansing Flame.
 55185 | Tomb:1   | 55185 ||| INVOKING Cleansing Flame.
 55186 | Tomb:1   | 55186 ||| INVOKING Cleansing Flame.
 55687 | Tomb:1   | 55687 ||| DROPPING +1 cloak.
 55713 | Tomb:2   | 55713 ||| DRINKING 9 potions of haste.
 55714 | Tomb:2   | 55714 ||| DRINKING 9 potions of attraction.
 55716 | Tomb:2   | 55716 ||| INVOKING Summon Divine Warrior.
 55718 | Tomb:2   | 55718 ||| INVOKING Cleansing Flame.
 55718 | Tomb:2   | Noticed a royal mummy
 55718 | Tomb:2   | Noticed a royal mummy
 55718 | Tomb:2   | Noticed a royal mummy
 55719 | Tomb:2   | Noticed a royal mummy
 55721 | Tomb:2   | 55721 ||| INVOKING Cleansing Flame.
 55722 | Tomb:2   | 55722 ||| INVOKING Cleansing Flame.
 55722 | Tomb:2   | Noticed a royal mummy
 55723 | Tomb:2   | Killed a royal mummy
 55724 | Tomb:2   | Killed a royal mummy
 55727 | Tomb:2   | Killed a royal mummy
 55728 | Tomb:2   | Killed a royal mummy
 55729 | Tomb:2   | Reached skill level 18 in Invocations
 55735 | Tomb:2   | 55735 ||| INVOKING Cleansing Flame.
 55737 | Tomb:2   | Killed a royal mummy
 55820 | Tomb:2   | 55820 ||| INVOKING Cleansing Flame.
 56114 | Tomb:1   | Noticed a royal mummy
 56114 | Tomb:1   | Noticed a royal mummy
 56114 | Tomb:1   | Noticed a royal mummy
 56114 | Tomb:1   | Noticed a royal mummy
 56114 | Tomb:1   | Noticed a royal mummy
 56114 | Tomb:1   | Noticed a royal mummy
 56114 | Tomb:1   | Noticed a royal mummy
 56114 | Tomb:1   | Noticed a royal mummy
 56114 | Tomb:1   | Noticed a royal mummy
 56114 | Tomb:1   | Noticed a royal mummy
 56115 | Tomb:1   | 56115 ||| INVOKING Cleansing Flame.
 56115 | Tomb:1   | Noticed a royal mummy
 56116 | Tomb:1   | 56116 ||| INVOKING Summon Divine Warrior.
 56120 | Tomb:1   | HP: 43/197 [royal mummy/divine providence (14)]
 56121 | Tomb:1   | 56121 ||| READING 12 scrolls of teleportation.
 56122 | Tomb:1   | 56122 ||| DRINKING 14 potions of heal wounds.
 56123 | Tomb:1   | 56123 ||| DRINKING 13 potions of heal wounds.
 56315 | Tomb:1   | 56315 ||| INVOKING Summon Divine Warrior.
 56322 | Tomb:1   | Killed a royal mummy
 56324 | Tomb:1   | 56324 ||| INVOKING Summon Divine Warrior.
 56328 | Tomb:1   | Killed a royal mummy
 56328 | Tomb:1   | Killed a royal mummy
 56330 | Tomb:1   | 56330 ||| INVOKING Summon Divine Warrior.
 56331 | Tomb:1   | 56331 ||| INVOKING Summon Divine Warrior.
 56332 | Tomb:1   | 56332 ||| DRINKING 3 potions of magic.
 56333 | Tomb:1   | 56333 ||| INVOKING Summon Divine Warrior.
 56334 | Tomb:1   | 56334 ||| INVOKING Summon Divine Warrior.
 56334 | Tomb:1   | HP: 44/197 [royal mummy/divine providence (10)]
 56335 | Tomb:1   | 56335 ||| READING 11 scrolls of teleportation.
 56335 | Tomb:1   | HP: 15/197 [royal mummy/divine providence (15)]
 56336 | Tomb:1   | 56336 ||| DRINKING 12 potions of heal wounds.
 56337 | Tomb:1   | 56337 ||| DRINKING 11 potions of heal wounds.
 56338 | Tomb:1   | 56338 ||| DRINKING 10 potions of heal wounds.
 56506 | Tomb:1   | 56506 ||| INVOKING Summon Divine Warrior.
 56507 | Tomb:1   | 56507 ||| INVOKING Cleansing Flame.
 56510 | Tomb:1   | Killed a royal mummy
 56513 | Tomb:1   | 56513 ||| INVOKING Cleansing Flame.
 56515 | Tomb:1   | 56515 ||| INVOKING Summon Divine Warrior.
 56517 | Tomb:1   | 56517 ||| DRINKING 2 potions of magic.
 56518 | Tomb:1   | 56518 ||| INVOKING Summon Divine Warrior.
 56519 | Tomb:1   | 56519 ||| INVOKING Summon Divine Warrior.
 56523 | Tomb:1   | Killed a royal mummy
 56524 | Tomb:1   | 56524 ||| INVOKING Cleansing Flame.
 56527 | Tomb:1   | HP: 48/197 [emperor scorpion[a royal mummy] (5)]
 56528 | Tomb:1   | 56528 ||| READING 10 scrolls of teleportation.
 56529 | Tomb:1   | 56529 ||| DRINKING 9 potions of heal wounds.
 56813 | Tomb:1   | Noticed a royal mummy
 56817 | Tomb:1   | 56817 ||| INVOKING Cleansing Flame.
 56821 | Tomb:1   | Killed a royal mummy
 56824 | Tomb:1   | Killed a royal mummy
 56830 | Tomb:1   | HP: 47/197 [royal mummy/divine providence (13)]
 56831 | Tomb:1   | 56831 ||| READING 9 scrolls of teleportation.
 56832 | Tomb:1   | 56832 ||| DRINKING 8 potions of heal wounds.
 56833 | Tomb:1   | 56833 ||| DRINKING 7 potions of heal wounds.
 57089 | Tomb:1   | Noticed a royal mummy
 57089 | Tomb:1   | Noticed a royal mummy
 57091 | Tomb:1   | 57091 ||| INVOKING Cleansing Flame.
 57096 | Tomb:1   | Killed a royal mummy
 57097 | Tomb:1   | Noticed a royal mummy
 57100 | Tomb:1   | Killed a royal mummy
 57104 | Tomb:1   | Killed a royal mummy
 57105 | Tomb:1   | Killed a royal mummy
 57106 | Tomb:1   | 57106 ||| INVOKING Cleansing Flame.
 57107 | Tomb:1   | 57107 ||| INVOKING Cleansing Flame.
 57108 | Tomb:1   | 57108 ||| INVOKING Cleansing Flame.
 57108 | Tomb:1   | HP: 46/197 [??? (9)]
 57109 | Tomb:1   | 57109 ||| READING 8 scrolls of teleportation.
 57110 | Tomb:1   | 57110 ||| DRINKING 6 potions of heal wounds.
 57369 | Tomb:1   | Noticed a royal mummy
 57373 | Tomb:1   | Killed a royal mummy
 57377 | Tomb:1   | 57377 ||| INVOKING Cleansing Flame.
 57383 | Tomb:1   | Killed a royal mummy
 57386 | Tomb:1   | Killed a royal mummy
 57530 | Tomb:1   | 57530 ||| INVOKING Cleansing Flame.
 57534 | Tomb:1   | Killed a royal mummy
 57587 | Tomb:1   | Noticed a royal mummy
 57589 | Tomb:1   | 57589 ||| INVOKING Cleansing Flame.
 57601 | Tomb:1   | Killed a royal mummy
 57722 | Tomb:1   | Noticed a royal mummy
 57729 | Tomb:1   | 57729 ||| INVOKING Cleansing Flame.
 57734 | Tomb:1   | Noticed a royal mummy
 57735 | Tomb:1   | Killed a royal mummy
 57738 | Tomb:1   | 57738 ||| INVOKING Cleansing Flame.
 57740 | Tomb:1   | Reached skill level 21 in Invocations
 57742 | Tomb:1   | Killed a royal mummy
 57749 | Tomb:1   | Noticed a royal mummy
 57753 | Tomb:1   | 57753 ||| INVOKING Cleansing Flame.
 57754 | Tomb:1   | 57754 ||| INVOKING Cleansing Flame.
 57762 | Tomb:1   | Killed a royal mummy
 57857 | Tomb:1   | Noticed a royal mummy
 57860 | Tomb:1   | Gained mutation: You occasionally shout uncontrollably at
                  | your foes. [mutagenic glow]
 57863 | Tomb:1   | Killed a royal mummy
 57886 | Tomb:1   | Gained mutation: Your body often deteriorates upon taking
                  | damage. [mutagenic glow]
 57895 | Tomb:1   | 57895 ||| INVOKING Cleansing Flame.
 57902 | Tomb:1   | Killed a royal mummy
 57914 | Tomb:1   | 57914 ||| DRINKING 7 potions of mutation.
 57914 | Tomb:1   | Lost mutation: Your body often deteriorates upon taking
                  | damage. [potion of mutation]
 57914 | Tomb:1   | Lost mutation: Your body sometimes deteriorates upon taking
                  | damage. [potion of mutation]
 57914 | Tomb:1   | Lost mutation: You are dopey. (Int -2) [potion of mutation]
 57914 | Tomb:1   | Gained mutation: Your flesh is heat resistant. (rF+)
                  | [potion of mutation]
 57940 | Tomb:1   | Noticed a royal mummy
 57941 | Tomb:1   | 57941 ||| INVOKING Cleansing Flame.
 57941 | Tomb:1   | Noticed a royal mummy
 57944 | Tomb:1   | Noticed a royal mummy
 57946 | Tomb:1   | Killed a royal mummy
 57957 | Tomb:1   | Killed a royal mummy
 57961 | Tomb:1   | Killed a royal mummy
 58306 | Tomb:2   | Noticed Khufu
 58307 | Tomb:2   | 58307 ||| INVOKING Cleansing Flame.
 58314 | Tomb:2   | 58314 ||| INVOKING Summon Divine Warrior.
 58317 | Tomb:2   | Killed Khufu
 58325 | Tomb:2   | 58325 ||| INVOKING Cleansing Flame.
 58326 | Tomb:2   | 58326 ||| INVOKING Cleansing Flame.
 58614 | Tomb:3   | Entered Level 3 of the Tomb of the Ancients
 58615 | Tomb:3   | 58615 ||| DRINKING 8 potions of haste.
 58616 | Tomb:3   | 58616 ||| DRINKING 8 potions of attraction.
 58626 | Tomb:3   | 58626 ||| INVOKING Cleansing Flame.
 58627 | Tomb:3   | Noticed a royal mummy
 58627 | Tomb:3   | 58627 ||| INVOKING Summon Divine Warrior.
 58629 | Tomb:3   | 58629 ||| INVOKING Cleansing Flame.
 58631 | Tomb:3   | Noticed a royal mummy
 58635 | Tomb:3   | Killed a royal mummy
 58637 | Tomb:3   | 58637 ||| INVOKING Cleansing Flame.
 58637 | Tomb:3   | Noticed a royal mummy
 58638 | Tomb:3   | 58638 ||| INVOKING Cleansing Flame.
 58640 | Tomb:3   | 58640 ||| INVOKING Cleansing Flame.
 58643 | Tomb:3   | Killed a royal mummy
 58647 | Tomb:3   | Noticed a royal mummy
 58648 | Tomb:3   | 58648 ||| INVOKING Cleansing Flame.
 58649 | Tomb:3   | 58649 ||| INVOKING Summon Divine Warrior.
 58654 | Tomb:3   | Killed a royal mummy
 58655 | Tomb:3   | 58655 ||| INVOKING Cleansing Flame.
 58657 | Tomb:3   | Killed a royal mummy
 58658 | Tomb:3   | 58658 ||| INVOKING Cleansing Flame.
 58659 | Tomb:3   | 58659 ||| INVOKING Cleansing Flame.
 58661 | Tomb:3   | 58661 ||| INVOKING Cleansing Flame.
 58662 | Tomb:3   | 58662 ||| INVOKING Cleansing Flame.
 58668 | Tomb:3   | Noticed a royal mummy
 58671 | Tomb:3   | Noticed a royal mummy
 58672 | Tomb:3   | 58672 ||| INVOKING Cleansing Flame.
 58673 | Tomb:3   | Noticed a royal mummy
 58674 | Tomb:3   | Killed a royal mummy
 58675 | Tomb:3   | 58675 ||| INVOKING Cleansing Flame.
 58676 | Tomb:3   | 58676 ||| INVOKING Cleansing Flame.
 58677 | Tomb:3   | 58677 ||| INVOKING Cleansing Flame.
 58677 | Tomb:3   | Killed a royal mummy
 58681 | Tomb:3   | 58681 ||| DRINKING potion of magic.
 58682 | Tomb:3   | 58682 ||| INVOKING Cleansing Flame.
 58682 | Tomb:3   | Killed a royal mummy
 58687 | Tomb:3   | 58687 ||| INVOKING Cleansing Flame.
 58691 | Tomb:3   | Noticed a royal mummy
 58693 | Tomb:3   | Noticed a royal mummy
 58696 | Tomb:3   | 58696 ||| INVOKING Cleansing Flame.
 58697 | Tomb:3   | 58697 ||| INVOKING Cleansing Flame.
 58702 | Tomb:3   | 58702 ||| INVOKING Cleansing Flame.
 58702 | Tomb:3   | Killed a royal mummy
 58703 | Tomb:3   | Reached skill level 24 in Invocations
 58704 | Tomb:3   | HP: 45/197 [mummy priest/divine providence (16)]
 58705 | Tomb:3   | 58705 ||| READING 7 scrolls of teleportation.
 58706 | Tomb:3   | 58706 ||| DRINKING 5 potions of heal wounds.
 58706 | Tomb:3   | Identified the +6 pearl dragon scales of Dishonesty {rN+
                  | rCorr Str+4}
 58719 | Tomb:3   | 58719 ||| INVOKING Summon Divine Warrior.
 58864 | Tomb:3   | Identified the amulet "Daxkizen" {Acrobat rF- Str+4 Dex+5}
 58875 | Tomb:3   | Identified the amulet "Esealimn" {Acrobat +Blink}
 58881 | Tomb:3   | 58881 ||| INVOKING Cleansing Flame.
 58882 | Tomb:3   | 58882 ||| INVOKING Cleansing Flame.
 58883 | Tomb:3   | 58883 ||| INVOKING Cleansing Flame.
 58883 | Tomb:3   | Killed a royal mummy
 58966 | Tomb:3   | Identified the ring "Izof" {rN+ Str+5 Slay+3}
 59189 | Tomb:3   | Was forgiven by Okawaru
 59286 | Tomb:3   | 59286 ||| Stepping ~*~*~tactically~*~*~ (stealth).
 59287 | Tomb:3   | 59287 ||| Stepping ~*~*~tactically~*~*~ (stealth).
 59327 | Tomb:3   | Got a golden rune of Zot
 59352 | Tomb:3   | 59352 ||| PLANNING PAN
 59352 | Tomb:3   | 59352 ||| DROPPING amulet "Esealimn" {Acrobat +Blink}.
 59353 | Tomb:3   | 59353 ||| UPGRADING to ring "Izof" {rN+ Str+5 Slay+3}.
 59355 | Tomb:3   | 59355 ||| DROPPING +4 ring of slaying {mikee}.
 59783 | Pan      | Entered Pandemonium
 59791 | Pan      | Gained mutation: You are partially covered in iridescent
                  | scales. (AC +2) [a cacodemon]
 59807 | Pan      | 59807 ||| INVOKING Summon Divine Warrior.
 59808 | Pan      | 59808 ||| READING 6 scrolls of teleportation.
 59810 | Pan      | 59810 ||| INVOKING Cleansing Flame.
 59811 | Pan      | Noticed Widara the pandemonium lord
 59812 | Pan      | 59812 ||| READING 5 scrolls of teleportation.
 59813 | Pan      | 59813 ||| INVOKING Cleansing Flame.
 59813 | Pan      | Gained mutation: You have hidden genetic defects. [a
                  | cacodemon]
 59814 | Pan      | 59814 ||| INVOKING Cleansing Flame.
 59815 | Pan      | 59815 ||| READING 4 scrolls of teleportation.
 59817 | Pan      | 59817 ||| Stepping randomly (stuck).
 59836 | Pan      | Noticed Ignacio
 59837 | Pan      | 59837 ||| READING 3 scrolls of teleportation.
 59843 | Pan      | 59843 ||| READING 2 scrolls of teleportation.
 59847 | Pan      | Gained mutation: You occasionally lose the ability to drink
                  | potions when taking damage. [a cacodemon]
 59849 | Pan      | 59849 ||| READING scroll of teleportation.
 59954 | Pan      | 59954 ||| PLANNING PAN
 59960 | Pan      | 59960 ||| DRINKING 6 potions of mutation.
 59960 | Pan      | Lost mutation: Your flesh is heat resistant. (rF+) [potion
                  | of mutation]
 59960 | Pan      | Lost mutation: You occasionally lose the ability to drink
                  | potions when taking damage. [potion of mutation]
 59960 | Pan      | Gained mutation: You have sharp toenails. [potion of
                  | mutation]
 59960 | Pan      | Gained mutation: You are mostly covered in iridescent
                  | scales. (AC +4) [potion of mutation]
 59976 | Pan      | 59976 ||| INVOKING Summon Divine Warrior.
 59981 | Pan      | Killed Widara the pandemonium lord
 59998 | Pan      | Killed Ignacio
 60013 | Pan      | Identified the +7 broad axe of Ambiguity {vamp, +Blink}
 60015 | Pan      | 60015 ||| DROPPING +7 broad axe of Ambiguity {vamp,
                  | +Blink}.
 60026 | Pan      | 60026 ||| DRINKING 4 potions of resistance.
 60027 | Pan      | 60027 ||| INVOKING Summon Divine Warrior.
 60030 | Pan      | 60030 ||| INVOKING Cleansing Flame.
 60106 | Pan      | Gained mutation: You frequently scream uncontrollably at
                  | your foes. [a cacodemon]
 60486 | Pan      | Entered the realm of Gloorx Vloq.
 60607 | Pan      | 60607 ||| Stepping ~*~*~tactically~*~*~ (stealth).
 60612 | Pan      | 60612 ||| Stepping ~*~*~tactically~*~*~ (stealth).
 60629 | Pan      | 60629 ||| Stepping ~*~*~tactically~*~*~ (stealth).
 60663 | Pan      | 60663 ||| Stepping ~*~*~tactically~*~*~ (stealth).
 60678 | Pan      | Gained mutation: Your spells are a little easier to cast,
                  | but a little less powerful. [hidden defects]
 60683 | Pan      | 60683 ||| INVOKING Cleansing Flame.
 60721 | Pan      | Noticed Gloorx Vloq
 60722 | Pan      | 60722 ||| Stepping ~*~*~tactically~*~*~ (stealth).
 60723 | Pan      | 60723 ||| Stepping ~*~*~tactically~*~*~ (stealth).
 60731 | Pan      | 60731 ||| Stepping ~*~*~tactically~*~*~ (stealth).
 60732 | Pan      | 60732 ||| Stepping ~*~*~tactically~*~*~ (stealth).
 60734 | Pan      | 60734 ||| Stepping ~*~*~tactically~*~*~ (stealth).
 60768 | Pan      | 60768 ||| Stepping ~*~*~tactically~*~*~ (stealth).
 60881 | Pan      | 60881 ||| Stepping ~*~*~tactically~*~*~ (stealth).
 60883 | Pan      | 60883 ||| Stepping ~*~*~tactically~*~*~ (stealth).
 60884 | Pan      | 60884 ||| Stepping ~*~*~tactically~*~*~ (stealth).
 61099 | Pan      | Identified the +1 leather armour "Qerenaikk" {Str+2}
 61246 | Pan      | 61246 ||| INVOKING Summon Divine Warrior.
 61248 | Pan      | 61248 ||| INVOKING Cleansing Flame.
 61256 | Pan      | Killed Gloorx Vloq
 61272 | Pan      | Gained mutation: You are dopey. (Int -2) [hidden defects]
 61272 | Pan      | Lost mutation: You have hidden genetic defects. [hidden
                  | defects expressed]
 61426 | Pan      | 61426 ||| Stepping ~*~*~tactically~*~*~ (stealth).
 61427 | Pan      | 61427 ||| Stepping ~*~*~tactically~*~*~ (stealth).
 61428 | Pan      | 61428 ||| Stepping ~*~*~tactically~*~*~ (stealth).
 61453 | Pan      | Got a dark rune of Zot
 61546 | Pan      | 61546 ||| Stepping ~*~*~tactically~*~*~ (hiding).
 61553 | Pan      | 61553 ||| DRINKING 22 potions of curing.
 61553 | Pan      | 61553 ||| (to cure confusion)
 61572 | Pan      | 61572 ||| Stepping ~*~*~tactically~*~*~ (stealth).
 61579 | Pan      | Reached skill level 1 in Short Blades
 61754 | Pan      | 61754 ||| Stepping ~*~*~tactically~*~*~ (stealth).
 61936 | Pan      | 61936 ||| INVOKING Summon Divine Warrior.
 61939 | Pan      | 61939 ||| INVOKING Cleansing Flame.
 61961 | Pan      | Found an exit through the horrors of the Abyss.
 62028 | Pan      | Reached skill level 3 in Short Blades
 62198 | Pan      | Noticed Kuaq the pandemonium lord
 62203 | Pan      | 62203 ||| INVOKING Cleansing Flame.
 62207 | Pan      | Killed Kuaq the pandemonium lord
 62349 | Pan      | 62349 ||| Stepping ~*~*~tactically~*~*~ (hiding).
 62513 | Pan      | Identified the amulet of Tulo {Acrobat +Blink Int-5 Stlth+}
 62552 | Pan      | 62552 ||| Stepping ~*~*~tactically~*~*~ (hiding).
 62553 | Pan      | 62553 ||| Stepping ~*~*~tactically~*~*~ (hiding).
 62576 | Pan      | 62576 ||| Stepping ~*~*~tactically~*~*~ (hiding).
 62578 | Pan      | 62578 ||| Stepping ~*~*~tactically~*~*~ (hiding).
 62579 | Pan      | 62579 ||| Stepping ~*~*~tactically~*~*~ (hiding).
 62580 | Pan      | 62580 ||| Stepping ~*~*~tactically~*~*~ (hiding).
 62595 | Pan      | 62595 ||| Stepping ~*~*~tactically~*~*~ (hiding).
 62597 | Pan      | 62597 ||| Stepping ~*~*~tactically~*~*~ (hiding).
 62599 | Pan      | 62599 ||| Stepping ~*~*~tactically~*~*~ (hiding).
 62600 | Pan      | 62600 ||| Stepping ~*~*~tactically~*~*~ (hiding).
 62601 | Pan      | 62601 ||| Stepping ~*~*~tactically~*~*~ (hiding).
 62602 | Pan      | 62602 ||| INVOKING Summon Divine Warrior.
 62604 | Pan      | 62604 ||| INVOKING Cleansing Flame.
 62605 | Pan      | 62605 ||| INVOKING Cleansing Flame.
 62606 | Pan      | 62606 ||| INVOKING Cleansing Flame.
 62607 | Pan      | 62607 ||| INVOKING Cleansing Flame.
 62608 | Pan      | 62608 ||| INVOKING Cleansing Flame.
 62609 | Pan      | Reached skill level 27 in Invocations
 62664 | Pan      | Noticed Pousadgh the pandemonium lord
 62673 | Pan      | Killed Pousadgh the pandemonium lord
 62674 | Pan      | 62674 ||| Stepping ~*~*~tactically~*~*~ (cloud).
 62860 | Pan      | 62860 ||| Stepping ~*~*~tactically~*~*~ (stealth).
 62861 | Pan      | 62861 ||| Stepping ~*~*~tactically~*~*~ (stealth).
 62863 | Pan      | 62863 ||| Stepping ~*~*~tactically~*~*~ (hiding).
 62866 | Pan      | 62866 ||| Stepping ~*~*~tactically~*~*~ (hiding).
 63088 | Pan      | 63088 ||| Stepping ~*~*~tactically~*~*~ (hiding).
 63091 | Pan      | 63091 ||| Stepping ~*~*~tactically~*~*~ (hiding).
 63227 | Pan      | 63227 ||| UPGRADING to +0 tower shield of protection.
 63237 | Pan      | 63237 ||| DROPPING +1 tower shield of reflection.
 63238 | Pan      | 63238 ||| DROPPING amulet of Tulo {Acrobat +Blink Int-5
                  | Stlth+}.
 63310 | Pan      | 63310 ||| Stepping ~*~*~tactically~*~*~ (hiding).
 63311 | Pan      | 63311 ||| INVOKING Summon Divine Warrior.
 63312 | Pan      | 63312 ||| INVOKING Cleansing Flame.
 63478 | Pan      | 63478 ||| INVOKING Summon Divine Warrior.
 63479 | Pan      | 63479 ||| INVOKING Cleansing Flame.
 63480 | Pan      | 63480 ||| INVOKING Cleansing Flame.
 63500 | Pan      | 63500 ||| INVOKING Cleansing Flame.
 63529 | Pan      | Reached skill level 24 in Armour
 63568 | Pan      | Identified the ring of the Shining Light {Fly rElec rC-
                  | Str+4 Dex+6}
 63618 | Pan      | 63618 ||| Stepping ~*~*~tactically~*~*~ (stealth).
 63665 | Pan      | 63665 ||| Stepping ~*~*~tactically~*~*~ (hiding).
 63666 | Pan      | 63666 ||| Stepping ~*~*~tactically~*~*~ (hiding).
 63667 | Pan      | 63667 ||| Stepping ~*~*~tactically~*~*~ (hiding).
 63669 | Pan      | 63669 ||| Stepping ~*~*~tactically~*~*~ (hiding).
 63670 | Pan      | 63670 ||| Stepping ~*~*~tactically~*~*~ (hiding).
 63703 | Pan      | 63703 ||| Stepping ~*~*~tactically~*~*~ (stealth).
 63707 | Pan      | 63707 ||| Stepping ~*~*~tactically~*~*~ (stealth).
 63772 | Pan      | 63772 ||| INVOKING Cleansing Flame.
 63836 | Pan      | 63836 ||| INVOKING Cleansing Flame.
 64107 | Pan      | Identified the +2 hat of Fun and Games {Drain rElec rPois
                  | Int+3}
 64166 | Pan      | 64166 ||| Stepping ~*~*~tactically~*~*~ (hiding).
 64201 | Pan      | Found an exit through the horrors of the Abyss.
 64276 | Pan      | 64276 ||| DROPPING +2 hat of Fun and Games {Drain rElec
                  | rPois Int+3}.
 64300 | Pan      | 64300 ||| Stepping ~*~*~tactically~*~*~ (stealth).
 64353 | Pan      | 64353 ||| Stepping ~*~*~tactically~*~*~ (hiding).
 64354 | Pan      | 64354 ||| Stepping ~*~*~tactically~*~*~ (hiding).
 64355 | Pan      | 64355 ||| Stepping ~*~*~tactically~*~*~ (hiding).
 64410 | Pan      | 64410 ||| Stepping ~*~*~tactically~*~*~ (stealth).
 64411 | Pan      | 64411 ||| INVOKING Cleansing Flame.
 64419 | Pan      | 64419 ||| INVOKING Cleansing Flame.
 64420 | Pan      | 64420 ||| INVOKING Summon Divine Warrior.
 64536 | Pan      | 64536 ||| Stepping ~*~*~tactically~*~*~ (hiding).
 64567 | Pan      | Found a transporter.
 64580 | Pan      | 64580 ||| Stepping ~*~*~tactically~*~*~ (hiding).
 64582 | Pan      | 64582 ||| Stepping ~*~*~tactically~*~*~ (hiding).
 64585 | Pan      | 64585 ||| Stepping ~*~*~tactically~*~*~ (hiding).
 64588 | Pan      | 64588 ||| Stepping ~*~*~tactically~*~*~ (hiding).
 64589 | Pan      | 64589 ||| INVOKING Summon Divine Warrior.
 64590 | Pan      | 64590 ||| INVOKING Cleansing Flame.
 64597 | Pan      | 64597 ||| INVOKING Cleansing Flame.
 64601 | Pan      | 64601 ||| INVOKING Cleansing Flame.
 64768 | Pan      | 64768 ||| INVOKING Cleansing Flame.
 64862 | Pan      | 64862 ||| INVOKING Cleansing Flame.
 64977 | Pan      | Found a transporter.
 65257 | Pan      | 65257 ||| Stepping ~*~*~tactically~*~*~ (stealth).
 65361 | Pan      | 65361 ||| DRINKING 25 potions of curing.
 65361 | Pan      | 65361 ||| (to cure confusion)
 65364 | Pan      | 65364 ||| DRINKING 5 potions of cancellation.
 65406 | Pan      | Identified the +7 trident of Distraction {vorpal, Will+
                  | Dex+3}
 65409 | Pan      | Noticed Mennas
 65410 | Pan      | 65410 ||| INVOKING Summon Divine Warrior.
 65421 | Pan      | Killed Mennas
 65708 | Pan      | 65708 ||| Stepping ~*~*~tactically~*~*~ (hiding).
 65710 | Pan      | 65710 ||| Stepping ~*~*~tactically~*~*~ (hiding).
 65868 | Pan      | 65868 ||| Stepping ~*~*~tactically~*~*~ (stealth).
 65869 | Pan      | 65869 ||| Stepping ~*~*~tactically~*~*~ (stealth).
 65916 | Pan      | 65916 ||| Stepping ~*~*~tactically~*~*~ (stealth).
 65917 | Pan      | 65917 ||| Stepping ~*~*~tactically~*~*~ (stealth).
 66011 | Pan      | 66011 ||| Stepping ~*~*~tactically~*~*~ (stealth).
 66014 | Pan      | 66014 ||| Stepping ~*~*~tactically~*~*~ (hiding).
 66015 | Pan      | 66015 ||| Stepping ~*~*~tactically~*~*~ (hiding).
 66030 | Pan      | 66030 ||| Stepping ~*~*~tactically~*~*~ (stealth).
 66104 | Pan      | 66104 ||| Stepping ~*~*~tactically~*~*~ (stealth).
 66105 | Pan      | 66105 ||| Stepping ~*~*~tactically~*~*~ (stealth).
 66118 | Pan      | 66118 ||| Stepping ~*~*~tactically~*~*~ (hiding).
 66153 | Pan      | 66153 ||| Stepping ~*~*~tactically~*~*~ (hiding).
 66182 | Pan      | 66182 ||| Stepping ~*~*~tactically~*~*~ (stealth).
 66183 | Pan      | 66183 ||| Stepping ~*~*~tactically~*~*~ (stealth).
 66188 | Pan      | 66188 ||| Stepping ~*~*~tactically~*~*~ (stealth).
 66260 | Pan      | 66260 ||| INVOKING Summon Divine Warrior.
 66264 | Pan      | 66264 ||| INVOKING Cleansing Flame.
 66269 | Pan      | Noticed Ujin the pandemonium lord
 66275 | Pan      | 66275 ||| INVOKING Cleansing Flame.
 66276 | Pan      | 66276 ||| INVOKING Cleansing Flame.
 66277 | Pan      | 66277 ||| INVOKING Cleansing Flame.
 66278 | Pan      | 66278 ||| INVOKING Cleansing Flame.
 66279 | Pan      | 66279 ||| INVOKING Cleansing Flame.
 66279 | Pan      | Killed Ujin the pandemonium lord
 66680 | Pan      | 66680 ||| INVOKING Cleansing Flame.
 67188 | Pan      | 67188 ||| DROPPING ring of fire.
 67196 | Pan      | Entered the realm of Mnoleg.
 67304 | Pan      | 67304 ||| DRINKING 26 potions of curing.
 67304 | Pan      | 67304 ||| (to cure confusion)
 67305 | Pan      | 67305 ||| DRINKING 25 potions of curing.
 67305 | Pan      | 67305 ||| (to cure confusion)
 67316 | Pan      | 67316 ||| DRINKING 24 potions of curing.
 67316 | Pan      | 67316 ||| (to cure confusion)
 67329 | Pan      | 67329 ||| INVOKING Cleansing Flame.
 67536 | Pan      | 67536 ||| Stepping ~*~*~tactically~*~*~ (hiding).
 67647 | Pan      | 67647 ||| Stepping ~*~*~tactically~*~*~ (stealth).
 67673 | Pan      | 67673 ||| Stepping ~*~*~tactically~*~*~ (hiding).
 67681 | Pan      | Gained mutation: You are vulnerable to cold. (rC-) [a
                  | cacodemon]
 67692 | Pan      | Gained mutation: Your magical capacity is low. (-10% MP) [a
                  | neqoxec]
 67694 | Pan      | Gained mutation: Your body sometimes deteriorates upon
                  | taking damage. [a neqoxec]
 67709 | Pan      | 67709 ||| DRINKING 7 potions of mutation.
 67709 | Pan      | Lost mutation: Your spells are a little easier to cast, but
                  | a little less powerful. [potion of mutation]
 67709 | Pan      | Lost mutation: Your magical capacity is low. (-10% MP)
                  | [potion of mutation]
 67709 | Pan      | Lost mutation: You are clumsy. (Dex -2) [potion of
                  | mutation]
 67709 | Pan      | Gained mutation: You are agile. (Dex +4, Str/Int -1)
                  | [potion of mutation]
 67717 | Pan      | 67717 ||| DRINKING 6 potions of mutation.
 67717 | Pan      | Lost mutation: You have sharp toenails. [potion of
                  | mutation]
 67717 | Pan      | Lost mutation: You are dopey. (Int -2) [potion of mutation]
 67717 | Pan      | Gained mutation: You have an increased reservoir of magic.
                  | (+10% MP) [potion of mutation]
 67718 | Pan      | 67718 ||| DRINKING 5 potions of mutation.
 67718 | Pan      | Lost mutation: You frequently scream uncontrollably at your
                  | foes. [potion of mutation]
 67718 | Pan      | Lost mutation: You have an increased reservoir of magic.
                  | (+10% MP) [potion of mutation]
 67719 | Pan      | 67719 ||| DRINKING 4 potions of mutation.
 67719 | Pan      | Lost mutation: You are mostly covered in iridescent scales.
                  | (AC +4) [potion of mutation]
 67719 | Pan      | Lost mutation: You are agile. (Dex +4, Str/Int -1) [potion
                  | of mutation]
 67719 | Pan      | Gained mutation: You frequently scream uncontrollably at
                  | your foes. [potion of mutation]
 67719 | Pan      | Gained mutation: You possess an exceptional clarity of
                  | mind. [potion of mutation]
 67719 | Pan      | Gained mutation: You are agile. (Dex +4, Str/Int -1)
                  | [potion of mutation]
 67719 | Pan      | Gained mutation: You expend magic power (3 MP) to
                  | strengthen your wands. [potion of mutation]
 67720 | Pan      | 67720 ||| DRINKING 3 potions of mutation.
 67720 | Pan      | Lost mutation: You are partially covered in iridescent
                  | scales. (AC +2) [potion of mutation]
 67720 | Pan      | Lost mutation: You expend magic power (3 MP) to strengthen
                  | your wands. [potion of mutation]
 67720 | Pan      | Lost mutation: Your body sometimes deteriorates upon taking
                  | damage. [potion of mutation]
 67720 | Pan      | Lost mutation: You possess an exceptional clarity of mind.
                  | [potion of mutation]
 67720 | Pan      | Gained mutation: You occasionally lose the ability to read
                  | scrolls when taking damage. [potion of mutation]
 67720 | Pan      | Lost mutation: You occasionally lose the ability to read
                  | scrolls when taking damage. [potion of mutation]
 67721 | Pan      | 67721 ||| DRINKING 2 potions of mutation.
 67721 | Pan      | Lost mutation: You are agile. (Dex +4, Str/Int -1) [potion
                  | of mutation]
 67721 | Pan      | Lost mutation: You are vulnerable to cold. (rC-) [potion of
                  | mutation]
 67721 | Pan      | Lost mutation: You frequently scream uncontrollably at your
                  | foes. [potion of mutation]
 67721 | Pan      | Gained mutation: You are dopey. (Int -2) [potion of
                  | mutation]
 67721 | Pan      | Gained mutation: You have hidden genetic potential. [potion
                  | of mutation]
 67728 | Pan      | Noticed Mnoleg
 67729 | Pan      | 67729 ||| Stepping ~*~*~tactically~*~*~ (hiding).
 67730 | Pan      | 67730 ||| INVOKING Summon Divine Warrior.
 67730 | Pan      | Identified the +3 tower shield "Kaink" {rPois rF++ rN+
                  | Int-4}
 67731 | Pan      | 67731 ||| INVOKING Cleansing Flame.
 67740 | Pan      | 67740 ||| INVOKING Cleansing Flame.
 67741 | Pan      | 67741 ||| INVOKING Cleansing Flame.
 67742 | Pan      | 67742 ||| INVOKING Cleansing Flame.
 67743 | Pan      | Killed Mnoleg
 67878 | Pan      | 67878 ||| DRINKING 24 potions of curing.
 67878 | Pan      | 67878 ||| (to cure confusion)
 67997 | Pan      | Gained mutation: Your spells are a little easier to cast,
                  | but a little less powerful. [a cacodemon]
 68042 | Pan      | 68042 ||| DRINKING 23 potions of curing.
 68042 | Pan      | 68042 ||| (to cure confusion)
 68047 | Pan      | Gained mutation: Your magical capacity is low. (-10% MP) [a
                  | cacodemon]
 68049 | Pan      | Reached skill level 6 in Short Blades
 68052 | Pan      | Got a glowing rune of Zot
 68060 | Pan      | Gained mutation: Your spells are easier to cast, but less
                  | powerful. [a neqoxec]
 68171 | Pan      | Gained mutation: You are clumsy. (Dex -2) [a neqoxec]
 68257 | Pan      | 68257 ||| DROPPING 12 boomerangs.
 68365 | Pan      | 68365 ||| DRINKING 22 potions of curing.
 68365 | Pan      | 68365 ||| (to cure confusion)
 68375 | Pan      | 68375 ||| DRINKING 21 potions of curing.
 68375 | Pan      | 68375 ||| (to cure confusion)
 68454 | Pan      | 68454 ||| Stepping ~*~*~tactically~*~*~ (stealth).
 68455 | Pan      | 68455 ||| Stepping ~*~*~tactically~*~*~ (stealth).
 68456 | Pan      | 68456 ||| Stepping ~*~*~tactically~*~*~ (stealth).
 68460 | Pan      | 68460 ||| Stepping ~*~*~tactically~*~*~ (hiding).
 68468 | Pan      | 68468 ||| INVOKING Summon Divine Warrior.
 68469 | Pan      | 68469 ||| INVOKING Cleansing Flame.
 68511 | Pan      | Reached skill level 27 in Armour
 68511 | Pan      | Found an exit through the horrors of the Abyss.
 68525 | Pan      | Noticed Ikhoz the pandemonium lord
 68540 | Pan      | Killed Ikhoz the pandemonium lord
 68603 | Pan      | Got a demonic rune of Zot
 68606 | Pan      | Entered the realm of Cerebov.
 68702 | Pan      | 68702 ||| Stepping ~*~*~tactically~*~*~ (hiding).
 68703 | Pan      | 68703 ||| INVOKING Summon Divine Warrior.
 68797 | Pan      | Found the +6 sword of Cerebov {flame}
 68797 | Pan      | Noticed Cerebov
 68798 | Pan      | 68798 ||| DRINKING 11 potions of haste.
 68799 | Pan      | 68799 ||| DRINKING 3 potions of resistance.
 68800 | Pan      | 68800 ||| DRINKING 8 potions of might.
 68802 | Pan      | 68802 ||| INVOKING Summon Divine Warrior.
 68804 | Pan      | 68804 ||| INVOKING Cleansing Flame.
 68805 | Pan      | 68805 ||| INVOKING Cleansing Flame.
 68806 | Pan      | Reached skill level 27 in Fighting
 68806 | Pan      | 68806 ||| INVOKING Cleansing Flame.
 68807 | Pan      | 68807 ||| DRINKING potion of magic.
 68808 | Pan      | 68808 ||| INVOKING Cleansing Flame.
 68809 | Pan      | 68809 ||| INVOKING Summon Divine Warrior.
 68815 | Pan      | 68815 ||| Stepping ~*~*~tactically~*~*~ (cloud).
 68816 | Pan      | 68816 ||| INVOKING Cleansing Flame.
 68823 | Pan      | HP: 37/199 [Cerebov/great blast of fire (56)]
 68824 | Pan      | 68824 ||| READING 2 scrolls of teleportation.
 68825 | Pan      | 68825 ||| DRINKING 8 potions of heal wounds.
 68826 | Pan      | 68826 ||| INVOKING Cleansing Flame.
 68827 | Pan      | 68827 ||| Stepping ~*~*~tactically~*~*~ (cloud).
 68829 | Pan      | Killed Cerebov
 68829 | Pan      | HP: 20/199 [Brimstone Fiend/damnation (42)]
 68830 | Pan      | 68830 ||| DRINKING 7 potions of heal wounds.
 68831 | Pan      | 68831 ||| INVOKING Summon Divine Warrior.
 68832 | Pan      | 68832 ||| READING scroll of teleportation.
 68833 | Pan      | 68833 ||| DRINKING 6 potions of heal wounds.
 68834 | Pan      | 68834 ||| INVOKING Cleansing Flame.
 68836 | Pan      | 68836 ||| INVOKING Cleansing Flame.
 69256 | Pan      | Identified the +7 lajatang "Mugemazi" {antimagic, rElec
                  | rPois rF- Will+++}
 69259 | Pan      | Reached skill level 24 in Shields
 69265 | Pan      | 69265 ||| INVOKING Cleansing Flame.
 69266 | Pan      | 69266 ||| INVOKING Cleansing Flame.
 69274 | Pan      | 69274 ||| Stepping ~*~*~tactically~*~*~ (hiding).
 69324 | Pan      | 69324 ||| Stepping ~*~*~tactically~*~*~ (stealth).
 69332 | Pan      | 69332 ||| Stepping ~*~*~tactically~*~*~ (stealth).
 69446 | Pan      | Identified the +2 pair of boots "Efoipp" {Str+4 Int+4
                  | Dex-3}
 69453 | Pan      | Identified the +2 shortbow of Darkness {venom, rPois Will++
                  | Str+4}
 69469 | Pan      | Identified the +6 quarterstaff of Dim Light {vorpal, rPois
                  | rCorr Int+2}
 69472 | Pan      | Identified the +11 great sword "Fotrenapp" {freeze, Fragile
                  | rCorr Str+3 Dex+3}
 69473 | Pan      | Identified the ring of Irghiet {Fire rPois rN+}
 69490 | Pan      | Identified the ring "Goucez" {+Blink Will+ Int+6}
 69496 | Pan      | Identified the +0 helmet "Idanaq" {Str+7 SInv Stlth+}
 69498 | Pan      | Identified the +10 dire flail of Contention {elec, Drain
                  | rElec rPois SInv}
 69515 | Pan      | Got a fiery rune of Zot
 69531 | Pan      | 69531 ||| Stepping ~*~*~tactically~*~*~ (hiding).
 69547 | Pan      | 69547 ||| Stepping ~*~*~tactically~*~*~ (hiding).
 69549 | Pan      | 69549 ||| Stepping ~*~*~tactically~*~*~ (hiding).
 69551 | Pan      | 69551 ||| Stepping ~*~*~tactically~*~*~ (hiding).
 69552 | Pan      | 69552 ||| Stepping ~*~*~tactically~*~*~ (hiding).
 69553 | Pan      | 69553 ||| Stepping ~*~*~tactically~*~*~ (hiding).
 69554 | Pan      | 69554 ||| Stepping ~*~*~tactically~*~*~ (hiding).
 69630 | Pan      | 69630 ||| Stepping ~*~*~tactically~*~*~ (hiding).
 69656 | Pan      | 69656 ||| Stepping ~*~*~tactically~*~*~ (stealth).
 69697 | Pan      | 69697 ||| Stepping ~*~*~tactically~*~*~ (hiding).
 69701 | Pan      | 69701 ||| INVOKING Summon Divine Warrior.
 69702 | Pan      | 69702 ||| INVOKING Cleansing Flame.
 69703 | Pan      | 69703 ||| INVOKING Cleansing Flame.
 69825 | Pan      | 69825 ||| READING 2 scrolls of acquirement.
 69825 | Pan      | 69825 ||| ACQUIRING +5 broad axe "Himusab" {freeze, *Noise
                  | rElec Will+}
 69825 | Pan      | Acquired the +5 broad axe "Himusab" {freeze, *Noise rElec
                  | Will+}
 69827 | Pan      | 69827 ||| READING scroll of acquirement.
 69827 | Pan      | 69827 ||| ACQUIRING 655 gold pieces
 69827 | Pan      | Acquired 655 gold pieces
 69934 | Pan      | 69934 ||| DROPPING ring of Irghiet {Fire rPois rN+}.
 69935 | Pan      | 69935 ||| DROPPING ring "Goucez" {+Blink Will+ Int+6}.
 69936 | Pan      | 69936 ||| Stepping randomly (cloudy).
 69937 | Pan      | 69937 ||| UPGRADING to +2 pair of boots "Efoipp" {Str+4
                  | Int+4 Dex-3}.
 69950 | Pan      | 69950 ||| DROPPING +2 pair of boots.
 69951 | Pan      | 69951 ||| DROPPING +0 helmet of see invisible.
 69952 | Pan      | 69952 ||| UPGRADING to +0 helmet "Idanaq" {Str+7 SInv
                  | Stlth+}.
 69962 | Pan      | 69962 ||| DROPPING +2 hat "Roidwaoh" {+Blink rN++ Regen+
                  | MP-9}.
 69979 | Pan      | 69979 ||| Stepping randomly (cloudy).
 69980 | Pan      | 69980 ||| Stepping randomly (cloudy).
 69981 | Pan      | 69981 ||| Stepping randomly (cloudy).
 70077 | Pan      | Entered the realm of Lom Lobon.
 70130 | Pan      | Gained mutation: You have a pair of small antennae on your
                  | head. [hidden potential]
 70214 | Pan      | 70214 ||| Stepping ~*~*~tactically~*~*~ (stealth).
 70322 | Pan      | 70322 ||| Stepping ~*~*~tactically~*~*~ (hiding).
 70328 | Pan      | 70328 ||| Stepping ~*~*~tactically~*~*~ (hiding).
 70518 | Pan      | 70518 ||| Stepping ~*~*~tactically~*~*~ (hiding).
 70519 | Pan      | 70519 ||| Stepping ~*~*~tactically~*~*~ (hiding).
 70527 | Pan      | 70527 ||| Stepping ~*~*~tactically~*~*~ (stealth).
 70539 | Pan      | 70539 ||| Stepping ~*~*~tactically~*~*~ (stealth).
 70590 | Pan      | 70590 ||| Stepping ~*~*~tactically~*~*~ (stealth).
 70713 | Pan      | 70713 ||| Stepping ~*~*~tactically~*~*~ (stealth).
 70773 | Pan      | 70773 ||| Stepping ~*~*~tactically~*~*~ (hiding).
 70774 | Pan      | 70774 ||| Stepping ~*~*~tactically~*~*~ (hiding).
 70776 | Pan      | 70776 ||| Stepping ~*~*~tactically~*~*~ (hiding).
 70897 | Pan      | 70897 ||| Stepping ~*~*~tactically~*~*~ (hiding).
 70898 | Pan      | 70898 ||| Stepping ~*~*~tactically~*~*~ (hiding).
 70900 | Pan      | 70900 ||| Stepping ~*~*~tactically~*~*~ (hiding).
 71122 | Pan      | 71122 ||| Stepping ~*~*~tactically~*~*~ (hiding).
 71125 | Pan      | 71125 ||| Stepping ~*~*~tactically~*~*~ (hiding).
 71133 | Pan      | 71133 ||| Stepping ~*~*~tactically~*~*~ (stealth).
 71134 | Pan      | 71134 ||| Stepping ~*~*~tactically~*~*~ (stealth).
 71135 | Pan      | 71135 ||| Stepping ~*~*~tactically~*~*~ (stealth).
 71182 | Pan      | 71182 ||| Stepping ~*~*~tactically~*~*~ (stealth).
 71417 | Pan      | 71417 ||| Stepping ~*~*~tactically~*~*~ (stealth).
 71419 | Pan      | 71419 ||| Stepping ~*~*~tactically~*~*~ (hiding).
 71429 | Pan      | Noticed Lom Lobon
 71430 | Pan      | 71430 ||| DRINKING 11 potions of haste.
 71431 | Pan      | 71431 ||| Stepping ~*~*~tactically~*~*~ (cloud).
 71432 | Pan      | 71432 ||| INVOKING Summon Divine Warrior.
 71433 | Pan      | 71433 ||| DRINKING 7 potions of might.
 71437 | Pan      | 71437 ||| Stepping ~*~*~tactically~*~*~ (cloud).
 71438 | Pan      | 71438 ||| INVOKING Summon Divine Warrior.
 71439 | Pan      | 71439 ||| DROPPING ring of magical power.
 71440 | Pan      | 71440 ||| Stepping randomly (cloudy).
 71441 | Pan      | 71441 ||| INVOKING Summon Divine Warrior.
 71442 | Pan      | 71442 ||| Stepping randomly (cloudy).
 71443 | Pan      | 71443 ||| Stepping ~*~*~tactically~*~*~ (cloud).
 71447 | Pan      | 71447 ||| INVOKING Cleansing Flame.
 71452 | Pan      | 71452 ||| INVOKING Cleansing Flame.
 71453 | Pan      | 71453 ||| INVOKING Cleansing Flame.
 71454 | Pan      | 71454 ||| READING 3 scrolls of teleportation.
 71506 | Pan      | 71506 ||| Stepping ~*~*~tactically~*~*~ (stealth).
 71594 | Pan      | 71594 ||| Stepping ~*~*~tactically~*~*~ (stealth).
 71733 | Pan      | 71733 ||| Stepping ~*~*~tactically~*~*~ (stealth).
 71735 | Pan      | 71735 ||| Stepping ~*~*~tactically~*~*~ (stealth).
 71737 | Pan      | 71737 ||| Stepping ~*~*~tactically~*~*~ (hiding).
 71804 | Pan      | 71804 ||| Stepping randomly (cloudy).
 71805 | Pan      | 71805 ||| Stepping ~*~*~tactically~*~*~ (cloud).
 71892 | Pan      | 71892 ||| Stepping ~*~*~tactically~*~*~ (cloud).
 72011 | Pan      | 72011 ||| Stepping ~*~*~tactically~*~*~ (stealth).
 72013 | Pan      | 72013 ||| Stepping ~*~*~tactically~*~*~ (hiding).
 72018 | Pan      | 72018 ||| Stepping ~*~*~tactically~*~*~ (cloud).
 72020 | Pan      | 72020 ||| DRINKING 10 potions of haste.
 72021 | Pan      | 72021 ||| INVOKING Cleansing Flame.
 72022 | Pan      | 72022 ||| INVOKING Cleansing Flame.
 72023 | Pan      | 72023 ||| INVOKING Summon Divine Warrior.
 72023 | Pan      | Identified the +8 tower shield of Niesinam {Harm Stlth+}
 72024 | Pan      | 72024 ||| DRINKING 6 potions of might.
 72029 | Pan      | Killed Lom Lobon
 72030 | Pan      | 72030 ||| INVOKING Summon Divine Warrior.
 72031 | Pan      | 72031 ||| Stepping ~*~*~tactically~*~*~ (cloud).
 72280 | Pan      | 72280 ||| Stepping ~*~*~tactically~*~*~ (hiding).
 72281 | Pan      | 72281 ||| Stepping ~*~*~tactically~*~*~ (hiding).
 72326 | Pan      | Got a magical rune of Zot
 72327 | Pan      | 72327 ||| PLANNING SLIME:5
 72327 | Pan      | 72327 ||| UPGRADING to +6 pearl dragon scales of Dishonesty
                  | {rN+ rCorr Str+4}.
 72337 | Pan      | 72337 ||| DROPPING +0 helmet "Idanaq" {Str+7 SInv Stlth+}.
 72338 | Pan      | 72338 ||| UPGRADING to amulet "Daxkizen" {Acrobat rF- Str+4
                  | Dex+5}.
 72348 | Pan      | 72348 ||| DROPPING ring of willpower.
 72385 | Pan      | 72385 ||| Stepping ~*~*~tactically~*~*~ (cloud).
 72615 | Pan      | Found an exit through the horrors of the Abyss.
 72691 | Pan      | 72691 ||| Stepping ~*~*~tactically~*~*~ (hiding).
 72716 | Pan      | 72716 ||| Stepping ~*~*~tactically~*~*~ (stealth).
 72722 | Pan      | 72722 ||| Stepping ~*~*~tactically~*~*~ (hiding).
 72725 | Pan      | 72725 ||| INVOKING Cleansing Flame.
 72750 | Pan      | Noticed Atsy the pandemonium lord
 72751 | Pan      | 72751 ||| INVOKING Summon Divine Warrior.
 72753 | Pan      | Killed Atsy the pandemonium lord
 72754 | Pan      | 72754 ||| INVOKING Cleansing Flame.
 72755 | Pan      | 72755 ||| INVOKING Cleansing Flame.
 72758 | Pan      | Identified the +0 robe of Mumblety Peg {rCorr}
 72763 | Pan      | 72763 ||| Stepping randomly (cloudy).
 72764 | Pan      | 72764 ||| Stepping randomly (cloudy).
 72867 | Pan      | 72867 ||| DRINKING 4 potions of resistance.
 72869 | Pan      | 72869 ||| INVOKING Summon Divine Warrior.
 72878 | Pan      | 72878 ||| INVOKING Cleansing Flame.
 72879 | Pan      | Reached skill level 12 in Dodging
 72879 | Pan      | 72879 ||| INVOKING Cleansing Flame.
 72891 | Pan      | 72891 ||| INVOKING Cleansing Flame.
 73820 | Pan      | Gained mutation: Your spells are much easier to cast, but
                  | much less powerful. [a neqoxec]
 74289 | Pan      | 74289 ||| Stepping ~*~*~tactically~*~*~ (stealth).
 74295 | Pan      | 74295 ||| DRINKING 3 potions of resistance.
 74295 | Pan      | Noticed Ulloumeg the pandemonium lord
 74296 | Pan      | 74296 ||| INVOKING Summon Divine Warrior.
 74298 | Pan      | 74298 ||| INVOKING Summon Divine Warrior.
 74302 | Pan      | 74302 ||| INVOKING Cleansing Flame.
 74303 | Pan      | 74303 ||| INVOKING Cleansing Flame.
 74305 | Pan      | 74305 ||| INVOKING Cleansing Flame.
 74306 | Pan      | 74306 ||| INVOKING Cleansing Flame.
 74307 | Pan      | 74307 ||| INVOKING Cleansing Flame.
 74307 | Pan      | Killed Ulloumeg the pandemonium lord
 74323 | Pan      | 74323 ||| INVOKING Summon Divine Warrior.
 74326 | Pan      | 74326 ||| INVOKING Cleansing Flame.
 74327 | Pan      | 74327 ||| INVOKING Cleansing Flame.
 74724 | Pan      | Found an exit through the horrors of the Abyss.
 74745 | Pan      | 74745 ||| INVOKING Cleansing Flame.
 75131 | Pan      | 75131 ||| INVOKING Cleansing Flame.
 75132 | Pan      | 75132 ||| INVOKING Summon Divine Warrior.
 75293 | Pan      | 75293 ||| Stepping ~*~*~tactically~*~*~ (stealth).
 75297 | Pan      | 75297 ||| Stepping ~*~*~tactically~*~*~ (hiding).
 75298 | Pan      | 75298 ||| Stepping ~*~*~tactically~*~*~ (hiding).
 75312 | Pan      | 75312 ||| Stepping ~*~*~tactically~*~*~ (hiding).
 75313 | Pan      | 75313 ||| INVOKING Summon Divine Warrior.
 75318 | Pan      | Lost mutation: You are dopey. (Int -2) [hidden potential]
 75318 | Pan      | Lost mutation: You have hidden genetic potential. [hidden
                  | potential expressed]
 75352 | Pan      | Reached skill level 15 in Dodging
 75449 | Pan      | Gained mutation: You occasionally lose the ability to read
                  | scrolls when taking damage. [a cacodemon]
 75451 | Pan      | 75451 ||| DRINKING 3 potions of mutation.
 75451 | Pan      | Lost mutation: You are clumsy. (Dex -2) [potion of
                  | mutation]
 75451 | Pan      | Lost mutation: You occasionally lose the ability to read
                  | scrolls when taking damage. [potion of mutation]
 75451 | Pan      | Gained mutation: You possess an exceptional clarity of
                  | mind. [potion of mutation]
 75624 | Pan      | Found an exit through the horrors of the Abyss.
 75954 | Pan      | 75954 ||| Stepping ~*~*~tactically~*~*~ (stealth).
 75956 | Pan      | 75956 ||| Stepping ~*~*~tactically~*~*~ (hiding).
 75963 | Pan      | 75963 ||| Stepping ~*~*~tactically~*~*~ (stealth).
 76059 | Pan      | Noticed Tiherph Esou the pandemonium lord
 76060 | Pan      | 76060 ||| Stepping ~*~*~tactically~*~*~ (stealth).
 76062 | Pan      | 76062 ||| Stepping ~*~*~tactically~*~*~ (hiding).
 76064 | Pan      | 76064 ||| INVOKING Summon Divine Warrior.
 76065 | Pan      | 76065 ||| INVOKING Cleansing Flame.
 76066 | Pan      | 76066 ||| INVOKING Cleansing Flame.
 76067 | Pan      | 76067 ||| Stepping ~*~*~tactically~*~*~ (cloud).
 76068 | Pan      | 76068 ||| INVOKING Cleansing Flame.
 76068 | Pan      | Killed Tiherph Esou the pandemonium lord
 76392 | Pan      | Found an exit through the horrors of the Abyss.
 76415 | Pan      | Identified the +1 leather armour "Jiavepridi" {Will+}
 76431 | Pan      | Identified the +1 ring mail of the Heavens {Will- Int+4
                  | Dex+5}
 76510 | Pan      | 76510 ||| Stepping ~*~*~tactically~*~*~ (stealth).
 76511 | Pan      | 76511 ||| Stepping ~*~*~tactically~*~*~ (stealth).
 76543 | Pan      | Found a runed translucent door.
 76553 | Pan      | Found a runed translucent door.
 76564 | Pan      | Noticed Ziod the pandemonium lord
 76566 | Pan      | Found a runed translucent door.
 76577 | Pan      | Found a runed translucent door.
 76584 | Pan      | 76584 ||| Stepping ~*~*~tactically~*~*~ (stealth).
 76587 | Pan      | 76587 ||| Stepping ~*~*~tactically~*~*~ (hiding).
 76588 | Pan      | 76588 ||| Stepping ~*~*~tactically~*~*~ (hiding).
 76669 | Pan      | 76669 ||| INVOKING Summon Divine Warrior.
 76672 | Pan      | 76672 ||| INVOKING Cleansing Flame.
 77138 | Pan      | Killed Ziod the pandemonium lord
 77179 | Depths:2 | Escaped Pandemonium
 77506 | Slime:1  | Entered Level 1 of the Pits of Slime
 77551 | Slime:1  | 77551 ||| INVOKING Summon Divine Warrior.
 77555 | Slime:1  | 77555 ||| READING 4 scrolls of teleportation.
 77556 | Slime:1  | 77556 ||| Stepping randomly (stuck).
 77557 | Slime:1  | 77557 ||| Stepping randomly (stuck).
 77560 | Slime:1  | 77560 ||| READING 3 scrolls of teleportation.
 77561 | Slime:1  | 77561 ||| Stepping randomly (stuck).
 77564 | Slime:1  | 77564 ||| INVOKING Summon Divine Warrior.
 77564 | Slime:1  | Identified the +3 tower shield of Weampuj {Harm Fly Str-4
                  | Dex+7}
 77579 | Slime:1  | HP: 48/199 [acid (2)]
 77580 | Slime:1  | 77580 ||| READING 2 scrolls of teleportation.
 77581 | Slime:1  | 77581 ||| DRINKING 8 potions of heal wounds.
 77585 | Slime:1  | 77585 ||| INVOKING Summon Divine Warrior.
 77593 | Slime:1  | HP: 49/199 [acid (4)]
 77595 | Slime:1  | 77595 ||| READING scroll of teleportation.
 77596 | Slime:1  | 77596 ||| DRINKING 7 potions of heal wounds.
 77598 | Slime:1  | 77598 ||| Stepping randomly (stuck).
 77608 | Slime:1  | 77608 ||| INVOKING Summon Divine Warrior.
 77614 | Slime:1  | 77614 ||| Stepping randomly (stuck).
 77614 | Slime:1  | HP: 45/199 [acid (10)]
 77615 | Slime:1  | 77615 ||| Stepping randomly (stuck).
 77616 | Slime:1  | 77616 ||| Stepping randomly (stuck).
 77752 | Slime:1  | 77752 ||| INVOKING Summon Divine Warrior.
 77755 | Slime:1  | 77755 ||| Stepping randomly (stuck).
 77756 | Slime:1  | 77756 ||| Stepping randomly (stuck).
 77757 | Slime:1  | 77757 ||| Stepping randomly (stuck).
 77757 | Slime:1  | HP: 46/199 [acid (6)]
 77758 | Slime:1  | 77758 ||| Stepping randomly (stuck).
 78648 | Slime:4  | 78648 ||| STAIRDANCE
 78652 | Slime:4  | 78652 ||| STAIRDANCE
 78688 | Slime:5  | Entered Level 5 of the Pits of Slime
 78732 | Slime:5  | Noticed the Royal Jelly
 78736 | Slime:5  | 78736 ||| INVOKING Summon Divine Warrior.
 78752 | Slime:5  | Found a viscous altar of Jiyva.
 78764 | Slime:5  | Killed the Royal Jelly
 78772 | Slime:5  | Gained mutation: You are dopey. (Int -2) [a shining eye]
 78821 | Slime:5  | Gained mutation: You have sharp toenails. [a shining eye]
 78823 | Slime:5  | Lost mutation: You possess an exceptional clarity of mind.
                  | [a shining eye]
 79020 | Slime:5  | Identified the +7 quarterstaff of Kedgho {venom, rCorr}
 79029 | Slime:5  | Identified the +8 short sword "Grim Tooth" {elec, Dex+2}
 79071 | Slime:5  | Got a slimy rune of Zot
 79073 | Slime:5  | Identified the +7 great sword of Upheaval {holy, Drain
                  | rPois Str+3}
 79095 | Slime:5  | Identified the +1 cloak of the Depths {Str+9}
 79694 | Slime:5  | 79694 ||| PLANNING RUNE:TAR RUNE
 79694 | Slime:5  | 79694 ||| DROPPING +8 war axe of Hitis {vorpal, rPois rCorr
                  | Int+4}.
 79695 | Slime:5  | 79695 ||| DROPPING +1 pair of boots.
 79696 | Slime:5  | 79696 ||| UPGRADING to +4 crystal plate armour of Insurance
                  | {Str+7}.
 79706 | Slime:5  | 79706 ||| DROPPING +6 pearl dragon scales of Dishonesty
                  | {rN+ rCorr Str+4}.
 79707 | Slime:5  | 79707 ||| UPGRADING to +1 cloak of the Depths {Str+9}.
 79717 | Slime:5  | 79717 ||| DROPPING +4 dragonskin cloak.
 79718 | Slime:5  | 79718 ||| UPGRADING to amulet of reflection.
 79728 | Slime:5  | 79728 ||| DROPPING ring of Xom's Whimsicality {Contam rPois
                  | rN+++ rCorr Str-4}.
 79729 | Slime:5  | 79729 ||| DROPPING ring of resist corrosion.
 79774 | Slime:3  | Gained mutation: You occasionally lose the ability to read
                  | scrolls when taking damage. [a shining eye]
 79776 | Slime:3  | 79776 ||| DRINKING 3 potions of mutation.
 79776 | Slime:3  | Lost mutation: You occasionally lose the ability to read
                  | scrolls when taking damage. [potion of mutation]
 79776 | Slime:3  | Lost mutation: You have sharp toenails. [potion of
                  | mutation]
 79776 | Slime:3  | Lost mutation: You occasionally shout uncontrollably at
                  | your foes. [potion of mutation]
 79776 | Slime:3  | Gained mutation: You are agile. (Dex +4, Str/Int -1)
                  | [potion of mutation]
 79776 | Slime:3  | Gained mutation: You are partially covered in iridescent
                  | scales. (AC +2) [potion of mutation]
 80117 | Hell     | Entered the Vestibule of Hell
 80120 | Hell     | 80120 ||| Stepping ~*~*~tactically~*~*~ (hiding).
 80138 | Hell     | Found a gateway to the ashen valley of Gehenna.
 80169 | Hell     | Paralysed by a vampire knight for 4 turns
 80184 | Hell     | Noticed Geryon
 80195 | Hell     | 80195 ||| DRINKING 2 potions of resistance.
 80197 | Hell     | 80197 ||| INVOKING Summon Divine Warrior.
 80219 | Hell     | Killed Geryon
 80383 | Hell     | Found a gateway to the decaying netherworld of Tartarus.
 80392 | Tar:1    | Entered Level 1 of Tartarus
 80409 | Tar:1    | 80409 ||| INVOKING Cleansing Flame.
 80419 | Tar:2    | 80419 ||| Stepping ~*~*~tactically~*~*~ (hiding).
 80422 | Tar:2    | 80422 ||| INVOKING Cleansing Flame.
 80425 | Tar:2    | 80425 ||| Stepping ~*~*~tactically~*~*~ (hiding).
 80426 | Tar:2    | 80426 ||| Stepping ~*~*~tactically~*~*~ (hiding).
 80428 | Tar:2    | 80428 ||| INVOKING Cleansing Flame.
 80520 | Tar:2    | 80520 ||| Stepping ~*~*~tactically~*~*~ (stealth).
 80533 | Tar:2    | 80533 ||| INVOKING Summon Divine Warrior.
 80553 | Tar:2    | 80553 ||| INVOKING Cleansing Flame.
 80593 | Tar:2    | 80593 ||| INVOKING Cleansing Flame.
 80594 | Tar:2    | 80594 ||| INVOKING Cleansing Flame.
 80957 | Tar:4    | 80957 ||| Stepping ~*~*~tactically~*~*~ (hiding).
 80999 | Tar:5    | 80999 ||| INVOKING Cleansing Flame.
 81000 | Tar:5    | 81000 ||| INVOKING Cleansing Flame.
 81001 | Tar:5    | 81001 ||| INVOKING Cleansing Flame.
 81144 | Tar:6    | 81144 ||| INVOKING Cleansing Flame.
 81227 | Tar:6    | Noticed an ancient lich
 81233 | Tar:6    | Killed an ancient lich
 81417 | Tar:7    | Entered Level 7 of Tartarus
 81418 | Tar:7    | 81418 ||| INVOKING Summon Divine Warrior.
 81421 | Tar:7    | 81421 ||| INVOKING Cleansing Flame.
 81423 | Tar:7    | Reached skill level 18 in Throwing
 81548 | Tar:7    | Reached skill level 21 in Axes
 81569 | Tar:7    | 81569 ||| INVOKING Cleansing Flame.
 81579 | Tar:7    | 81579 ||| INVOKING Cleansing Flame.
 81580 | Tar:7    | 81580 ||| INVOKING Cleansing Flame.
 81933 | Tar:7    | 81933 ||| INVOKING Cleansing Flame.
 81947 | Tar:7    | 81947 ||| INVOKING Cleansing Flame.
 81952 | Tar:7    | 81952 ||| INVOKING Cleansing Flame.
 81954 | Tar:7    | 81954 ||| INVOKING Cleansing Flame.
 81958 | Tar:7    | Noticed an ancient lich
 81960 | Tar:7    | 81960 ||| INVOKING Cleansing Flame.
 81962 | Tar:7    | 81962 ||| INVOKING Cleansing Flame.
 81963 | Tar:7    | 81963 ||| INVOKING Cleansing Flame.
 81964 | Tar:7    | 81964 ||| INVOKING Cleansing Flame.
 81965 | Tar:7    | Killed an ancient lich
 81965 | Tar:7    | Noticed Ereshkigal
 81972 | Tar:7    | 81972 ||| INVOKING Cleansing Flame.
 81993 | Tar:7    | Killed Ereshkigal
 81994 | Tar:7    | 81994 ||| INVOKING Summon Divine Warrior.
 82009 | Tar:7    | 82009 ||| INVOKING Cleansing Flame.
 82010 | Tar:7    | 82010 ||| INVOKING Cleansing Flame.
 82112 | Tar:7    | 82112 ||| INVOKING Cleansing Flame.
 82120 | Tar:7    | Noticed a dread lich
 82122 | Tar:7    | Noticed an ancient lich
 82124 | Tar:7    | 82124 ||| INVOKING Cleansing Flame.
 82125 | Tar:7    | 82125 ||| INVOKING Cleansing Flame.
 82125 | Tar:7    | Killed a dread lich
 82127 | Tar:7    | 82127 ||| INVOKING Cleansing Flame.
 82128 | Tar:7    | 82128 ||| INVOKING Cleansing Flame.
 82128 | Tar:7    | Killed an ancient lich
 82155 | Tar:7    | Identified the +8 whip of Ravage {flame, +Blink rC+ Stlth+}
 82179 | Tar:7    | Identified the +8 hand axe of Futar {freeze, rCorr}
 82182 | Tar:7    | Identified the +10 shortbow "Soji" {vorpal, Will++}
 82235 | Tar:7    | Noticed an ancient lich
 82236 | Tar:7    | 82236 ||| Stepping ~*~*~tactically~*~*~ (stealth).
 82238 | Tar:7    | 82238 ||| Stepping ~*~*~tactically~*~*~ (hiding).
 82243 | Tar:7    | 82243 ||| INVOKING Summon Divine Warrior.
 82247 | Tar:7    | 82247 ||| INVOKING Cleansing Flame.
 82247 | Tar:7    | Killed an ancient lich
 82316 | Tar:7    | 82316 ||| INVOKING Summon Divine Warrior.
 82319 | Tar:7    | 82319 ||| INVOKING Cleansing Flame.
 82320 | Tar:7    | 82320 ||| INVOKING Cleansing Flame.
 82362 | Tar:7    | 82362 ||| INVOKING Cleansing Flame.
 82482 | Tar:7    | Got a bone rune of Zot
 82527 | Tar:7    | Found the +7 Spriggan's Knife {stab, EV+4 Stlth+}
 82840 | Tar:7    | 82840 ||| PLANNING RUNE:COC RUNE
 82840 | Tar:7    | 82840 ||| UPGRADING to scarf of resistance.
 82946 | Hell     | 82946 ||| INVOKING Summon Divine Warrior.
 83036 | Hell     | Found a gateway to the freezing wastes of Cocytus.
 83053 | Coc:1    | Entered Level 1 of Cocytus
 83056 | Coc:1    | 83056 ||| INVOKING Cleansing Flame.
 83076 | Coc:1    | 83076 ||| Stepping ~*~*~tactically~*~*~ (stealth).
 83160 | Coc:3    | 83160 ||| Stepping ~*~*~tactically~*~*~ (hiding).
 83162 | Coc:3    | 83162 ||| INVOKING Summon Divine Warrior.
 83167 | Coc:3    | 83167 ||| INVOKING Cleansing Flame.
 83168 | Coc:3    | 83168 ||| INVOKING Cleansing Flame.
 83169 | Coc:3    | 83169 ||| INVOKING Summon Divine Warrior.
 83172 | Coc:3    | Paralysed by a wendigo for 1 turns
 83302 | Coc:4    | 83302 ||| INVOKING Cleansing Flame.
 83308 | Coc:4    | 83308 ||| Stepping ~*~*~tactically~*~*~ (stealth).
 83320 | Coc:4    | 83320 ||| Stepping ~*~*~tactically~*~*~ (stealth).
 83323 | Coc:4    | 83323 ||| Stepping ~*~*~tactically~*~*~ (stealth).
 83403 | Coc:4    | 83403 ||| Stepping ~*~*~tactically~*~*~ (stealth).
 83417 | Coc:5    | 83417 ||| INVOKING Summon Divine Warrior.
 83421 | Coc:5    | 83421 ||| INVOKING Summon Divine Warrior.
 83424 | Coc:5    | 83424 ||| INVOKING Summon Divine Warrior.
 83428 | Coc:5    | 83428 ||| INVOKING Summon Divine Warrior.
 83434 | Coc:5    | 83434 ||| INVOKING Cleansing Flame.
 83466 | Coc:6    | 83466 ||| INVOKING Summon Divine Warrior.
 83476 | Coc:6    | Reached skill level 24 in Axes
 83526 | Coc:7    | Entered Level 7 of Cocytus
 83527 | Coc:7    | 83527 ||| INVOKING Summon Divine Warrior.
 83536 | Coc:7    | 83536 ||| INVOKING Cleansing Flame.
 83537 | Coc:7    | 83537 ||| INVOKING Cleansing Flame.
 83541 | Coc:7    | Paralysed by a wendigo for 1 turns
 83552 | Coc:7    | 83552 ||| INVOKING Summon Divine Warrior.
 83558 | Coc:7    | 83558 ||| INVOKING Summon Divine Warrior.
 83588 | Coc:7    | 83588 ||| INVOKING Cleansing Flame.
 83613 | Coc:7    | 83613 ||| Stepping randomly (cloudy).
 83617 | Coc:7    | 83617 ||| Stepping randomly (cloudy).
 83633 | Coc:7    | Paralysed by a wendigo for 1 turns
 83663 | Coc:7    | 83663 ||| Stepping ~*~*~tactically~*~*~ (cloud).
 83725 | Coc:7    | 83725 ||| INVOKING Summon Divine Warrior.
 83736 | Coc:7    | Reached skill level 18 in Dodging
 83747 | Coc:7    | 83747 ||| INVOKING Cleansing Flame.
 83757 | Coc:7    | HP: 45/199 [elemental wellspring/torrent of water (25)]
 83758 | Coc:7    | 83758 ||| READING scroll of teleportation.
 83761 | Coc:7    | 83761 ||| INVOKING Summon Divine Warrior.
 83764 | Coc:7    | 83764 ||| INVOKING Cleansing Flame.
 83766 | Coc:7    | 83766 ||| INVOKING Summon Divine Warrior.
 83771 | Coc:7    | 83771 ||| INVOKING Cleansing Flame.
 83778 | Coc:7    | 83778 ||| INVOKING Summon Divine Warrior.
 83782 | Coc:7    | 83782 ||| INVOKING Cleansing Flame.
 83812 | Coc:7    | 83812 ||| INVOKING Summon Divine Warrior.
 83812 | Coc:7    | Identified the +1 tower shield of Conscience {rF+}
 83825 | Coc:7    | HP: 48/199 [shard shrike/shard of ice (10)]
 84126 | Coc:7    | 84126 ||| INVOKING Summon Divine Warrior.
 84129 | Coc:7    | 84129 ||| INVOKING Cleansing Flame.
 84130 | Coc:7    | 84130 ||| INVOKING Cleansing Flame.
 84131 | Coc:7    | 84131 ||| Stepping ~*~*~tactically~*~*~ (cloud).
 84146 | Coc:7    | 84146 ||| INVOKING Cleansing Flame.
 84274 | Coc:7    | 84274 ||| INVOKING Cleansing Flame.
 84275 | Coc:7    | 84275 ||| INVOKING Cleansing Flame.
 84353 | Coc:7    | 84353 ||| INVOKING Summon Divine Warrior.
 84739 | Coc:7    | 84739 ||| INVOKING Summon Divine Warrior.
 84742 | Coc:7    | 84742 ||| INVOKING Cleansing Flame.
 85192 | Coc:7    | 85192 ||| INVOKING Cleansing Flame.
 85193 | Coc:7    | 85193 ||| INVOKING Cleansing Flame.
 85211 | Coc:7    | Paralysed by a wendigo for 1 turns
 85216 | Coc:7    | Paralysed by a wendigo for 1 turns
 85302 | Coc:7    | 85302 ||| INVOKING Summon Divine Warrior.
 85304 | Coc:7    | 85304 ||| INVOKING Summon Divine Warrior.
 85312 | Coc:7    | 85312 ||| INVOKING Cleansing Flame.
 85316 | Coc:7    | 85316 ||| INVOKING Cleansing Flame.
 85339 | Coc:7    | Noticed Antaeus
 85342 | Coc:7    | 85342 ||| INVOKING Cleansing Flame.
 85343 | Coc:7    | 85343 ||| INVOKING Cleansing Flame.
 85344 | Coc:7    | 85344 ||| INVOKING Cleansing Flame.
 85354 | Coc:7    | Killed Antaeus
 85363 | Coc:7    | 85363 ||| INVOKING Cleansing Flame.
 85364 | Coc:7    | 85364 ||| INVOKING Cleansing Flame.
 85523 | Coc:7    | Found the +2 hood of the Assassin {Detection Stab+ Stlth++}
 85534 | Coc:7    | Got an icy rune of Zot
 85627 | Coc:7    | Identified the +1 pearl dragon scales of Negation {rElec
                  | rPois rN+ Dex+2}
 85940 | Coc:7    | 85940 ||| PLANNING RUNE:DIS RUNE
 85940 | Coc:7    | 85940 ||| UPGRADING to +2 hood of the Assassin {Detection
                  | Stab+ Stlth++}.
 85949 | Coc:7    | 85949 ||| DROPPING +0 gold dragon scales.
 85950 | Coc:7    | 85950 ||| UPGRADING to +1 cloak of the Depths {Str+9}.
 85960 | Coc:7    | 85960 ||| DROPPING ring of ice.
 86132 | Hell     | Found a gateway to the Iron City of Dis.
 86137 | Dis:1    | Entered Level 1 of the Iron City of Dis
 86149 | Dis:1    | 86149 ||| INVOKING Cleansing Flame.
 86150 | Dis:1    | 86150 ||| INVOKING Cleansing Flame.
 86153 | Dis:1    | 86153 ||| INVOKING Cleansing Flame.
 86182 | Dis:2    | Noticed a juggernaut
 86182 | Dis:2    | Noticed a juggernaut
 86183 | Dis:2    | 86183 ||| DRINKING 9 potions of haste.
 86184 | Dis:2    | 86184 ||| DRINKING 6 potions of might.
 86195 | Dis:2    | Killed a juggernaut
 86201 | Dis:2    | Killed a juggernaut
 86223 | Dis:2    | HP: 42/199 [iron golem (8)]
 86224 | Dis:2    | 86224 ||| READING 2 scrolls of teleportation.
 86225 | Dis:2    | 86225 ||| DRINKING 6 potions of heal wounds.
 86231 | Dis:2    | 86231 ||| INVOKING Cleansing Flame.
 86233 | Dis:2    | HP: 27/199 [Hell Sentinel/damnation (29)]
 86234 | Dis:2    | 86234 ||| READING scroll of teleportation.
 86235 | Dis:2    | 86235 ||| DRINKING 5 potions of heal wounds.
 86236 | Dis:2    | 86236 ||| DRINKING 4 potions of heal wounds.
 86407 | Dis:2    | 86407 ||| INVOKING Cleansing Flame.
 86447 | Dis:2    | 86447 ||| Stepping ~*~*~tactically~*~*~ (hiding).
 86456 | Dis:2    | 86456 ||| Stepping ~*~*~tactically~*~*~ (stealth).
 86514 | Dis:2    | 86514 ||| Stepping ~*~*~tactically~*~*~ (stealth).
 86644 | Dis:3    | 86644 ||| INVOKING Cleansing Flame.
 86654 | Dis:3    | 86654 ||| INVOKING Cleansing Flame.
 86668 | Dis:3    | 86668 ||| Stepping ~*~*~tactically~*~*~ (hiding).
 86669 | Dis:3    | 86669 ||| Stepping ~*~*~tactically~*~*~ (hiding).
 86727 | Dis:3    | 86727 ||| INVOKING Cleansing Flame.
 86763 | Dis:3    | 86763 ||| Stepping ~*~*~tactically~*~*~ (stealth).
 86771 | Dis:3    | 86771 ||| Stepping ~*~*~tactically~*~*~ (stealth).
 86932 | Dis:3    | Found a burning altar of Makhleb.
 86934 | Dis:3    | 86934 ||| Stepping ~*~*~tactically~*~*~ (stealth).
 86941 | Dis:3    | 86941 ||| INVOKING Summon Divine Warrior.
 86943 | Dis:3    | 86943 ||| INVOKING Cleansing Flame.
 86959 | Dis:3    | 86959 ||| DRINKING 8 potions of haste.
 86960 | Dis:3    | 86960 ||| DRINKING 5 potions of might.
 86990 | Dis:3    | 86990 ||| INVOKING Summon Divine Warrior.
 86995 | Dis:3    | 86995 ||| INVOKING Cleansing Flame.
 86996 | Dis:3    | 86996 ||| INVOKING Cleansing Flame.
 87003 | Dis:3    | 87003 ||| INVOKING Cleansing Flame.
 87006 | Dis:3    | HP: 33/199 [iron golem (21)]
 87007 | Dis:3    | 87007 ||| DRINKING 3 potions of heal wounds.
 87008 | Dis:3    | 87008 ||| DRINKING 2 potions of heal wounds.
 87380 | Dis:4    | 87380 ||| INVOKING Cleansing Flame.
 87389 | Dis:4    | 87389 ||| INVOKING Cleansing Flame.
 87434 | Dis:4    | 87434 ||| INVOKING Cleansing Flame.
 87496 | Dis:4    | 87496 ||| Stepping ~*~*~tactically~*~*~ (stealth).
 87502 | Dis:4    | 87502 ||| Stepping ~*~*~tactically~*~*~ (hiding).
 87582 | Dis:5    | 87582 ||| Stepping ~*~*~tactically~*~*~ (hiding).
 87775 | Dis:7    | Entered Level 7 of the Iron City of Dis
 87782 | Dis:7    | 87782 ||| Stepping ~*~*~tactically~*~*~ (hiding).
 87878 | Dis:7    | 87878 ||| Stepping ~*~*~tactically~*~*~ (hiding).
 87924 | Dis:7    | 87924 ||| Stepping ~*~*~tactically~*~*~ (hiding).
 88020 | Dis:7    | 88020 ||| Stepping ~*~*~tactically~*~*~ (hiding).
 88047 | Dis:7    | 88047 ||| Stepping ~*~*~tactically~*~*~ (stealth).
 88048 | Dis:7    | 88048 ||| Stepping ~*~*~tactically~*~*~ (stealth).
 88057 | Dis:7    | 88057 ||| INVOKING Summon Divine Warrior.
 88061 | Dis:7    | 88061 ||| INVOKING Cleansing Flame.
 88062 | Dis:7    | 88062 ||| INVOKING Cleansing Flame.
 88127 | Dis:7    | HP: 36/199 [quicksilver elemental/bolt of dispelling energy
                  | (27)]
 88128 | Dis:7    | 88128 ||| DRINKING potion of heal wounds.
 88132 | Dis:7    | HP: 33/199 [iron golem (21)]
 88142 | Dis:7    | HP: 14/199 [iron golem (6)]
 88142 | Dis:7    | HP: 4/199 [iron golem (10)]
 88666 | Dis:7    | 88666 ||| Stepping ~*~*~tactically~*~*~ (stealth).
 88750 | Dis:7    | 88750 ||| Stepping ~*~*~tactically~*~*~ (stealth).
 88778 | Dis:7    | 88778 ||| INVOKING Summon Divine Warrior.
 89155 | Dis:7    | Noticed a juggernaut
 89166 | Dis:7    | Killed a juggernaut
 89330 | Dis:7    | Identified the +9 sling of Past Mistakes {flame, Will-
                  | Str+3 Int+2}
 89331 | Dis:7    | Identified the +1 ring mail "Iruqym" {-Cast Rampage rPois
                  | rF++}
 89567 | Dis:7    | Noticed the Serpent of Hell
 89570 | Dis:7    | 89570 ||| INVOKING Summon Divine Warrior.
 89587 | Dis:7    | Killed the Serpent of Hell
 89595 | Dis:7    | 89595 ||| INVOKING Summon Divine Warrior.
 89599 | Dis:7    | 89599 ||| INVOKING Cleansing Flame.
 89600 | Dis:7    | 89600 ||| INVOKING Cleansing Flame.
 89605 | Dis:7    | 89605 ||| INVOKING Cleansing Flame.
 89660 | Dis:7    | Found the +4 staff of Dispater
 89660 | Dis:7    | Noticed Dispater
 89660 | Dis:7    | Noticed a juggernaut
 89671 | Dis:7    | 89671 ||| INVOKING Cleansing Flame.
 89673 | Dis:7    | Killed a juggernaut
 89682 | Dis:7    | HP: 25/199 [Dispater/damnation (52)]
 89684 | Dis:7    | Killed Dispater
 89685 | Dis:7    | Reached skill level 9 in Short Blades
 89820 | Dis:7    | 89820 ||| Stepping ~*~*~tactically~*~*~ (stealth).
 89877 | Dis:7    | 89877 ||| Stepping ~*~*~tactically~*~*~ (stealth).
 89895 | Dis:7    | 89895 ||| Stepping ~*~*~tactically~*~*~ (stealth).
 89908 | Dis:7    | 89908 ||| INVOKING Cleansing Flame.
 89919 | Dis:7    | 89919 ||| INVOKING Cleansing Flame.
 89985 | Dis:7    | Got an iron rune of Zot
 89996 | Dis:7    | Identified the +9 dagger of the Ghostly God {freeze, Dex+5}
 90059 | Dis:7    | Reached skill level 27 in Axes
 90131 | Dis:7    | 90131 ||| Stepping ~*~*~tactically~*~*~ (hiding).
 90241 | Dis:7    | Noticed a juggernaut
 90251 | Dis:7    | Killed a juggernaut
 90622 | Dis:7    | 90622 ||| Stepping ~*~*~tactically~*~*~ (hiding).
 90625 | Dis:7    | 90625 ||| INVOKING Cleansing Flame.
 90626 | Dis:7    | 90626 ||| INVOKING Cleansing Flame.
 90923 | Dis:7    | 90923 ||| Stepping ~*~*~tactically~*~*~ (stealth).
 91021 | Dis:7    | 91021 ||| PLANNING RUNE:GEH RUNE
 91021 | Dis:7    | 91021 ||| UPGRADING to +0 tower shield of fire resistance.
 91090 | Dis:7    | 91090 ||| Stepping ~*~*~tactically~*~*~ (stealth).
 91151 | Geh:1    | Entered Level 1 of Gehenna
 91186 | Geh:1    | 91186 ||| Stepping ~*~*~tactically~*~*~ (hiding).
 91188 | Geh:1    | 91188 ||| Stepping ~*~*~tactically~*~*~ (hiding).
 91191 | Geh:1    | 91191 ||| INVOKING Cleansing Flame.
 91262 | Geh:1    | 91262 ||| DRINKING potion of resistance.
 91478 | Geh:3    | 91478 ||| Stepping ~*~*~tactically~*~*~ (hiding).
 91487 | Geh:3    | 91487 ||| Stepping ~*~*~tactically~*~*~ (hiding).
 91488 | Geh:3    | 91488 ||| Stepping ~*~*~tactically~*~*~ (stealth).
 91494 | Geh:3    | Reached skill level 21 in Dodging
 91537 | Geh:3    | 91537 ||| INVOKING Summon Divine Warrior.
 91597 | Geh:3    | HP: 46/199 [hellion/damnation (37)]
 91598 | Geh:3    | HP: 21/199 [hellion/damnation (25)]
 91600 | Geh:3    | Killed from afar by a hellion

Levels and vault maps discovered:
D:1:      minmay_arrival_five_plusses, layout_loops_ring, serial_shops, shop
D:2:      minmay_razor_zed, layout_rooms,
          hellmonk_ecumenical_altar_slurped_away, serial_forest,
          infiniplex_forest_join, infiniplex_forest_clump_small,
          infiniplex_forest_straight_5, infiniplex_forest_straight_4
D:3:      layout_basic, demons_altar, lemuel_tele_altar,
          nicolae_figureground_pulse
D:4:      layout_rooms, pdpol_wu_jian_five_deadly_venoms, temple_hall,
          kennysheep_pointless_box
D:5:      layout_gridville, nicolae_ru_path_of_blood, okawaru_ov_weapons_minmay
D:6:      layout_basic, serial_shops, shop, uniq_grinder
D:7:      layout_loops_ring, enter_ossuary_4, serial_aquarium,
          aquarium_bridge_square [aquarium_subvault_balcony,
          aquarium_subvault_bridge, aquarium_subvault_wall,
          aquarium_subvault_bridge], aquarium_window_corridor_2,
          aquarium_window_1, aquarium_view_2c
D:8:      layout_cave_pods
D:9:      statuecave_lemuel, layout_basic
D:10:     layout_stronghold, evilmike_ruin_ashenzari, erik_orc_1,
          nicolae_trove_entry_columns
D:11:     layout_cave_pools, slow_altar_1
D:12:     layout_irregular_city, minmay_misc_feat_rows, uniq_urug
D:13:     layout_irregular_city, grunt_vaults_entry_fortified,
          minmay_misc_feat_cross, uniq_josephine, uniq_sonja
D:14:     layout_small_grid, minmay_strange_pillars
D:15:     grunt_enter_depths_giant_problem, layout_long_grid,
          nicolae_hepliaklqana_ecumenical_no_more, minmay_misc_feat_tower,
          unseen_surprise_small
Temple:   eino_temple_rhombus
Lair:1:   layout_regular_city, basic_altar, uniq_gastronok
Lair:2:   wad_woods_structure_01, layout_loops_ring, lemuel_fruit_tree
Lair:3:   layout_regular_city, minmay_swamp_entry_worms, grunt_megastairs_2
Lair:4:   beast_lair_carwin_large_3, layout_big_grid,
          nicolae_slime_entry_slimehenge, gauntlet_entry_generic
Lair:5:   minmay_lair_end_frog_pond, layout_gridlike, enter_volcano_3,
          serial_bayou_shore_a
Swamp:1:  layout_basic_swamp, nicolae_swamp_tree_designs, uniq_frances
Swamp:2:  layout_basic_swamp, evilmike_swamp_ruin_rubble_2, swamp_pool1,
          infiniplex_staircase_pool
Swamp:3:  layout_basic_swamp, nicolae_swamp_well_well_well, swamp_pool1
Swamp:4:  swamp, layout_basic_swamp, swamp_pool5, uniq_louise
Snake:1:  layout_cave_shapes, special_room
Snake:2:  layout_misc_corridors, serial_shops, bzr_firewalk, grunt_megastairs_1
Snake:3:  layout_gridlike, basic_altar, serial_bayou_pond_d,
          nicolae_coiled_stairwell_up
Snake:4:  grunt_snake_rune_pools, layout_chambers,
          nicolae_snake_slithery_corners
Slime:1:  layout_caves, nicolae_slime_phagocytosis
Slime:2:  layout_caves
Slime:3:  layout_caves
Slime:4:  layout_caves
Slime:5
Orc:1:    layout_caves, serial_shops, shop, hellmonk_jugg_or_not
Orc:2:    grunt_orc_cross, layout_diamond_mine, serial_shops, shop,
          nicolae_shop_firing_range, uniq_saint_roka
Vaults:1: vaults_dpeg_emergency_exit, nicolae_vaults_yaktaur_gun_rack,
          v_alt_pattern_5, nicolae_vaults_circle_grid_b, v_alt_pattern_2,
          nicolae_vaults_c_with_doors, v_misc_16, dpeg_vaults_monster_box,
          ontoclasm_vaults_chip, ontoclasm_vaults_eye,
          vaults_room_mumra_shop_pool, layout_vaults_chaotic_city, serial_shops,
          shop_coins
Vaults:2: dpeg_vaults_monster_row, ontoclasm_vaults_bender,
          ontoclasm_vaults_decontamination, hangedman_vaults_trim, st_lattice,
          nicolae_vaults_network_barrier, vaults_dpeg_doors,
          vaults_standard_mumra_enter_the_diamond, ontoclasm_vaults_chip,
          nicolae_vaults_little_squares_3, hangedman_vaults_corner_blocks,
          layout_vaults_omnicross, uniq_xtahua
Vaults:3: nicolae_vaults_what_the_h, nicolae_vaults_circle_grid_b, v_misc_1,
          nicolae_vaults_hallways_thing, nicolae_vaults_asterisk,
          nicolae_vaults_sealed_display, vaults_room_door_hall, v_misc_25,
          vaults_dpeg_encased_lava, layout_vaults_omnigrid,
          blue_anna_dwarven_crypt
Vaults:4: hangedman_vaults_restitches, emtedronai_trogs_sanctum, v_misc_12,
          hangedman_vaults_hat, vaults_room_grid, grunt_vaults_hallway_long,
          vaults_room_corners, v_misc_1, nicolae_vaults_three_branches,
          hangedman_vaults_stretched_pinwheel, layout_vaults_omnibox,
          serial_shops, nicolae_lakefront_shop, uniq_donald, uniq_zenata
Vaults:5: uniq_bai_suzhen
Crypt:1:  layout_gridlike, grunt_crypt_arrival_split
Crypt:2:  layout_regular_city, lemuel_upstairs_altar, grunt_megastairs_3
Crypt:3:  david_glass_crypt, layout_chaotic_city, tomb_entry_sphere_bobbens,
          lemuel_dead_fish_pool, st_stairs_13, small_statue_intersection
Tomb:1
Tomb:2:   uniq_khufu
Tomb:3
Depths:1: layout_gridlike, enter_ziggurat_f, serial_shops,
          nicolae_shop_bloodbath_and_beyond, hangedman_coc_ice_floe,
          hangedman_abyss_or_decor_lesser_grid, nicolae_shop_i_like_big_books,
          nzn_life_drinkers, nicolae_triple_integral
Depths:2: kennysheep_oblong_rooms, layout_basic, nemelex_lonely_heart_becter,
          pan_entry, pf_hell_entry_tar_spiral, abyss_entry,
          minmay_staircase_windowed_large, uniq_grunn
Depths:3: grunt_runaround [grunt_runaround_doors_1, grunt_runaround_doors_2,
          grunt_runaround_doors_3, grunt_runaround_doors_4,
          grunt_runaround_loot], abyss_entry, hell_entry
Depths:4: evilmike_zot_entry_basic, layout_gridlike, bh_walls_and_bars,
          infiniplex_enter_wizlab_spiral, abyss_entry,
          nicolae_hell_entry_hellmouth_sunbeams, nicolae_alphabet_shops
Hell
Dis:1:    layout_gridville
Dis:2:    layout_subdivisions, nicolae_dis_step_into_the_octagon
Dis:3:    kennysheep_iron_temple, layout_gridville
Dis:4:    layout_overlapping_boxes
Dis:5:    layout_subdivisions
Dis:6:    hangedman_dis_decor_blocks_crown, layout_regular_city
Dis:7:    dis_hangedman
Geh:1:    layout_gehenna_pools_basic
Geh:2:    layout_gehenna_lava_caves
Geh:3:    layout_gehenna_pools_box, nicolae_hells_seeping_fissure
Coc:1:    layout_ice_bergs
Coc:2:    layout_cocytus_water_paths
Coc:3:    layout_ice_bergs
Coc:4:    layout_ice_bergs
Coc:5:    layout_cocytus_water_paths
Coc:6:    layout_cocytus_delve
Coc:7:    coc_grunt_cove [coc_grunt_cove_antaeus, coc_grunt_cove_fiend,
          coc_grunt_cove_fiend, coc_grunt_cove_fiend, coc_grunt_cove_fiend]
Tar:1:    layout_grid_maze
Tar:2:    layout_grid_maze
Tar:3:    layout_honeycomb
Tar:4:    layout_grid_maze
Tar:5:    layout_grid_maze, nicolae_tar_cuneiform_two
Tar:6:    layout_grid_maze
Tar:7:    tar_grunt_cathedral
Zot:1:    layout_gridville, uniq_tiamat
Zot:2:    layout_cathedral_of_symmetry
Zot:3:    layout_gridlike, hangedman_zot_decor_checkerboard,
          grunt_ministairs_10, grunt_megastairs_5
Zot:4:    layout_misc_corridors, uniq_vv

Skill      XL: |  1  2  3  4  5  6  7  8  9 10 11 12 13 14 15 16 17 18 19 20 21 22 23 24 25 26 27 |
---------------+----------------------------------------------------------------------------------+-----
Axes           | 2 3 4 5 6 7 8 9 10 11 13 15 17 18 27 | 27.0
Shields        | 4 5 6 7 9 11 12 13 15 16 17 18 19 20 21 22 26 | 26.0
Fighting       | 4 5 6 7 8 9 10 11 12 13 14 15 17 18 19 22 23 25 26 27 | 27.0
Dodging        | 1 2 3 4 5 6 9 10 11 21 | 21.0
Invocations    | 3 4 9 10 12 27 | 27.0
Armour         | 4 5 6 8 9 10 11 15 17 19 20 22 27 | 27.0
Throwing       | 1 3 4 5 6 8 9 10 11 12 13 14 15 19 | 19.5
Short Blades   | 9 |  9.4

Action                   |  1- 3 |  4- 6 |  7- 9 | 10-12 | 13-15 | 16-18 | 19-21 | 22-24 | 25-27 || total
-------------------------+-------+-------+-------+-------+-------+-------+-------+-------+-------++-------
Melee: War axe           |   130 |   116 |       |       |       |       |       |       |       ||   246
       Kick              |     2 |     7 |       |       |       |       |       |       |       ||     9
       Broad axe         |       |     7 |   224 |   426 |   736 |  1349 |  1552 |  1583 |  5306 || 11183
       Morningstar       |       |       |       |       |    39 |    13 |       |       |       ||    52
Throw: Boomerang         |       |     1 |    59 |    17 |     2 |    16 |       |       |     3 ||    98
       Javelin           |       |       |       |    54 |   129 |    71 |   109 |    71 |   498 ||   932
Invok: Heroism           |       |       |     6 |    29 |    34 |    47 |    41 |    57 |    23 ||   237
       Finesse           |       |       |       |     3 |    11 |     5 |    16 |    14 |     6 ||    55
       Cleansing Flame   |       |       |       |       |       |       |       |       |   239 ||   239
       Summon Divine War |       |       |       |       |       |       |       |       |    97 ||    97
       Brand Weapon With |       |       |       |       |       |       |       |       |     1 ||     1
  Use: Scroll            |     3 |    11 |    15 |     4 |     9 |     1 |     3 |     7 |    30 ||    83
       Potion            |     1 |       |     2 |       |     1 |       |     2 |     4 |    72 ||    82
 Stab: Confused          |       |       |       |     1 |       |       |     3 |     1 |       ||     5
       Distracted        |       |       |       |       |     1 |       |       |     1 |     1 ||     3
       Paralysed         |       |       |       |       |       |       |     1 |       |       ||     1
       Held in net/web   |       |       |       |       |       |       |       |       |     1 ||     1
Armor: Scale mail        |    48 |       |       |       |       |       |       |       |       ||    48
       Chain mail        |     7 |    76 |   147 |   127 |   220 |   384 |       |       |       ||   961
       Crystal plate arm |       |       |       |       |       |   106 |   554 |   768 |  2488 ||  3916
       Pearl dragon scal |       |       |       |       |       |       |       |       |   173 ||   173
Dodge: Dodged            |    45 |    33 |    47 |    67 |    97 |   270 |   196 |   309 |  1382 ||  2446
Block: Buckler           |    24 |     4 |       |       |       |       |       |       |       ||    28
       Kite shield       |       |    38 |    76 |       |       |       |       |       |       ||   114
       Tower shield      |       |       |    16 |   474 |   755 |  1623 |  1241 |  1629 |  5409 || 11147
       Reflection        |       |       |       |    12 |    38 |   155 |    49 |    38 |   130 ||   422

Table legend:
 A = Non-vault XP
 B = Vault XP
 C = Vault XP percentage of total XP
 D = Non-vault monster count
 E = Vault monster count
 F = Vault count percentage of total count
                 A         B        C        D         E       F
            +---------+---------+-------+---------+---------+-------
      Total | 1603498 | 1531661 |  48.9 |    2511 |    1506 |  37.5
            +---------+---------+-------+---------+---------+-------
        D:1 |      52 |       0 |   0.0 |      29 |       0 |   0.0
        D:2 |      31 |      26 |  45.6 |      11 |      10 |  47.6
        D:3 |     149 |     117 |  44.0 |       9 |       3 |  25.0
        D:4 |     176 |       0 |   0.0 |      16 |       0 |   0.0
        D:5 |     799 |       0 |   0.0 |      24 |       0 |   0.0
        D:6 |     696 |     295 |  29.8 |      12 |       1 |   7.7
        D:7 |    1537 |       2 |   0.1 |      27 |       2 |   6.9
        D:8 |    2345 |       0 |   0.0 |       9 |       0 |   0.0
        D:9 |    2650 |       0 |   0.0 |      36 |       0 |   0.0
       D:10 |    2959 |     580 |  16.4 |      24 |      17 |  41.5
       D:11 |    3812 |      18 |   0.5 |      29 |       1 |   3.3
       D:12 |    8098 |     792 |   8.9 |      25 |       1 |   3.8
       D:13 |    7191 |    8001 |  52.7 |      13 |      14 |  51.9
       D:14 |    8707 |       0 |   0.0 |      17 |       0 |   0.0
       D:15 |   11022 |    1298 |  10.5 |      23 |       1 |   4.2
     Lair:1 |    2292 |    1481 |  39.3 |       6 |       1 |  14.3
     Lair:2 |    5158 |     747 |  12.7 |      12 |       5 |  29.4
     Lair:3 |    6527 |    1147 |  14.9 |      25 |       6 |  19.4
     Lair:4 |    5497 |    4789 |  46.6 |      18 |      18 |  50.0
     Lair:5 |   12921 |   10869 |  45.7 |      42 |      39 |  48.1
    Swamp:1 |   12030 |    1616 |  11.8 |      20 |       1 |   4.8
    Swamp:2 |   11266 |       0 |   0.0 |      22 |       0 |   0.0
    Swamp:3 |   12392 |       0 |   0.0 |      20 |       0 |   0.0
    Swamp:4 |   15556 |   18779 |  54.7 |      32 |      31 |  49.2
    Snake:1 |   11924 |       0 |   0.0 |      24 |       0 |   0.0
    Snake:2 |   18405 |    4488 |  19.6 |      36 |       7 |  16.3
    Snake:3 |   30097 |     803 |   2.6 |      61 |       1 |   1.6
    Snake:4 |   17763 |   29920 |  62.7 |      36 |      40 |  52.6
    Slime:1 |   11968 |    1042 |   8.0 |      25 |       4 |  13.8
    Slime:2 |    7203 |       0 |   0.0 |      16 |       0 |   0.0
    Slime:3 |    6297 |       0 |   0.0 |      13 |       0 |   0.0
    Slime:4 |    2704 |       0 |   0.0 |       5 |       0 |   0.0
    Slime:5 |   10392 |   25979 |  71.4 |      23 |      18 |  43.9
      Orc:1 |    2235 |       0 |   0.0 |      33 |       0 |   0.0
      Orc:2 |    4868 |   10942 |  69.2 |      29 |      48 |  62.3
   Vaults:1 |   24815 |   36423 |  59.5 |      37 |      46 |  55.4
   Vaults:2 |   33690 |   30893 |  47.8 |      49 |      34 |  41.0
   Vaults:3 |   26119 |   15618 |  37.4 |      33 |      21 |  38.9
   Vaults:4 |   48109 |   68326 |  58.7 |      65 |      70 |  51.9
   Vaults:5 |   16083 |   80032 |  83.3 |      23 |      68 |  74.7
    Crypt:1 |   17365 |       0 |   0.0 |      32 |       0 |   0.0
    Crypt:2 |   19129 |    9152 |  32.4 |      33 |      11 |  25.0
    Crypt:3 |   27193 |   37409 |  57.9 |      36 |      36 |  50.0
     Tomb:1 |    5364 |  139716 |  96.3 |      30 |      94 |  75.8
     Tomb:2 |   16277 |   40683 |  71.4 |      39 |      56 |  58.9
     Tomb:3 |   11486 |   59250 |  83.8 |      27 |      59 |  68.6
   Depths:1 |   51386 |    8302 |  13.9 |      57 |       5 |   8.1
   Depths:2 |   34058 |    9496 |  21.8 |      42 |       8 |  16.0
   Depths:3 |       0 |   96285 | 100.0 |       0 |      94 | 100.0
   Depths:4 |   22862 |   17349 |  43.1 |      28 |      19 |  40.4
       Hell |   24194 |   31121 |  56.3 |      40 |      39 |  49.4
      Dis:1 |    8599 |       0 |   0.0 |       9 |       0 |   0.0
      Dis:2 |   15638 |   13389 |  46.1 |      14 |       7 |  33.3
      Dis:3 |    9594 |   47566 |  83.2 |       7 |      39 |  84.8
      Dis:4 |   10778 |       0 |   0.0 |      11 |       0 |   0.0
      Dis:5 |    1477 |       0 |   0.0 |       1 |       0 |   0.0
      Dis:6 |    3560 |       0 |   0.0 |       3 |       0 |   0.0
      Dis:7 |       0 |  151928 | 100.0 |       0 |      99 | 100.0
      Geh:1 |   14951 |       0 |   0.0 |      16 |       0 |   0.0
      Geh:3 |   14543 |       0 |   0.0 |      13 |       0 |   0.0
      Coc:1 |    4274 |       0 |   0.0 |      11 |       0 |   0.0
      Coc:2 |   13313 |       0 |   0.0 |      24 |       0 |   0.0
      Coc:3 |   13886 |       0 |   0.0 |      18 |       0 |   0.0
      Coc:4 |   13409 |       0 |   0.0 |      18 |       0 |   0.0
      Coc:5 |   22595 |       0 |   0.0 |      17 |       0 |   0.0
      Coc:6 |   18673 |       0 |   0.0 |      13 |       0 |   0.0
      Coc:7 |   33657 |  107304 |  76.1 |      37 |      66 |  64.1
      Tar:1 |     715 |       0 |   0.0 |       2 |       0 |   0.0
      Tar:2 |   28069 |       0 |   0.0 |      21 |       0 |   0.0
      Tar:4 |    9532 |       0 |   0.0 |       9 |       0 |   0.0
      Tar:5 |    9352 |       0 |   0.0 |       6 |       0 |   0.0
      Tar:6 |   26666 |       0 |   0.0 |      17 |       0 |   0.0
      Tar:7 |   51200 |  121406 |  70.3 |      29 |      69 |  70.4
      Zot:1 |   44083 |   15085 |  25.5 |      41 |      10 |  19.6
      Zot:2 |   67877 |       0 |   0.0 |      59 |       0 |   0.0
      Zot:3 |   12929 |   12146 |  48.4 |      10 |       9 |  47.4
      Zot:4 |   49230 |    2941 |   5.6 |      42 |       1 |   2.3
    Abyss:2 |   36267 |       0 |   0.0 |      66 |       0 |   0.0
    Abyss:3 |   16567 |       0 |   0.0 |      22 |       0 |   0.0
        Pan |  416215 |  224105 |  35.0 |     602 |     208 |  25.7
    Ossuary |       0 |     152 | 100.0 |       0 |      16 | 100.0
     WizLab |       0 |   27915 | 100.0 |       0 |      36 | 100.0
   Gauntlet |       0 |    3938 | 100.0 |       0 |      17 | 100.0
            +---------+---------+-------+---------+---------+-------
